Workbook
Name NDATA: #REF!
Name SDATA: #REF!

Sheet Instructions
A1: Step one: Create Master SKU
A2: a) Add SKUS from inventory sheet of the appropriate supplier prefix under INPUT on MASTER SKU sheet
A3: b) Copy out put and Paste Special Value under number
A4: c) Convert to numbers
A5: d) Verify Inventory Check sheet populates SKUs under Master SKY
A7: Step two: Supplier Data
A8: 1) Paste SKU and inventory data into respective columns
A9: 2) Verify Inventory Check sheet popullates data
A10: Step Three: Verify inventory status
A11: a) Filter by Check Inventory

Sheet MR Intentory Check
A1: MASTER SKU | B1: PLATFORM ID | C1: INVENTORY | D1: ROW | E1: Quantity | F1: STATUS | M1: Updated Inventory
A2: 45274 | B2: ='MR DATA'!B2 -> 13066 | C2: ='MR DATA'!D2 -> 61 | D2: =MATCH(Table15[[#This Row],[MASTER SKU]],B:B,0) -> #N/A | E2: {=INDEX(C:C,D2)} -> #N/A | F2: =IF(E2>50,"Good","Check Inventory") -> #N/A | M2: =IF('MR Intentory Check'!E2>=50,30,IF('MR Intentory Check'!E2<50,'MR Intentory Check'!E2,"Check Value")) -> #N/A
A3: 49117 | B3: ='MR DATA'!B3 -> 28024 | C3: ='MR DATA'!D3 -> 0 | D3: =MATCH(A3,B:B,0) -> #N/A | E3: {=INDEX(C:C,D3)} -> #N/A | F3: =IF(E3>50,"Good","Check Inventory") -> #N/A | M3: =IF('MR Intentory Check'!E3>=50,30,IF('MR Intentory Check'!E3<50,'MR Intentory Check'!E3,"Check Value")) -> #N/A
A4: 54174 | B4: ='MR DATA'!B4 -> 28025 | C4: ='MR DATA'!D4 -> 0 | D4: =MATCH(A4,B:B,0) -> #N/A | E4: {=INDEX(C:C,D4)} -> #N/A | F4: =IF(E4>50,"Good","Check Inventory") -> #N/A | M4: =IF('MR Intentory Check'!E4>=50,30,IF('MR Intentory Check'!E4<50,'MR Intentory Check'!E4,"Check Value")) -> #N/A
A5: 56803 | B5: ='MR DATA'!B5 -> 28076 | C5: ='MR DATA'!D5 -> 686 | D5: =MATCH(A5,B:B,0) -> #N/A | E5: {=INDEX(C:C,D5)} -> #N/A | F5: =IF(E5>50,"Good","Check Inventory") -> #N/A | M5: =IF('MR Intentory Check'!E5>=50,30,IF('MR Intentory Check'!E5<50,'MR Intentory Check'!E5,"Check Value")) -> #N/A
A6: 57507 | B6: ='MR DATA'!B6 -> 28081 | C6: ='MR DATA'!D6 -> 641 | D6: =MATCH(A6,B:B,0) -> #N/A | E6: {=INDEX(C:C,D6)} -> #N/A | F6: =IF(E6>50,"Good","Check Inventory") -> #N/A | M6: =IF('MR Intentory Check'!E6>=50,30,IF('MR Intentory Check'!E6<50,'MR Intentory Check'!E6,"Check Value")) -> #N/A
A7: 57349 | B7: ='MR DATA'!B7 -> 32506 | C7: ='MR DATA'!D7 -> 0 | D7: =MATCH(A7,B:B,0) -> #N/A | E7: {=INDEX(C:C,D7)} -> #N/A | F7: =IF(E7>50,"Good","Check Inventory") -> #N/A | M7: =IF('MR Intentory Check'!E7>=50,30,IF('MR Intentory Check'!E7<50,'MR Intentory Check'!E7,"Check Value")) -> #N/A
A8: 65232 | B8: ='MR DATA'!B8 -> 32514 | C8: ='MR DATA'!D8 -> 0 | D8: =MATCH(A8,B:B,0) -> #N/A | E8: {=INDEX(C:C,D8)} -> #N/A | F8: =IF(E8>50,"Good","Check Inventory") -> #N/A | M8: =IF('MR Intentory Check'!E8>=50,30,IF('MR Intentory Check'!E8<50,'MR Intentory Check'!E8,"Check Value")) -> #N/A
A9: 66427 | B9: ='MR DATA'!B9 -> 34596 | C9: ='MR DATA'!D9 -> 0 | D9: =MATCH(A9,B:B,0) -> #N/A | E9: {=INDEX(C:C,D9)} -> #N/A | F9: =IF(E9>50,"Good","Check Inventory") -> #N/A | M9: =IF('MR Intentory Check'!E9>=50,30,IF('MR Intentory Check'!E9<50,'MR Intentory Check'!E9,"Check Value")) -> #N/A
A10: 66425 | B10: ='MR DATA'!B10 -> 37200 | C10: ='MR DATA'!D10 -> 0 | D10: =MATCH(A10,B:B,0) -> #N/A | E10: {=INDEX(C:C,D10)} -> #N/A | F10: =IF(E10>50,"Good","Check Inventory") -> #N/A | M10: =IF('MR Intentory Check'!E10>=50,30,IF('MR Intentory Check'!E10<50,'MR Intentory Check'!E10,"Check Value")) -> #N/A
A11: 66454 | B11: ='MR DATA'!B11 -> 37202 | C11: ='MR DATA'!D11 -> 11 | D11: =MATCH(A11,B:B,0) -> #N/A | E11: {=INDEX(C:C,D11)} -> #N/A | F11: =IF(E11>50,"Good","Check Inventory") -> #N/A | M11: =IF('MR Intentory Check'!E11>=50,30,IF('MR Intentory Check'!E11<50,'MR Intentory Check'!E11,"Check Value")) -> #N/A
A12: 66718 | B12: ='MR DATA'!B12 -> 37203 | C12: ='MR DATA'!D12 -> 0 | D12: =MATCH(A12,B:B,0) -> #N/A | E12: {=INDEX(C:C,D12)} -> #N/A | F12: =IF(E12>50,"Good","Check Inventory") -> #N/A | M12: =IF('MR Intentory Check'!E12>=50,30,IF('MR Intentory Check'!E12<50,'MR Intentory Check'!E12,"Check Value")) -> #N/A
A13: 66815 | B13: ='MR DATA'!B13 -> 38158 | C13: ='MR DATA'!D13 -> 0 | D13: =MATCH(A13,B:B,0) -> #N/A | E13: {=INDEX(C:C,D13)} -> #N/A | F13: =IF(E13>50,"Good","Check Inventory") -> #N/A | M13: =IF('MR Intentory Check'!E13>=50,30,IF('MR Intentory Check'!E13<50,'MR Intentory Check'!E13,"Check Value")) -> #N/A
A14: 68863 | B14: ='MR DATA'!B14 -> 38400 | C14: ='MR DATA'!D14 -> 102 | D14: =MATCH(A14,B:B,0) -> #N/A | E14: {=INDEX(C:C,D14)} -> #N/A | F14: =IF(E14>50,"Good","Check Inventory") -> #N/A | M14: =IF('MR Intentory Check'!E14>=50,30,IF('MR Intentory Check'!E14<50,'MR Intentory Check'!E14,"Check Value")) -> #N/A
... A95: 50220 | B95: ='MR DATA'!B95 -> 50924 | C95: ='MR DATA'!D95 -> 0 | D95: =MATCH(A95,B:B,0) -> #N/A | E95: {=INDEX(C:C,D95)} -> #N/A | F95: =IF(E95>50,"Good","Check Inventory") -> #N/A | M95: =IF('MR Intentory Check'!E95>=50,30,IF('MR Intentory Check'!E95<50,'MR Intentory Check'!E95,"Check Value")) -> #N/A
B96: ='MR DATA'!B96 -> 50937 | C96: ='MR DATA'!D96 -> 0 | D96: =MATCH(A96,B:B,0) -> #N/A | E96: {=INDEX(C:C,D96)} -> #N/A | F96: =IF(E96>50,"Good","Check Inventory") -> #N/A | M96: =IF('MR Intentory Check'!E96>=50,30,IF('MR Intentory Check'!E96<50,'MR Intentory Check'!E96,"Check Value")) -> #N/A
B97: ='MR DATA'!B97 -> 50941 | C97: ='MR DATA'!D97 -> 0 | D97: =MATCH(A97,B:B,0) -> #N/A | E97: {=INDEX(C:C,D97)} -> #N/A | F97: =IF(E97>50,"Good","Check Inventory") -> #N/A | M97: =IF('MR Intentory Check'!E97>=50,30,IF('MR Intentory Check'!E97<50,'MR Intentory Check'!E97,"Check Value")) -> #N/A
B98: ='MR DATA'!B98 -> 50942 | C98: ='MR DATA'!D98 -> 0 | D98: =MATCH(A98,B:B,0) -> #N/A | E98: {=INDEX(C:C,D98)} -> #N/A | F98: =IF(E98>50,"Good","Check Inventory") -> #N/A | M98: =IF('MR Intentory Check'!E98>=50,30,IF('MR Intentory Check'!E98<50,'MR Intentory Check'!E98,"Check Value")) -> #N/A
B99: ='MR DATA'!B99 -> 50943 | C99: ='MR DATA'!D99 -> 0 | D99: =MATCH(A99,B:B,0) -> #N/A | E99: {=INDEX(C:C,D99)} -> #N/A | F99: =IF(E99>50,"Good","Check Inventory") -> #N/A | M99: =IF('MR Intentory Check'!E99>=50,30,IF('MR Intentory Check'!E99<50,'MR Intentory Check'!E99,"Check Value")) -> #N/A
B100: ='MR DATA'!B100 -> 52161 | C100: ='MR DATA'!D100 -> 0 | D100: =MATCH(A100,B:B,0) -> #N/A | E100: {=INDEX(C:C,D100)} -> #N/A | F100: =IF(E100>50,"Good","Check Inventory") -> #N/A | M100: =IF('MR Intentory Check'!E100>=50,30,IF('MR Intentory Check'!E100<50,'MR Intentory Check'!E100,"Check Value")) -> #N/A
B101: ='MR DATA'!B101 -> 52171 | C101: ='MR DATA'!D101 -> 0 | D101: =MATCH(A101,B:B,0) -> #N/A | E101: {=INDEX(C:C,D101)} -> #N/A | F101: =IF(E101>50,"Good","Check Inventory") -> #N/A | M101: =IF('MR Intentory Check'!E101>=50,30,IF('MR Intentory Check'!E101<50,'MR Intentory Check'!E101,"Check Value")) -> #N/A
B102: ='MR DATA'!B102 -> 52195 | C102: ='MR DATA'!D102 -> 0 | D102: =MATCH(A102,B:B,0) -> #N/A | E102: {=INDEX(C:C,D102)} -> #N/A | F102: =IF(E102>50,"Good","Check Inventory") -> #N/A | M102: =IF('MR Intentory Check'!E102>=50,30,IF('MR Intentory Check'!E102<50,'MR Intentory Check'!E102,"Check Value")) -> #N/A
B103: ='MR DATA'!B103 -> 52213 | C103: ='MR DATA'!D103 -> 0 | D103: =MATCH(A103,B:B,0) -> #N/A | E103: {=INDEX(C:C,D103)} -> #N/A | F103: =IF(E103>50,"Good","Check Inventory") -> #N/A | M103: =IF('MR Intentory Check'!E103>=50,30,IF('MR Intentory Check'!E103<50,'MR Intentory Check'!E103,"Check Value")) -> #N/A
B104: ='MR DATA'!B104 -> 52314 | C104: ='MR DATA'!D104 -> 0 | D104: =MATCH(A104,B:B,0) -> #N/A | E104: {=INDEX(C:C,D104)} -> #N/A | F104: =IF(E104>50,"Good","Check Inventory") -> #N/A | M104: =IF('MR Intentory Check'!E104>=50,30,IF('MR Intentory Check'!E104<50,'MR Intentory Check'!E104,"Check Value")) -> #N/A
B105: ='MR DATA'!B105 -> 52407 | C105: ='MR DATA'!D105 -> 0 | D105: =MATCH(A105,B:B,0) -> #N/A | E105: {=INDEX(C:C,D105)} -> #N/A | F105: =IF(E105>50,"Good","Check Inventory") -> #N/A | M105: =IF('MR Intentory Check'!E105>=50,30,IF('MR Intentory Check'!E105<50,'MR Intentory Check'!E105,"Check Value")) -> #N/A
B106: ='MR DATA'!B106 -> 52588 | C106: ='MR DATA'!D106 -> 0 | D106: =MATCH(A106,B:B,0) -> #N/A | E106: {=INDEX(C:C,D106)} -> #N/A | F106: =IF(E106>50,"Good","Check Inventory") -> #N/A | M106: =IF('MR Intentory Check'!E106>=50,30,IF('MR Intentory Check'!E106<50,'MR Intentory Check'!E106,"Check Value")) -> #N/A
B107: ='MR DATA'!B107 -> 52589 | C107: ='MR DATA'!D107 -> 0 | D107: =MATCH(A107,B:B,0) -> #N/A | E107: {=INDEX(C:C,D107)} -> #N/A | F107: =IF(E107>50,"Good","Check Inventory") -> #N/A | M107: =IF('MR Intentory Check'!E107>=50,30,IF('MR Intentory Check'!E107<50,'MR Intentory Check'!E107,"Check Value")) -> #N/A
... B796: ='MR DATA'!B796 -> 72960 | C796: ='MR DATA'!D796 -> 0 | D796: =MATCH(A796,B:B,0) -> #N/A | E796: {=INDEX(C:C,D796)} -> #N/A | F796: =IF(E796>50,"Good","Check Inventory") -> #N/A | M796: =IF('MR Intentory Check'!E796>=50,30,IF('MR Intentory Check'!E796<50,'MR Intentory Check'!E796,"Check Value")) -> #N/A
B797: ='MR DATA'!B797 -> 72962 | C797: ='MR DATA'!D797 -> 0
B798: ='MR DATA'!B798 -> 72966 | C798: ='MR DATA'!D798 -> 0
B799: ='MR DATA'!B799 -> 72982 | C799: ='MR DATA'!D799 -> 0
B800: ='MR DATA'!B800 -> 72989 | C800: ='MR DATA'!D800 -> 150
B801: ='MR DATA'!B801 -> 72994 | C801: ='MR DATA'!D801 -> 0
B802: ='MR DATA'!B802 -> 73014 | C802: ='MR DATA'!D802 -> 0
B803: ='MR DATA'!B803 -> 73017 | C803: ='MR DATA'!D803 -> 0
B804: ='MR DATA'!B804 -> 73031 | C804: ='MR DATA'!D804 -> 0
B805: ='MR DATA'!B805 -> 73036 | C805: ='MR DATA'!D805 -> 0
B806: ='MR DATA'!B806 -> 73044 | C806: ='MR DATA'!D806 -> 26
B807: ='MR DATA'!B807 -> 73049 | C807: ='MR DATA'!D807 -> 0
B808: ='MR DATA'!B808 -> 73055 | C808: ='MR DATA'!D808 -> 0
... B4569: ='MR DATA'!B4569 -> 85994 | C4569: ='MR DATA'!D4569 -> 56

Sheet MWG Inventory Check
A1: MASTER SKU | B1: PLATFORM ID | C1: INVENTORY | D1: ROW | E1: Quantity | F1: STATUS | M1: Updated Inventory
A2: 10015345 | B2: ='MWG DATA'!A2 -> 10018083 | C2: ='MWG DATA'!G2 -> 0 | D2: =MATCH(A2,B:B,0) -> 400 | E2: {=INDEX(C:C,D2)} -> 240 | F2: =IF(E2>50,"Good","Check Inventory") -> Good | M2: =IF('MWG Inventory Check'!E2>=50,30,IF('MWG Inventory Check'!E2<50,'MWG Inventory Check'!E2,"Check Value")) -> 30 | O2: 30
A3: 15081 | B3: ='MWG DATA'!A3 -> 12047 | C3: ='MWG DATA'!G3 -> 240 | D3: =MATCH(A3,B:B,0) -> 172 | E3: {=INDEX(C:C,D3)} -> 240 | F3: =IF(E3>50,"Good","Check Inventory") -> Good | M3: =IF('MWG Inventory Check'!E3>=50,30,IF('MWG Inventory Check'!E3<50,'MWG Inventory Check'!E3,"Check Value")) -> 30 | O3: 30
A4: 14633S | B4: ='MWG DATA'!A4 -> 12053 | C4: ='MWG DATA'!G4 -> 0 | D4: =MATCH(A4,B:B,0) -> 127 | E4: {=INDEX(C:C,D4)} -> 240 | F4: =IF(E4>50,"Good","Check Inventory") -> Good | M4: =IF('MWG Inventory Check'!E4>=50,30,IF('MWG Inventory Check'!E4<50,'MWG Inventory Check'!E4,"Check Value")) -> 30 | O4: 30
A5: 10018862 | B5: ='MWG DATA'!A5 -> 12109 | C5: ='MWG DATA'!G5 -> 0 | D5: =MATCH(A5,B:B,0) -> 2210 | E5: {=INDEX(C:C,D5)} -> 240 | F5: =IF(E5>50,"Good","Check Inventory") -> Good | M5: =IF('MWG Inventory Check'!E5>=50,30,IF('MWG Inventory Check'!E5<50,'MWG Inventory Check'!E5,"Check Value")) -> 30 | O5: 30
A6: 10018167 | B6: ='MWG DATA'!A6 -> 12117 | C6: ='MWG DATA'!G6 -> 240 | D6: =MATCH(A6,B:B,0) -> 1305 | E6: {=INDEX(C:C,D6)} -> 169 | F6: =IF(E6>50,"Good","Check Inventory") -> Good | M6: =IF('MWG Inventory Check'!E6>=50,30,IF('MWG Inventory Check'!E6<50,'MWG Inventory Check'!E6,"Check Value")) -> 30 | O6: 30
A7: 10018695 | B7: ='MWG DATA'!A7 -> 12266 | C7: ='MWG DATA'!G7 -> 0 | D7: =MATCH(A7,B:B,0) -> 1736 | E7: {=INDEX(C:C,D7)} -> 240 | F7: =IF(E7>50,"Good","Check Inventory") -> Good | M7: =IF('MWG Inventory Check'!E7>=50,30,IF('MWG Inventory Check'!E7<50,'MWG Inventory Check'!E7,"Check Value")) -> 30 | O7: 30
A8: 10018489 | B8: ='MWG DATA'!A8 -> 12287 | C8: ='MWG DATA'!G8 -> 0 | D8: =MATCH(A8,B:B,0) -> 1560 | E8: {=INDEX(C:C,D8)} -> 240 | F8: =IF(E8>50,"Good","Check Inventory") -> Good | M8: =IF('MWG Inventory Check'!E8>=50,30,IF('MWG Inventory Check'!E8<50,'MWG Inventory Check'!E8,"Check Value")) -> 30 | O8: 30
A9: 10019052 | B9: ='MWG DATA'!A9 -> 12288 | C9: ='MWG DATA'!G9 -> 0 | D9: =MATCH(A9,B:B,0) -> 2272 | E9: {=INDEX(C:C,D9)} -> 209 | F9: =IF(E9>50,"Good","Check Inventory") -> Good | M9: =IF('MWG Inventory Check'!E9>=50,30,IF('MWG Inventory Check'!E9<50,'MWG Inventory Check'!E9,"Check Value")) -> 30 | O9: 30
A10: 10018992 | B10: ='MWG DATA'!A10 -> 12295 | C10: ='MWG DATA'!G10 -> 0 | D10: =MATCH(A10,B:B,0) -> 2376 | E10: {=INDEX(C:C,D10)} -> 137 | F10: =IF(E10>50,"Good","Check Inventory") -> Good | M10: =IF('MWG Inventory Check'!E10>=50,30,IF('MWG Inventory Check'!E10<50,'MWG Inventory Check'!E10,"Check Value")) -> 30 | O10: 30
A11: 10018490 | B11: ='MWG DATA'!A11 -> 12302 | C11: ='MWG DATA'!G11 -> 0 | D11: =MATCH(A11,B:B,0) -> 1561 | E11: {=INDEX(C:C,D11)} -> 164 | F11: =IF(E11>50,"Good","Check Inventory") -> Good | M11: =IF('MWG Inventory Check'!E11>=50,30,IF('MWG Inventory Check'!E11<50,'MWG Inventory Check'!E11,"Check Value")) -> 30 | O11: 30
A12: 10018072 | B12: ='MWG DATA'!A12 -> 12492 | C12: ='MWG DATA'!G12 -> 240 | D12: =MATCH(A12,B:B,0) -> 1242 | E12: {=INDEX(C:C,D12)} -> 0 | F12: =IF(E12>50,"Good","Check Inventory") -> Check Inventory | M12: =IF('MWG Inventory Check'!E12>=50,30,IF('MWG Inventory Check'!E12<50,'MWG Inventory Check'!E12,"Check Value")) -> 0 | O12: 0
A13: 4506333 | B13: ='MWG DATA'!A13 -> 12503 | C13: ='MWG DATA'!G13 -> 240 | D13: =MATCH(A13,B:B,0) -> 2566 | E13: {=INDEX(C:C,D13)} -> 240 | F13: =IF(E13>50,"Good","Check Inventory") -> Good | M13: =IF('MWG Inventory Check'!E13>=50,30,IF('MWG Inventory Check'!E13<50,'MWG Inventory Check'!E13,"Check Value")) -> 30 | O13: 30
A14: 10018960 | B14: ='MWG DATA'!A14 -> 12506 | C14: ='MWG DATA'!G14 -> 240 | D14: =MATCH(A14,B:B,0) -> 2504 | E14: {=INDEX(C:C,D14)} -> 136 | F14: =IF(E14>50,"Good","Check Inventory") -> Good | M14: =IF('MWG Inventory Check'!E14>=50,30,IF('MWG Inventory Check'!E14<50,'MWG Inventory Check'!E14,"Check Value")) -> 30 | O14: 30
A15: 10018631 | B15: ='MWG DATA'!A15 -> 12507 | C15: ='MWG DATA'!G15 -> 240 | D15: =MATCH(A15,B:B,0) -> 1693 | E15: {=INDEX(C:C,D15)} -> 203 | F15: =IF(E15>50,"Good","Check Inventory") -> Good | M15: =IF('MWG Inventory Check'!E15>=50,30,IF('MWG Inventory Check'!E15<50,'MWG Inventory Check'!E15,"Check Value")) -> 30 | O15: 30
A16: 14751 | B16: ='MWG DATA'!A16 -> 12516 | C16: ='MWG DATA'!G16 -> 0 | D16: =MATCH(A16,B:B,0) -> 148 | E16: {=INDEX(C:C,D16)} -> 240 | F16: =IF(E16>50,"Good","Check Inventory") -> Good | M16: =IF('MWG Inventory Check'!E16>=50,30,IF('MWG Inventory Check'!E16<50,'MWG Inventory Check'!E16,"Check Value")) -> 30 | O16: 30
... A36: 10018526 | B36: ='MWG DATA'!A36 -> 12841 | C36: ='MWG DATA'!G36 -> 0 | D36: =MATCH(A36,B:B,0) -> 1597 | E36: {=INDEX(C:C,D36)} -> 55 | F36: =IF(E36>50,"Good","Check Inventory") -> Good | M36: =IF('MWG Inventory Check'!E36>=50,30,IF('MWG Inventory Check'!E36<50,'MWG Inventory Check'!E36,"Check Value")) -> 30 | O36: 30
A37: D1082 | B37: ='MWG DATA'!A37 -> 12842 | C37: ='MWG DATA'!G37 -> 0 | D37: =MATCH(A37,B:B,0) -> 2043 | E37: {=INDEX(C:C,D37)} -> 240 | F37: =IF(E37>50,"Good","Check Inventory") -> Good | M37: =IF('MWG Inventory Check'!E37>=50,30,IF('MWG Inventory Check'!E37<50,'MWG Inventory Check'!E37,"Check Value")) -> 30 | O37: 30
A38: 10018612 | B38: ='MWG DATA'!A38 -> 12844 | C38: ='MWG DATA'!G38 -> 32 | D38: =MATCH(A38,B:B,0) -> 1676 | E38: {=INDEX(C:C,D38)} -> 240 | F38: =IF(E38>50,"Good","Check Inventory") -> Good | M38: =IF('MWG Inventory Check'!E38>=50,30,IF('MWG Inventory Check'!E38<50,'MWG Inventory Check'!E38,"Check Value")) -> 30 | O38: 30
A39: 13056 | B39: ='MWG DATA'!A39 -> 12859 | C39: ='MWG DATA'!G39 -> 0 | D39: =MATCH(A39,B:B,0) -> 48 | E39: {=INDEX(C:C,D39)} -> 219 | F39: =IF(E39>50,"Good","Check Inventory") -> Good | M39: =IF('MWG Inventory Check'!E39>=50,30,IF('MWG Inventory Check'!E39<50,'MWG Inventory Check'!E39,"Check Value")) -> 30 | O39: 30
A40: 37095 | B40: ='MWG DATA'!A40 -> 12967 | C40: ='MWG DATA'!G40 -> 240 | D40: =MATCH(A40,B:B,0) -> 308 | E40: {=INDEX(C:C,D40)} -> 240 | F40: =IF(E40>50,"Good","Check Inventory") -> Good | M40: =IF('MWG Inventory Check'!E40>=50,30,IF('MWG Inventory Check'!E40<50,'MWG Inventory Check'!E40,"Check Value")) -> 30 | O40: 30
A41: 10016157 | B41: ='MWG DATA'!A41 -> 12981 | C41: ='MWG DATA'!G41 -> 0 | D41: =MATCH(A41,B:B,0) -> 599 | E41: {=INDEX(C:C,D41)} -> 105 | F41: =IF(E41>50,"Good","Check Inventory") -> Good | M41: =IF('MWG Inventory Check'!E41>=50,30,IF('MWG Inventory Check'!E41<50,'MWG Inventory Check'!E41,"Check Value")) -> 30 | O41: 30
A42: 10015877 | B42: ='MWG DATA'!A42 -> 12982 | C42: ='MWG DATA'!G42 -> 240 | D42: =MATCH(A42,B:B,0) -> 523 | E42: {=INDEX(C:C,D42)} -> 66 | F42: =IF(E42>50,"Good","Check Inventory") -> Good | M42: =IF('MWG Inventory Check'!E42>=50,30,IF('MWG Inventory Check'!E42<50,'MWG Inventory Check'!E42,"Check Value")) -> 30 | O42: 30
A43: 10015674 | B43: ='MWG DATA'!A43 -> 13000 | C43: ='MWG DATA'!G43 -> 240 | D43: =MATCH(A43,B:B,0) -> 473 | E43: {=INDEX(C:C,D43)} -> 146 | F43: =IF(E43>50,"Good","Check Inventory") -> Good | M43: =IF('MWG Inventory Check'!E43>=50,30,IF('MWG Inventory Check'!E43<50,'MWG Inventory Check'!E43,"Check Value")) -> 30 | O43: 30
A44: 10017000 | B44: ='MWG DATA'!A44 -> 13046 | C44: ='MWG DATA'!G44 -> 240 | D44: =MATCH(A44,B:B,0) -> 751 | E44: {=INDEX(C:C,D44)} -> 227 | F44: =IF(E44>50,"Good","Check Inventory") -> Good | M44: =IF('MWG Inventory Check'!E44>=50,30,IF('MWG Inventory Check'!E44<50,'MWG Inventory Check'!E44,"Check Value")) -> 30 | O44: 30
A45: 10018382 | B45: ='MWG DATA'!A45 -> 13048 | C45: ='MWG DATA'!G45 -> 0 | D45: =MATCH(A45,B:B,0) -> 1469 | E45: {=INDEX(C:C,D45)} -> 63 | F45: =IF(E45>50,"Good","Check Inventory") -> Good | M45: =IF('MWG Inventory Check'!E45>=50,30,IF('MWG Inventory Check'!E45<50,'MWG Inventory Check'!E45,"Check Value")) -> 30 | O45: 30
A46: 10017701 | B46: ='MWG DATA'!A46 -> 13053 | C46: ='MWG DATA'!G46 -> 240 | D46: =MATCH(A46,B:B,0) -> 1022 | E46: {=INDEX(C:C,D46)} -> 240 | F46: =IF(E46>50,"Good","Check Inventory") -> Good | M46: =IF('MWG Inventory Check'!E46>=50,30,IF('MWG Inventory Check'!E46<50,'MWG Inventory Check'!E46,"Check Value")) -> 30 | O46: 30
A47: 12506 | B47: ='MWG DATA'!A47 -> 13055 | C47: ='MWG DATA'!G47 -> 0 | D47: =MATCH(A47,B:B,0) -> 14 | E47: {=INDEX(C:C,D47)} -> 240 | F47: =IF(E47>50,"Good","Check Inventory") -> Good | M47: =IF('MWG Inventory Check'!E47>=50,30,IF('MWG Inventory Check'!E47<50,'MWG Inventory Check'!E47,"Check Value")) -> 30 | O47: 30
A48: 10018915 | B48: ='MWG DATA'!A48 -> 13056 | C48: ='MWG DATA'!G48 -> 219 | D48: =MATCH(A48,B:B,0) -> 2414 | E48: {=INDEX(C:C,D48)} -> 240 | F48: =IF(E48>50,"Good","Check Inventory") -> Good | M48: =IF('MWG Inventory Check'!E48>=50,30,IF('MWG Inventory Check'!E48<50,'MWG Inventory Check'!E48,"Check Value")) -> 30 | O48: 30
A49: 34715 | B49: ='MWG DATA'!A49 -> 13057 | C49: ='MWG DATA'!G49 -> 0 | D49: =MATCH(A49,B:B,0) -> 278 | E49: {=INDEX(C:C,D49)} -> 85 | F49: =IF(E49>50,"Good","Check Inventory") -> Good | M49: =IF('MWG Inventory Check'!E49>=50,30,IF('MWG Inventory Check'!E49<50,'MWG Inventory Check'!E49,"Check Value")) -> 30 | O49: 30
... A56: 27128 | B56: ='MWG DATA'!A56 -> 13240 | C56: ='MWG DATA'!G56 -> 0 | D56: =MATCH(A56,B:B,0) -> 226 | E56: {=INDEX(C:C,D56)} -> 240 | F56: =IF(E56>50,"Good","Check Inventory") -> Good | M56: =IF('MWG Inventory Check'!E56>=50,30,IF('MWG Inventory Check'!E56<50,'MWG Inventory Check'!E56,"Check Value")) -> 30 | O56: 30
A57: 14652S | B57: ='MWG DATA'!A57 -> 13244 | C57: ='MWG DATA'!G57 -> 240 | D57: =MATCH(A57,B:B,0) -> 132 | E57: {=INDEX(C:C,D57)} -> 240 | F57: =IF(E57>50,"Good","Check Inventory") -> Good | M57: =IF('MWG Inventory Check'!E57>=50,30,IF('MWG Inventory Check'!E57<50,'MWG Inventory Check'!E57,"Check Value")) -> 30 | O57: 30
A58: 14568 | B58: ='MWG DATA'!A58 -> 13245 | C58: ='MWG DATA'!G58 -> 240 | D58: =MATCH(A58,B:B,0) -> 116 | E58: {=INDEX(C:C,D58)} -> 126 | F58: =IF(E58>50,"Good","Check Inventory") -> Good | M58: =IF('MWG Inventory Check'!E58>=50,30,IF('MWG Inventory Check'!E58<50,'MWG Inventory Check'!E58,"Check Value")) -> 30 | O58: 30
A59: 14118 | B59: ='MWG DATA'!A59 -> 13246 | C59: ='MWG DATA'!G59 -> 125 | D59: =MATCH(A59,B:B,0) -> 101 | E59: {=INDEX(C:C,D59)} -> 240 | F59: =IF(E59>50,"Good","Check Inventory") -> Good | M59: =IF('MWG Inventory Check'!E59>=50,30,IF('MWG Inventory Check'!E59<50,'MWG Inventory Check'!E59,"Check Value")) -> 30 | O59: 30
A60: 10019129 | B60: ='MWG DATA'!A60 -> 13347 | C60: ='MWG DATA'!G60 -> 0 | D60: =MATCH(A60,B:B,0) -> 2312 | E60: {=INDEX(C:C,D60)} -> 154 | F60: =IF(E60>50,"Good","Check Inventory") -> Good | M60: =IF('MWG Inventory Check'!E60>=50,30,IF('MWG Inventory Check'!E60<50,'MWG Inventory Check'!E60,"Check Value")) -> 30 | O60: 30
A61: 10018807 | B61: ='MWG DATA'!A61 -> 13356 | C61: ='MWG DATA'!G61 -> 0 | D61: =MATCH(A61,B:B,0) -> 2460 | E61: {=INDEX(C:C,D61)} -> 240 | F61: =IF(E61>50,"Good","Check Inventory") -> Good | M61: =IF('MWG Inventory Check'!E61>=50,30,IF('MWG Inventory Check'!E61<50,'MWG Inventory Check'!E61,"Check Value")) -> 30 | O61: 30
A62: 10018833 | B62: ='MWG DATA'!A62 -> 13360 | C62: ='MWG DATA'!G62 -> 240 | D62: =MATCH(A62,B:B,0) -> 2295 | E62: {=INDEX(C:C,D62)} -> 65 | F62: =IF(E62>50,"Good","Check Inventory") -> Good | M62: =IF('MWG Inventory Check'!E62>=50,30,IF('MWG Inventory Check'!E62<50,'MWG Inventory Check'!E62,"Check Value")) -> 30 | O62: 30
A63: 10018696 | B63: ='MWG DATA'!A63 -> 13361 | C63: ='MWG DATA'!G63 -> 240 | D63: =MATCH(A63,B:B,0) -> 1737 | E63: {=INDEX(C:C,D63)} -> 147 | F63: =IF(E63>50,"Good","Check Inventory") -> Good | M63: =IF('MWG Inventory Check'!E63>=50,30,IF('MWG Inventory Check'!E63<50,'MWG Inventory Check'!E63,"Check Value")) -> 30 | O63: 30
A64: 10018679 | B64: ='MWG DATA'!A64 -> 13362 | C64: ='MWG DATA'!G64 -> 240 | D64: =MATCH(A64,B:B,0) -> 1721 | E64: {=INDEX(C:C,D64)} -> 47 | F64: =IF(E64>50,"Good","Check Inventory") -> Check Inventory | M64: =IF('MWG Inventory Check'!E64>=50,30,IF('MWG Inventory Check'!E64<50,'MWG Inventory Check'!E64,"Check Value")) -> 47 | O64: 47
A65: 10018544 | B65: ='MWG DATA'!A65 -> 13363 | C65: ='MWG DATA'!G65 -> 0 | D65: =MATCH(A65,B:B,0) -> 1615 | E65: {=INDEX(C:C,D65)} -> 216 | F65: =IF(E65>50,"Good","Check Inventory") -> Good | M65: =IF('MWG Inventory Check'!E65>=50,30,IF('MWG Inventory Check'!E65<50,'MWG Inventory Check'!E65,"Check Value")) -> 30 | O65: 30
A66: 10018587 | B66: ='MWG DATA'!A66 -> 13364 | C66: ='MWG DATA'!G66 -> 240 | D66: =MATCH(A66,B:B,0) -> 1653 | E66: {=INDEX(C:C,D66)} -> 109 | F66: =IF(E66>50,"Good","Check Inventory") -> Good | M66: =IF('MWG Inventory Check'!E66>=50,30,IF('MWG Inventory Check'!E66<50,'MWG Inventory Check'!E66,"Check Value")) -> 30 | O66: 30
A67: 10018522 | B67: ='MWG DATA'!A67 -> 13365 | C67: ='MWG DATA'!G67 -> 81 | D67: =MATCH(A67,B:B,0) -> 1593 | E67: {=INDEX(C:C,D67)} -> 240 | F67: =IF(E67>50,"Good","Check Inventory") -> Good | M67: =IF('MWG Inventory Check'!E67>=50,30,IF('MWG Inventory Check'!E67<50,'MWG Inventory Check'!E67,"Check Value")) -> 30 | O67: 30
A68: 10016360 | B68: ='MWG DATA'!A68 -> 13366 | C68: ='MWG DATA'!G68 -> 240 | D68: =MATCH(A68,B:B,0) -> 643 | E68: {=INDEX(C:C,D68)} -> 231 | F68: =IF(E68>50,"Good","Check Inventory") -> Good | M68: =IF('MWG Inventory Check'!E68>=50,30,IF('MWG Inventory Check'!E68<50,'MWG Inventory Check'!E68,"Check Value")) -> 30 | O68: 30
A69: 10016143 | B69: ='MWG DATA'!A69 -> 13367 | C69: ='MWG DATA'!G69 -> 240 | D69: =MATCH(A69,B:B,0) -> 591 | E69: {=INDEX(C:C,D69)} -> 240 | F69: =IF(E69>50,"Good","Check Inventory") -> Good | M69: =IF('MWG Inventory Check'!E69>=50,30,IF('MWG Inventory Check'!E69<50,'MWG Inventory Check'!E69,"Check Value")) -> 30 | O69: 30
... A117: 10017916 | B117: ='MWG DATA'!A117 -> 14570 | C117: ='MWG DATA'!G117 -> 0 | D117: =MATCH(A117,B:B,0) -> 1134 | E117: {=INDEX(C:C,D117)} -> 0 | F117: =IF(E117>50,"Good","Check Inventory") -> Check Inventory | M117: =IF('MWG Inventory Check'!E117>=50,30,IF('MWG Inventory Check'!E117<50,'MWG Inventory Check'!E117,"Check Value")) -> 0 | O117: 0
A118: CAMZ33630S | B118: ='MWG DATA'!A118 -> 14575 | C118: ='MWG DATA'!G118 -> 240 | D118: =MATCH(A118,B:B,0) -> 2149 | E118: {=INDEX(C:C,D118)} -> 96 | F118: =IF(E118>50,"Good","Check Inventory") -> Good | M118: =IF('MWG Inventory Check'!E118>=50,30,IF('MWG Inventory Check'!E118<50,'MWG Inventory Check'!E118,"Check Value")) -> 30 | O118: 30
A119: 10016221 | B119: ='MWG DATA'!A119 -> 14576 | C119: ='MWG DATA'!G119 -> 193 | D119: =MATCH(A119,B:B,0) -> 636 | E119: {=INDEX(C:C,D119)} -> 0 | F119: =IF(E119>50,"Good","Check Inventory") -> Check Inventory | M119: =IF('MWG Inventory Check'!E119>=50,30,IF('MWG Inventory Check'!E119<50,'MWG Inventory Check'!E119,"Check Value")) -> 0 | O119: 0
A120: 10019020 | B120: ='MWG DATA'!A120 -> 14579 | C120: ='MWG DATA'!G120 -> 31 | D120: =MATCH(A120,B:B,0) -> 2214 | E120: {=INDEX(C:C,D120)} -> 125 | F120: =IF(E120>50,"Good","Check Inventory") -> Good | M120: =IF('MWG Inventory Check'!E120>=50,30,IF('MWG Inventory Check'!E120<50,'MWG Inventory Check'!E120,"Check Value")) -> 30 | O120: 30
A121: 13920 | B121: ='MWG DATA'!A121 -> 14581 | C121: ='MWG DATA'!G121 -> 240 | D121: =MATCH(A121,B:B,0) -> 95 | E121: {=INDEX(C:C,D121)} -> 240 | F121: =IF(E121>50,"Good","Check Inventory") -> Good | M121: =IF('MWG Inventory Check'!E121>=50,30,IF('MWG Inventory Check'!E121<50,'MWG Inventory Check'!E121,"Check Value")) -> 30 | O121: 30
A122: 10019037 | B122: ='MWG DATA'!A122 -> 14583 | C122: ='MWG DATA'!G122 -> 0 | D122: =MATCH(A122,B:B,0) -> 2318 | E122: {=INDEX(C:C,D122)} -> 118 | F122: =IF(E122>50,"Good","Check Inventory") -> Good | M122: =IF('MWG Inventory Check'!E122>=50,30,IF('MWG Inventory Check'!E122<50,'MWG Inventory Check'!E122,"Check Value")) -> 30 | O122: 30
A123: 13919 | B123: ='MWG DATA'!A123 -> 14587 | C123: ='MWG DATA'!G123 -> 0 | D123: =MATCH(A123,B:B,0) -> 94 | E123: {=INDEX(C:C,D123)} -> 240 | F123: =IF(E123>50,"Good","Check Inventory") -> Good | M123: =IF('MWG Inventory Check'!E123>=50,30,IF('MWG Inventory Check'!E123<50,'MWG Inventory Check'!E123,"Check Value")) -> 30 | O123: 30
A124: 13913 | B124: ='MWG DATA'!A124 -> 14602 | C124: ='MWG DATA'!G124 -> 39 | D124: =MATCH(A124,B:B,0) -> 90 | E124: {=INDEX(C:C,D124)} -> 171 | F124: =IF(E124>50,"Good","Check Inventory") -> Good | M124: =IF('MWG Inventory Check'!E124>=50,30,IF('MWG Inventory Check'!E124<50,'MWG Inventory Check'!E124,"Check Value")) -> 30 | O124: 30
A125: 10017541 | B125: ='MWG DATA'!A125 -> 14604 | C125: ='MWG DATA'!G125 -> 0 | D125: =MATCH(A125,B:B,0) -> 959 | E125: {=INDEX(C:C,D125)} -> 0 | F125: =IF(E125>50,"Good","Check Inventory") -> Check Inventory | M125: =IF('MWG Inventory Check'!E125>=50,30,IF('MWG Inventory Check'!E125<50,'MWG Inventory Check'!E125,"Check Value")) -> 0 | O125: 0
A126: 10018721 | B126: ='MWG DATA'!A126 -> 14617 | C126: ='MWG DATA'!G126 -> 0 | D126: =MATCH(A126,B:B,0) -> 1760 | E126: {=INDEX(C:C,D126)} -> 240 | F126: =IF(E126>50,"Good","Check Inventory") -> Good | M126: =IF('MWG Inventory Check'!E126>=50,30,IF('MWG Inventory Check'!E126<50,'MWG Inventory Check'!E126,"Check Value")) -> 30 | O126: 30
A127: 10017965 | B127: ='MWG DATA'!A127 -> 14633S | C127: ='MWG DATA'!G127 -> 240 | D127: =MATCH(A127,B:B,0) -> 1174 | E127: {=INDEX(C:C,D127)} -> 0 | F127: =IF(E127>50,"Good","Check Inventory") -> Check Inventory | M127: =IF('MWG Inventory Check'!E127>=50,30,IF('MWG Inventory Check'!E127<50,'MWG Inventory Check'!E127,"Check Value")) -> 0 | O127: 0
A128: 39269 | B128: ='MWG DATA'!A128 -> 14634 | C128: ='MWG DATA'!G128 -> 240 | D128: =MATCH(A128,B:B,0) -> 366 | E128: {=INDEX(C:C,D128)} -> 240 | F128: =IF(E128>50,"Good","Check Inventory") -> Good | M128: =IF('MWG Inventory Check'!E128>=50,30,IF('MWG Inventory Check'!E128<50,'MWG Inventory Check'!E128,"Check Value")) -> 30 | O128: 30
A129: 10016214 | B129: ='MWG DATA'!A129 -> 14638 | C129: ='MWG DATA'!G129 -> 0 | D129: =MATCH(A129,B:B,0) -> 629 | E129: {=INDEX(C:C,D129)} -> 32 | F129: =IF(E129>50,"Good","Check Inventory") -> Check Inventory | M129: =IF('MWG Inventory Check'!E129>=50,30,IF('MWG Inventory Check'!E129<50,'MWG Inventory Check'!E129,"Check Value")) -> 32 | O129: 32
A130: 10018022 | B130: ='MWG DATA'!A130 -> 14642 | C130: ='MWG DATA'!G130 -> 0 | D130: =MATCH(A130,B:B,0) -> 1210 | E130: {=INDEX(C:C,D130)} -> 0 | F130: =IF(E130>50,"Good","Check Inventory") -> Check Inventory | M130: =IF('MWG Inventory Check'!E130>=50,30,IF('MWG Inventory Check'!E130<50,'MWG Inventory Check'!E130,"Check Value")) -> 0 | O130: 0
... A144: 12492 | B144: ='MWG DATA'!A144 -> 14709 | C144: ='MWG DATA'!G144 -> 0 | D144: =MATCH(A144,B:B,0) -> 12 | E144: {=INDEX(C:C,D144)} -> 240 | F144: =IF(E144>50,"Good","Check Inventory") -> Good | M144: =IF('MWG Inventory Check'!E144>=50,30,IF('MWG Inventory Check'!E144<50,'MWG Inventory Check'!E144,"Check Value")) -> 30 | O144: 30
A145: 29312S | B145: ='MWG DATA'!A145 -> 14710 | C145: ='MWG DATA'!G145 -> 0 | D145: =MATCH(A145,B:B,0) -> 230 | E145: {=INDEX(C:C,D145)} -> 240 | F145: =IF(E145>50,"Good","Check Inventory") -> Good | M145: =IF('MWG Inventory Check'!E145>=50,30,IF('MWG Inventory Check'!E145<50,'MWG Inventory Check'!E145,"Check Value")) -> 30 | O145: 30
A146: 10019077 | B146: ='MWG DATA'!A146 -> 14749 | C146: ='MWG DATA'!G146 -> 0 | D146: =MATCH(A146,B:B,0) -> 2223 | E146: {=INDEX(C:C,D146)} -> 0 | F146: =IF(E146>50,"Good","Check Inventory") -> Check Inventory | M146: =IF('MWG Inventory Check'!E146>=50,30,IF('MWG Inventory Check'!E146<50,'MWG Inventory Check'!E146,"Check Value")) -> 0 | O146: 0
A147: 10019009 | B147: ='MWG DATA'!A147 -> 14750 | C147: ='MWG DATA'!G147 -> 0 | D147: =MATCH(A147,B:B,0) -> 621 | E147: {=INDEX(C:C,D147)} -> 143 | F147: =IF(E147>50,"Good","Check Inventory") -> Good | M147: =IF('MWG Inventory Check'!E147>=50,30,IF('MWG Inventory Check'!E147<50,'MWG Inventory Check'!E147,"Check Value")) -> 30 | O147: 30
A148: 10015958 | B148: ='MWG DATA'!A148 -> 14751 | C148: ='MWG DATA'!G148 -> 240 | D148: =MATCH(A148,B:B,0) -> 532 | E148: {=INDEX(C:C,D148)} -> 151 | F148: =IF(E148>50,"Good","Check Inventory") -> Good | M148: =IF('MWG Inventory Check'!E148>=50,30,IF('MWG Inventory Check'!E148<50,'MWG Inventory Check'!E148,"Check Value")) -> 30 | O148: 30
A149: 5001053 | B149: ='MWG DATA'!A149 -> 14769 | C149: ='MWG DATA'!G149 -> 0 | D149: =MATCH(A149,B:B,0) -> 2109 | E149: {=INDEX(C:C,D149)} -> 34 | F149: =IF(E149>50,"Good","Check Inventory") -> Check Inventory | M149: =IF('MWG Inventory Check'!E149>=50,30,IF('MWG Inventory Check'!E149<50,'MWG Inventory Check'!E149,"Check Value")) -> 34 | O149: 34
A150: 10015428 | B150: ='MWG DATA'!A150 -> 14773 | C150: ='MWG DATA'!G150 -> 0 | D150: =MATCH(A150,B:B,0) -> 431 | E150: {=INDEX(C:C,D150)} -> 240 | F150: =IF(E150>50,"Good","Check Inventory") -> Good | M150: =IF('MWG Inventory Check'!E150>=50,30,IF('MWG Inventory Check'!E150<50,'MWG Inventory Check'!E150,"Check Value")) -> 30 | O150: 30
A151: 10018054 | B151: ='MWG DATA'!A151 -> 14778 | C151: ='MWG DATA'!G151 -> 106 | D151: =MATCH(A151,B:B,0) -> 1231 | E151: {=INDEX(C:C,D151)} -> 92 | F151: =IF(E151>50,"Good","Check Inventory") -> Good | M151: =IF('MWG Inventory Check'!E151>=50,30,IF('MWG Inventory Check'!E151<50,'MWG Inventory Check'!E151,"Check Value")) -> 30 | O151: 30
A152: 10016200 | B152: ='MWG DATA'!A152 -> 14801 | C152: ='MWG DATA'!G152 -> 0 | D152: =MATCH(A152,B:B,0) -> 619 | E152: {=INDEX(C:C,D152)} -> 142 | F152: =IF(E152>50,"Good","Check Inventory") -> Good | M152: =IF('MWG Inventory Check'!E152>=50,30,IF('MWG Inventory Check'!E152<50,'MWG Inventory Check'!E152,"Check Value")) -> 30 | O152: 30
A153: 10018507 | B153: ='MWG DATA'!A153 -> 14845 | C153: ='MWG DATA'!G153 -> 240 | D153: =MATCH(A153,B:B,0) -> 1578 | E153: {=INDEX(C:C,D153)} -> 240 | F153: =IF(E153>50,"Good","Check Inventory") -> Good | M153: =IF('MWG Inventory Check'!E153>=50,30,IF('MWG Inventory Check'!E153<50,'MWG Inventory Check'!E153,"Check Value")) -> 30 | O153: 30
A154: 10018223 | B154: ='MWG DATA'!A154 -> 14874 | C154: ='MWG DATA'!G154 -> 0 | D154: =MATCH(A154,B:B,0) -> 1345 | E154: {=INDEX(C:C,D154)} -> 200 | F154: =IF(E154>50,"Good","Check Inventory") -> Good | M154: =IF('MWG Inventory Check'!E154>=50,30,IF('MWG Inventory Check'!E154<50,'MWG Inventory Check'!E154,"Check Value")) -> 30 | O154: 30
A155: 13915 | B155: ='MWG DATA'!A155 -> 14892 | C155: ='MWG DATA'!G155 -> 149 | D155: =MATCH(A155,B:B,0) -> 91 | E155: {=INDEX(C:C,D155)} -> 240 | F155: =IF(E155>50,"Good","Check Inventory") -> Good | M155: =IF('MWG Inventory Check'!E155>=50,30,IF('MWG Inventory Check'!E155<50,'MWG Inventory Check'!E155,"Check Value")) -> 30 | O155: 30
A156: 13854 | B156: ='MWG DATA'!A156 -> 14939 | C156: ='MWG DATA'!G156 -> 0 | D156: =MATCH(A156,B:B,0) -> 85 | E156: {=INDEX(C:C,D156)} -> 240 | F156: =IF(E156>50,"Good","Check Inventory") -> Good | M156: =IF('MWG Inventory Check'!E156>=50,30,IF('MWG Inventory Check'!E156<50,'MWG Inventory Check'!E156,"Check Value")) -> 30 | O156: 30
A157: 13923 | B157: ='MWG DATA'!A157 -> 14940 | C157: ='MWG DATA'!G157 -> 0 | D157: =MATCH(A157,B:B,0) -> 97 | E157: {=INDEX(C:C,D157)} -> 240 | F157: =IF(E157>50,"Good","Check Inventory") -> Good | M157: =IF('MWG Inventory Check'!E157>=50,30,IF('MWG Inventory Check'!E157<50,'MWG Inventory Check'!E157,"Check Value")) -> 30 | O157: 30
... A180: 12553 | B180: ='MWG DATA'!A180 -> 15132 | C180: ='MWG DATA'!G180 -> 240 | D180: =MATCH(A180,B:B,0) -> 18 | E180: {=INDEX(C:C,D180)} -> 240 | F180: =IF(E180>50,"Good","Check Inventory") -> Good | M180: =IF('MWG Inventory Check'!E180>=50,30,IF('MWG Inventory Check'!E180<50,'MWG Inventory Check'!E180,"Check Value")) -> 30 | O180: 30
A181: D1224 | B181: ='MWG DATA'!A181 -> 15133 | C181: ='MWG DATA'!G181 -> 0 | D181: =MATCH(A181,B:B,0) -> 2059 | E181: {=INDEX(C:C,D181)} -> 240 | F181: =IF(E181>50,"Good","Check Inventory") -> Good | M181: =IF('MWG Inventory Check'!E181>=50,30,IF('MWG Inventory Check'!E181<50,'MWG Inventory Check'!E181,"Check Value")) -> 30 | O181: 30
A182: 5001045 | B182: ='MWG DATA'!A182 -> 15134 | C182: ='MWG DATA'!G182 -> 124 | D182: =MATCH(A182,B:B,0) -> 2105 | E182: {=INDEX(C:C,D182)} -> 36 | F182: =IF(E182>50,"Good","Check Inventory") -> Check Inventory | M182: =IF('MWG Inventory Check'!E182>=50,30,IF('MWG Inventory Check'!E182<50,'MWG Inventory Check'!E182,"Check Value")) -> 36 | O182: 36
A183: 10017440 | B183: ='MWG DATA'!A183 -> 15138 | C183: ='MWG DATA'!G183 -> 0 | D183: =MATCH(A183,B:B,0) -> 918 | E183: {=INDEX(C:C,D183)} -> 163 | F183: =IF(E183>50,"Good","Check Inventory") -> Good | M183: =IF('MWG Inventory Check'!E183>=50,30,IF('MWG Inventory Check'!E183<50,'MWG Inventory Check'!E183,"Check Value")) -> 30 | O183: 30
A184: 10016153 | B184: ='MWG DATA'!A184 -> 15142 | C184: ='MWG DATA'!G184 -> 0 | D184: =MATCH(A184,B:B,0) -> 597 | E184: {=INDEX(C:C,D184)} -> 240 | F184: =IF(E184>50,"Good","Check Inventory") -> Good | M184: =IF('MWG Inventory Check'!E184>=50,30,IF('MWG Inventory Check'!E184<50,'MWG Inventory Check'!E184,"Check Value")) -> 30 | O184: 30
A185: 10018188 | B185: ='MWG DATA'!A185 -> 15144 | C185: ='MWG DATA'!G185 -> 0 | D185: =MATCH(A185,B:B,0) -> 1324 | E185: {=INDEX(C:C,D185)} -> 240 | F185: =IF(E185>50,"Good","Check Inventory") -> Good | M185: =IF('MWG Inventory Check'!E185>=50,30,IF('MWG Inventory Check'!E185<50,'MWG Inventory Check'!E185,"Check Value")) -> 30 | O185: 30
A186: 5001031 | B186: ='MWG DATA'!A186 -> 15145 | C186: ='MWG DATA'!G186 -> 240 | D186: =MATCH(A186,B:B,0) -> 2097 | E186: {=INDEX(C:C,D186)} -> 168 | F186: =IF(E186>50,"Good","Check Inventory") -> Good | M186: =IF('MWG Inventory Check'!E186>=50,30,IF('MWG Inventory Check'!E186<50,'MWG Inventory Check'!E186,"Check Value")) -> 30 | O186: 30
A187: 39640 | B187: ='MWG DATA'!A187 -> 15146 | C187: ='MWG DATA'!G187 -> 168 | D187: =MATCH(A187,B:B,0) -> 375 | E187: {=INDEX(C:C,D187)} -> 0 | F187: =IF(E187>50,"Good","Check Inventory") -> Check Inventory | M187: =IF('MWG Inventory Check'!E187>=50,30,IF('MWG Inventory Check'!E187<50,'MWG Inventory Check'!E187,"Check Value")) -> 0 | O187: 0
A188: 38373 | B188: ='MWG DATA'!A188 -> 15147 | C188: ='MWG DATA'!G188 -> 240 | D188: =MATCH(A188,B:B,0) -> 333 | E188: {=INDEX(C:C,D188)} -> 0 | F188: =IF(E188>50,"Good","Check Inventory") -> Check Inventory | M188: =IF('MWG Inventory Check'!E188>=50,30,IF('MWG Inventory Check'!E188<50,'MWG Inventory Check'!E188,"Check Value")) -> 0 | O188: 0
A189: 14944 | B189: ='MWG DATA'!A189 -> 15158 | C189: ='MWG DATA'!G189 -> 210 | D189: =MATCH(A189,B:B,0) -> 158 | E189: {=INDEX(C:C,D189)} -> 240 | F189: =IF(E189>50,"Good","Check Inventory") -> Good | M189: =IF('MWG Inventory Check'!E189>=50,30,IF('MWG Inventory Check'!E189<50,'MWG Inventory Check'!E189,"Check Value")) -> 30 | O189: 30
A190: 10015679 | B190: ='MWG DATA'!A190 -> 15160 | C190: ='MWG DATA'!G190 -> 165 | D190: =MATCH(A190,B:B,0) -> 476 | E190: {=INDEX(C:C,D190)} -> 135 | F190: =IF(E190>50,"Good","Check Inventory") -> Good | M190: =IF('MWG Inventory Check'!E190>=50,30,IF('MWG Inventory Check'!E190<50,'MWG Inventory Check'!E190,"Check Value")) -> 30 | O190: 30
A191: 10017838 | B191: ='MWG DATA'!A191 -> 15162 | C191: ='MWG DATA'!G191 -> 0 | D191: =MATCH(A191,B:B,0) -> 1082 | E191: {=INDEX(C:C,D191)} -> 82 | F191: =IF(E191>50,"Good","Check Inventory") -> Good | M191: =IF('MWG Inventory Check'!E191>=50,30,IF('MWG Inventory Check'!E191<50,'MWG Inventory Check'!E191,"Check Value")) -> 30 | O191: 30
A192: 10018630 | B192: ='MWG DATA'!A192 -> 15164 | C192: ='MWG DATA'!G192 -> 0 | D192: =MATCH(A192,B:B,0) -> 1692 | E192: {=INDEX(C:C,D192)} -> 240 | F192: =IF(E192>50,"Good","Check Inventory") -> Good | M192: =IF('MWG Inventory Check'!E192>=50,30,IF('MWG Inventory Check'!E192<50,'MWG Inventory Check'!E192,"Check Value")) -> 30 | O192: 30
A193: 38465 | B193: ='MWG DATA'!A193 -> 15171 | C193: ='MWG DATA'!G193 -> 0 | D193: =MATCH(A193,B:B,0) -> 338 | E193: {=INDEX(C:C,D193)} -> 240 | F193: =IF(E193>50,"Good","Check Inventory") -> Good | M193: =IF('MWG Inventory Check'!E193>=50,30,IF('MWG Inventory Check'!E193<50,'MWG Inventory Check'!E193,"Check Value")) -> 30 | O193: 30
... A203: 10018867 | B203: ='MWG DATA'!A203 -> 15201 | C203: ='MWG DATA'!G203 -> 0 | D203: =MATCH(A203,B:B,0) -> 2447 | E203: {=INDEX(C:C,D203)} -> 48 | F203: =IF(E203>50,"Good","Check Inventory") -> Check Inventory | M203: =IF('MWG Inventory Check'!E203>=50,30,IF('MWG Inventory Check'!E203<50,'MWG Inventory Check'!E203,"Check Value")) -> 48 | O203: 48
A204: D1047 | B204: ='MWG DATA'!A204 -> 15211 | C204: ='MWG DATA'!G204 -> 0 | D204: =MATCH(A204,B:B,0) -> 2036 | E204: {=INDEX(C:C,D204)} -> 240 | F204: =IF(E204>50,"Good","Check Inventory") -> Good | M204: =IF('MWG Inventory Check'!E204>=50,30,IF('MWG Inventory Check'!E204<50,'MWG Inventory Check'!E204,"Check Value")) -> 30 | O204: 30
A205: 10018058 | B205: ='MWG DATA'!A205 -> 15212 | C205: ='MWG DATA'!G205 -> 0 | D205: =MATCH(A205,B:B,0) -> 1234 | E205: {=INDEX(C:C,D205)} -> 240 | F205: =IF(E205>50,"Good","Check Inventory") -> Good | M205: =IF('MWG Inventory Check'!E205>=50,30,IF('MWG Inventory Check'!E205<50,'MWG Inventory Check'!E205,"Check Value")) -> 30 | O205: 30
A206: 10018290 | B206: ='MWG DATA'!A206 -> 15214 | C206: ='MWG DATA'!G206 -> 0 | D206: =MATCH(A206,B:B,0) -> 1393 | E206: {=INDEX(C:C,D206)} -> 92 | F206: =IF(E206>50,"Good","Check Inventory") -> Good | M206: =IF('MWG Inventory Check'!E206>=50,30,IF('MWG Inventory Check'!E206<50,'MWG Inventory Check'!E206,"Check Value")) -> 30 | O206: 30
A207: 10017922 | B207: ='MWG DATA'!A207 -> 15215 | C207: ='MWG DATA'!G207 -> 0 | D207: =MATCH(A207,B:B,0) -> 1140 | E207: {=INDEX(C:C,D207)} -> 95 | F207: =IF(E207>50,"Good","Check Inventory") -> Good | M207: =IF('MWG Inventory Check'!E207>=50,30,IF('MWG Inventory Check'!E207<50,'MWG Inventory Check'!E207,"Check Value")) -> 30 | O207: 30
A208: 13176 | B208: ='MWG DATA'!A208 -> 15216 | C208: ='MWG DATA'!G208 -> 0 | D208: =MATCH(A208,B:B,0) -> 52 | E208: {=INDEX(C:C,D208)} -> 240 | F208: =IF(E208>50,"Good","Check Inventory") -> Good | M208: =IF('MWG Inventory Check'!E208>=50,30,IF('MWG Inventory Check'!E208<50,'MWG Inventory Check'!E208,"Check Value")) -> 30 | O208: 30
A209: 10018180 | B209: ='MWG DATA'!A209 -> 15217 | C209: ='MWG DATA'!G209 -> 240 | D209: =MATCH(A209,B:B,0) -> 1317 | E209: {=INDEX(C:C,D209)} -> 75 | F209: =IF(E209>50,"Good","Check Inventory") -> Good | M209: =IF('MWG Inventory Check'!E209>=50,30,IF('MWG Inventory Check'!E209<50,'MWG Inventory Check'!E209,"Check Value")) -> 30 | O209: 30
A210: 10018540 | B210: ='MWG DATA'!A210 -> 15218 | C210: ='MWG DATA'!G210 -> 0 | D210: =MATCH(A210,B:B,0) -> 1611 | E210: {=INDEX(C:C,D210)} -> 184 | F210: =IF(E210>50,"Good","Check Inventory") -> Good | M210: =IF('MWG Inventory Check'!E210>=50,30,IF('MWG Inventory Check'!E210<50,'MWG Inventory Check'!E210,"Check Value")) -> 30 | O210: 30
A211: 15134 | B211: ='MWG DATA'!A211 -> 15219 | C211: ='MWG DATA'!G211 -> 240 | D211: =MATCH(A211,B:B,0) -> 182 | E211: {=INDEX(C:C,D211)} -> 124 | F211: =IF(E211>50,"Good","Check Inventory") -> Good | M211: =IF('MWG Inventory Check'!E211>=50,30,IF('MWG Inventory Check'!E211<50,'MWG Inventory Check'!E211,"Check Value")) -> 30 | O211: 30
A212: 14845 | B212: ='MWG DATA'!A212 -> 15220 | C212: ='MWG DATA'!G212 -> 0 | D212: =MATCH(A212,B:B,0) -> 153 | E212: {=INDEX(C:C,D212)} -> 240 | F212: =IF(E212>50,"Good","Check Inventory") -> Good | M212: =IF('MWG Inventory Check'!E212>=50,30,IF('MWG Inventory Check'!E212<50,'MWG Inventory Check'!E212,"Check Value")) -> 30 | O212: 30
A213: 25306 | B213: ='MWG DATA'!A213 -> 15221 | C213: ='MWG DATA'!G213 -> 0 | D213: =MATCH(A213,B:B,0) -> 225 | E213: {=INDEX(C:C,D213)} -> 240 | F213: =IF(E213>50,"Good","Check Inventory") -> Good | M213: =IF('MWG Inventory Check'!E213>=50,30,IF('MWG Inventory Check'!E213<50,'MWG Inventory Check'!E213,"Check Value")) -> 30 | O213: 30
A214: 10018681 | B214: ='MWG DATA'!A214 -> 15223 | C214: ='MWG DATA'!G214 -> 0 | D214: =MATCH(A214,B:B,0) -> 1723 | E214: {=INDEX(C:C,D214)} -> 240 | F214: =IF(E214>50,"Good","Check Inventory") -> Good | M214: =IF('MWG Inventory Check'!E214>=50,30,IF('MWG Inventory Check'!E214<50,'MWG Inventory Check'!E214,"Check Value")) -> 30 | O214: 30
A215: 37440 | B215: ='MWG DATA'!A215 -> 15226 | C215: ='MWG DATA'!G215 -> 240 | D215: =MATCH(A215,B:B,0) -> 314 | E215: {=INDEX(C:C,D215)} -> 240 | F215: =IF(E215>50,"Good","Check Inventory") -> Good | M215: =IF('MWG Inventory Check'!E215>=50,30,IF('MWG Inventory Check'!E215<50,'MWG Inventory Check'!E215,"Check Value")) -> 30 | O215: 30
A216: 10019135 | B216: ='MWG DATA'!A216 -> 15245 | C216: ='MWG DATA'!G216 -> 240 | D216: =MATCH(A216,B:B,0) -> 2288 | E216: {=INDEX(C:C,D216)} -> 81 | F216: =IF(E216>50,"Good","Check Inventory") -> Good | M216: =IF('MWG Inventory Check'!E216>=50,30,IF('MWG Inventory Check'!E216<50,'MWG Inventory Check'!E216,"Check Value")) -> 30 | O216: 30
...

Sheet NEMBOL DATA
A1: id | B1: name | C1: option_1_name | D1: option_1_value | E1: option_2_name | F1: option_2_value | G1: option_3_name | H1: option_3_value | I1: sku | J1: gtin | K1: asin | L1: quantity | M1: price | N1: MOD SKU
A2: 6345c17e07e2b83d87b872be | B2: Lantern (Set of 3) 11.5', 17', 24'H Metal/Glass | I2: MR45274 | L2: 30 | M2: 169.99 | N2: 45274
A3: 6345c18307e2b8f9cbb872d5 | B3: Lantern Wreath Holder 43.5'H Metal/Glass | I3: MR49117 | L3: 30 | M3: 89.99 | N3: 49117
A4: 6345c1a007e2b8381db873ab | B4: Lantern (Set of 2) 13.5'-19.5'H Iron/Glass | I4: MR54174 | L4: 30 | M4: 119.99 | N4: 54174
A5: 6345c1a207e2b86ca8b873b3 | B5: Lanterns (Set of 2) 21'H, 16'H Metal/Glass | I5: MR56803 | L5: 30 | M5: 189.99 | N5: 56803
A6: 6345c1a807e2b89283b873c3 | B6: Lantern Tree w/3 Lanterns 71'H Iron | I6: MR57507 | L6: 30 | M6: 234.99 | N6: 57507
A7: 6345c1a407e2b870a1b873b8 | B7: Lantern (Set of 3) 14'H, 17'H, 20'H Metal/Glass | I7: MR57349 | L7: 30 | M7: 124.99 | N7: 57349
A8: 6345c1b107e2b80f22b873e6 | B8: Lanterns (Set of 2) 20'H, 25'H Metal/Glass | I8: MR65232 | L8: 30 | M8: 174.99 | N8: 65232
A9: 6345c1bb07e2b88fd0b873fc | B9: Lanterns (Set of 3) 12'H, 16.5'H, 21.5'H Metal/Glass/Wood | I9: MR66427 | L9: 30 | M9: 174.99 | N9: 66427
A10: 6345c1b607e2b857c0b873f0 | B10: Lanterns (Set of 2) 13.5'H, 20'H Wood/Metal/Glass | I10: MR66425 | L10: 30 | M10: 139.99 | N10: 66425
A11: 6345c1bd07e2b85a97b87401 | B11: Lanterns (Set of 2) 21'H, 28'H Wood/Metal/Glass | I11: MR66454 | L11: 30 | M11: 199.99 | N11: 66454
A12: 6345c1c107e2b838bcb874c1 | B12: Lanterns w/Stand (Set of 2) 32'H, 53'H Metal/Glass | I12: MR66718 | L12: 30 | M12: 334.99 | N12: 66718
A13: 6345c1c307e2b8c4f5b874c6 | B13: Lanterns (Set of 2) 21'H, 27.5'H Wood/Metal/Glass | I13: MR66815 | L13: 30 | M13: 174.99 | N13: 66815
... A35: 633b3a7c2c02ac3e73308634 | B35: Colonial Carved Side Table | I35: MW15081 | L35: 30 | M35: 199.99 | N35: 15081
A36: 633b3a7b2c02ace892308628 | B36: VICTORIAN HURRICANE LANTERN | I36: MW14633S | L36: 30 | M36: 64.99 | N36: 14633S
A37: 62e0b035244bcb1b45cf8f0d | B37: FLEUR-DE-LIS BOOKENDS | I37: MW10018862 | J37: 849000000000 | L37: 30 | M37: 124.99 | N37: 10018862
A38: 62e0b02f244bcb8101cf8e8f | B38: Sleek Wooden Wine Wall Rack | I38: MW10018167 | J38: 849000000000 | L38: 30 | M38: 169.99 | N38: 10018167
A39: 62e0b034244bcb376ecf8eed | B39: Playful Bunnies Bird Feeder | I39: MW10018695 | J39: 849000000000 | L39: 30 | M39: 109.99 | N39: 10018695
A40: 62e0b031244bcb9eeacf8eb6 | B40: Hanging Mirror With Faux Leather Strap | I40: MW10018489 | J40: 849000000000 | L40: 30 | M40: 104.99 | N40: 10018489
A41: 62e0b03e244bcb258fcf8f91 | B41: CHEF W/WIFI SIGN AND CLOCK | I41: MW10019052 | J41: 849000000000 | L41: 30 | M41: 109.99 | N41: 10019052
A42: 62e0b03b244bcb4b96cf8f6e | B42: FLEUR-DE-LIS WALL SCONCE | I42: MW10018992 | J42: 849000000000 | L42: 30 | M42: 109.99 | N42: 10018992
A43: 62e0b031244bcbaee9cf8ebb | B43: Golden Petals Wall Mirror | I43: MW10018490 | J43: 849000000000 | L43: 30 | M43: 99.99 | N43: 10018490
A44: 62e0b02e244bcb4d29cf8e80 | B44: Gold Royal Crown Wall Mirror | I44: MW10018072 | J44: 849000000000 | L44: 30 | M44: 104.99 | N44: 10018072
A45: 6233ac89a5f7dacf6439f921 | B45: NEUTRAL GARDEN DANGLING MINI POTS | I45: MW4506333 | J45: 849000000000 | K45: B099V4HTVM | L45: 30 | M45: 69.99 | N45: 4506333
A46: 62e0b039244bcb6cd6cf8f57 | B46: STACKED SOLAR GNOME FIGURINE | I46: MW10018960 | J46: 849000000000 | L46: 30 | M46: 124.99 | N46: 10018960
A47: 6262e56c7348ae1f9ff19d97 | B47: 26 BRONZE DOGS WIND CHIMES | I47: MW10018631 | J47: B07H663ZHC | L47: 30 | M47: 69.99 | N47: 10018631
A48: 62d82b880facf10d3fc87ec3 | B48: Passat Ship Model | I48: MW14751 | L48: 30 | M48: 94.99 | N48: 14751
A49: 627aabba765d63852c71b134 | B49: EVA ROUND WOOD MIRROR WITH HOOK | I49: MW5001002 | J49: 849000000000 | K49: B07VB5QCQQ | L49: 30 | M49: 204.99 | N49: 5001002
A50: 62d82b980facf10d3fc884d4 | B50: White Wood Wall Mirror | I50: MW33666 | L50: 30 | M50: 94.99 | N50: 33666
A51: 62d82b9a0facf10d3fc88736 | B51: Tulip Oil Warmers Blue Red and Green (Set of 3) - Cute Home Candle Decoration. Essential oil warmer | I51: MW33646 | L51: 30 | M51: 49.99 | N51: 33646
A52: 62d82b900facf10d3fc880e8 | B52: SET of 2! Coconut Tree Candle Holders | I52: MW36006 | L52: 30 | M52: 69.99 | N52: 36006
A53: 62d82b980facf10d3fc88510 | B53: Cotton Padded Swing Chair Hammock | I53: MW34302 | L53: 30 | M53: 114.99 | N53: 34302
A54: 62d82b9a0facf10d3fc88687 | B54: Palm Tree Rattan Table Lamp | I54: MW37989 | L54: 30 | M54: 174.99 | N54: 37989
A55: 62d82b9b0facf10d3fc8879a | B55: Set of 2 White indoor/outdoor Railroad Candle Lanterns | I55: MW39572 | L55: 30 | M55: 54.99 | N55: 39572
A56: 62d82b6e0facf10d3fc8750f | B56: Set of 2 Rustic Antler Candle Holder | I56: MW38444 | L56: 30 | M56: 54.99 | N56: 38444
A57: 6164d2efc8c9f047953987f9 | B57: IBERIA BLACK AND GOLD VASE | I57: MW5001058 | J57: 849000000000 | L57: 30 | M57: 99.99 | N57: 5001058
A58: 6342557fc29bdb04c95372c4 | B58: Rose Metal Frame Caring Lantern | I58: MW10018524 | L58: 30 | M58: 69.99 | N58: 10018524
A59: 634255a2c29bdb165c537382 | B59: SET OF 3 TROPICAL MINI LANTERNS | I59: MW10019090 | L59: 30 | M59: 59.99 | N59: 10019090
A60: 633cfc585f9ec8eae468fa9f | B60: Baby Blue Hanging Railroad Lanterns | I60: MW10017408 | L60: 30 | M60: 59.99 | N60: 10017408
A61: 633cfc515f9ec80c8768fa6e | B61: Climbing Squirrel Decor | I61: MW10017279 | L61: 30 | M61: 89.99 | N61: 10017279
A62: 633cfc4c5f9ec808f268fa45 | B62: Rooster Wall Hook | I62: MW10017091 | L62: 30 | M62: 49.99 | N62: 10017091
A63: 633cfc445f9ec870ce68fa0f | B63: Garden Gate Solar Lantern | I63: MW10016222 | L63: 30 | M63: 99.99 | N63: 10016222
A64: 633cfc5c5f9ec8aa3168fab6 | B64: Photo Frame Tray | I64: MW10017442 | L64: 30 | M64: 89.99 | N64: 10017442
A65: 633cfc535f9ec8305968fa7c | B65: See Hear Speak Skulls Trio | I65: MW10017293 | L65: 30 | M65: 39.99 | N65: 10017293
A66: 63425598c29bdb1e8453735d | B66: ANTIQUE-STYLE FLORAL LANTERN | I66: MW10018607 | L66: 30 | M66: 69.99 | N66: 10018607
A67: 633cfc5b5f9ec8113f68fab1 | B67: Butterfly Garden Ceramic Stool | I67: MW10017413 | L67: 30 | M67: 244.99 | N67: 10017413
A68: 63425581c29bdb15a25372d2 | B68: Rose Metal Frame Family Lantern | I68: MW10018526 | L68: 30 | M68: 69.99 | N68: 10018526
A69: 63425591c29bdb262153732f | B69: Moroccan Birdcage Lantern | I69: MWD1082 | L69: 30 | M69: 69.99 | N69: D1082
A70: 63425582c29bdb08d85372e0 | B70: White Lace Victorian Style Lantern | I70: MW10018612 | L70: 30 | M70: 74.99 | N70: 10018612
A71: 62d82b7f0facf10d3fc87c64 | B71: Wild Western Water Fountain garden decor cowboy boots style pump included | I71: MW13056 | L71: 30 | M71: 269.99 | N71: 13056
A72: 633b3b482c02ac71cc308f6a | B72: On Strike Garden Gnome | I72: MW37095 | L72: 30 | M72: 74.99 | N72: 37095
A73: 633b3a9a2c02acbbf6308728 | B73: Fleur-De-Lis Mirrored Wall Sconce | I73: MW10016157 | L73: 30 | M73: 124.99 | N73: 10016157
A74: 633b3a8e2c02ace55f3086e5 | B74: Red Rooster Single Wall Rack | I74: MW10015877 | L74: 30 | M74: 69.99 | N74: 10015877
A75: 633b3a892c02ac42413086c2 | B75: Eiffel Tower Candle Holder | I75: MW10015674 | L75: 30 | M75: 99.99 | N75: 10015674
A76: 6272bc6542fb9a81a1437124 | B76: TEXAS STAR WALL DECOR | I76: MW10017000 | J76: 849000000000 | K76: B00XE4I4JI | L76: 30 | M76: 109.99 | N76: 10017000
A77: 62e0b031244bcbe863cf8eb1 | B77: White Wire Wall Shelf | I77: MW10018382 | J77: 849000000000 | L77: 30 | M77: 119.99 | N77: 10018382
A78: 61c47467f28eb70ec0f97a42 | B78: BUTTERFLY AND HEART WIND CHIMES | I78: MW10017701 | K78: B07FW42KHG | L78: 30 | M78: 54.99 | N78: 10017701
A79: 6233ac7aa5f7da0d1339f897 | B79: GREEN HUMMINGBIRD CHIMES | I79: MW12506 | J79: 849000000000 | K79: B00E8TXBDW | L79: 30 | M79: 39.99 | N79: 12506
A80: 62e0b035244bcb25b6cf8f20 | B80: PEACOCK THREE CANDLE WALL SCONCE | I80: MW10018915 | J80: 849000000000 | L80: 30 | M80: 119.99 | N80: 10018915
A81: 6302f284afa1422b0761eb10 | B81: Beach Hangout Birdhouse | I81: MW34715 | L81: 30 | M81: 69.99 | N81: 34715
A82: 62d82b6e0facf10d3fc87504 | B82: Green Glass Moroccan Candle Holder Hanging Lantern | I82: MW13244 | L82: 30 | M82: 54.99 | N82: 13244
A83: 61c4746ff28eb717a4f97ab3 | B83: LARGE AQUA FISH BOWL VASE | I83: MW10019133 | K83: B08D87BBJP | L83: 30 | M83: 119.99 | N83: 10019133
A84: 62ab963611e07354e801340c | B84: VINTAGE CAMPING LANTERN TABLE LAMP | I84: MW10017904 | J84: 849000000000 | L84: 30 | M84: 134.99 | N84: 10017904
A85: 6233ac84a5f7da403439f901 | B85: BUTTERFLY GLOWING STEPPING STONE | I85: MW4506303 | J85: 849000000000 | K85: B091MW187L | L85: 30 | M85: 59.99 | N85: 4506303
A86: 61e19ed4cd72a4a8f83d79d4 | B86: BINOCULARS SOLAR GNOME FIGURINE | I86: MW4506197 | K86: B0954RMF95 | L86: 30 | M86: 74.99 | N86: 4506197
A87: 6233ac7da5f7da1b2639f8c0 | B87: FOUR-TIER PLANT STAND SCREEN | I87: MW31339 | J87: 849000000000 | K87: B000VUZV4E | L87: 30 | M87: 114.99 | N87: 31339
A88: 6233ac7da5f7da63f239f8b9 | B88: CORNER PLANT STAND | I88: MW27128 | J88: 849000000000 | K88: B008YQ4PT4 | L88: 30 | M88: 104.99 | N88: 27128
A89: 6262e5897348aebceef19e80 | B89: RUSTIC WISHING WELL PLANTER | I89: MW14652S | J89: B0128EXQRE | L89: 30 | M89: 439.99 | N89: 14652S
A90: 627aabb3765d630e1071b0e8 | B90: MY WISH FOR YOU TREASURE BOXES | I90: MW14568 | J90: 849000000000 | K90: B00723M8D0 | L90: 30 | M90: 119.99 | N90: 14568
A91: 62ab961f11e073f75d01330c | B91: CLEAR GLASS MOROCCAN LANTERN | I91: MW14118 | J91: 849000000000 | L91: 30 | M91: 54.99 | N91: 14118
A92: 61c47471f28eb77b7bf97aba | B92: WHITE ABSTRACT VASE | I92: MW10019129 | K92: B08CVS9YQW | L92: 30 | M92: 54.99 | N92: 10019129
A93: 6262e5767348ae46e7f19dfb | B93: MOM AND BABY RABBIT FIGURINE | I93: MW10018807 | J93: B07PH62H8M | L93: 30 | M93: 94.99 | N93: 10018807
A94: 627aabc3765d63fc8871b1c5 | B94: OBLONG GALVANIZED METAL TRAY DUO | I94: MW10018833 | J94: 849000000000 | K94: B07NVKDBQZ | L94: 30 | M94: 99.99 | N94: 10018833
A95: 6262e56f7348ae4c98f19da5 | B95: GARDEN GNOME ON STRIKE | I95: MW10018696 | J95: B07JV7BQ9V | L95: 30 | M95: 69.99 | N95: 10018696
A96: 627aad23765d63f8b071b931 | B96: STATE-OF-THE-ART RECTANGLE SERVING TRAY | I96: MW10018679 | J96: 849000000000 | L96: 30 | M96: 119.99 | N96: 10018679
A97: 61c47469f28eb705e7f97a60 | B97: LOVE BLOOM HERE STEPPING STONE | I97: MW10018544 | K97: B07F2DBHK1 | L97: 30 | M97: 59.99 | N97: 10018544
A98: 627aabb5765d63e19371b107 | B98: ROOSTER DECORATIVE PLATE | I98: MW10018587 | J98: 849000000000 | K98: B07G9RPZBQ | L98: 30 | M98: 104.99 | N98: 10018587
A99: 613fd71affa731108edfc60b | B99: ROUND WOODEN MIRROR WITH SHELF | I99: MW10018522 | L99: 30 | M99: 134.99 | N99: 10018522
A100: 6290f7d38ea6ae617cac0e57 | B100: BUTTERFLY LILY CANDLEHOLDER | I100: MW10016360 | K100: B00PGE2OL8 | L100: 30 | M100: 54.99 | N100: 10016360
A101: 6272bc6142fb9affbb437108 | B101: ELEPHANT FAMILY CARVED DECOR | I101: MW10016143 | J101: 849000000000 | K101: B00NN2AGLU | L101: 30 | M101: 104.99 | N101: 10016143
A102: 62ab963011e073b6e90133d7 | B102: SCROLLWORK CANDLE STAND WITH VASE | I102: MW10015370 | J102: 849000000000 | L102: 30 | M102: 104.99 | N102: 10015370
A103: 62e0b03a244bcb9d65cf8f64 | B103: LOUNGING BEAR SOLAR LIGHT | I103: MW10018986 | J103: 849000000000 | L103: 30 | M103: 119.99 | N103: 10018986
A104: 62e0b02c244bcbb5d4cf8e6c | B104: Rooster 3-Tier Kitchen Basket | I104: MW10017861 | J104: 849000000000 | L104: 30 | M104: 119.99 | N104: 10017861
A105: 6233ac85a5f7da46f739f908 | B105: DRAGONFLY GLOWING STEPPING STONE | I105: MW4506305 | J105: 849000000000 | K105: B091M6CD8V | L105: 30 | M105: 59.99 | N105: 4506305
A106: 6345c1e207e2b8d707b87522 | B106: Lantern (Set of 2) 9'H Iron/Glass | I106: MR74069 | L106: 30 | M106: 89.99 | N106: 74069
A107: 613fd727ffa7313984dfc668 | B107: MIDNIGHT ELEGANCE CHANDELIER | I107: MW10015103 | L107: 30 | M107: 104.99 | N107: 10015103
A108: 6161bab2d2573c4d98b65323 | B108: BLACK MOROCCAN LACE STOOL | I108: MW10018467 | J108: 849000000000 | K108: B078FWFPQL | L108: 30 | M108: 114.99 | N108: 10018467
A109: 613fd726ffa731c001dfc661 | B109: CHEFS CIRCLE WINE BOTTLE HOLDER | I109: MW10019050 | L109: 30 | M109: 124.99 | N109: 10019050
A110: 61c47467f28eb7539af97a47 | B110: HUMMINGBIRD WIND CHIMES | I110: MW10017702 | K110: B07GD7SBQG | L110: 30 | M110: 54.99 | N110: 10017702
A111: 6262e5677348ae812ef19d73 | B111: SPINNING SOLAR POWERED LIGHTHOUSE | I111: MW10018310 | J111: B0781FWH97 | L111: 30 | M111: 109.99 | N111: 10018310
A112: 61c4746af28eb77148f97a74 | B112: CUPCAKE BAKERY BIRDHOUSE | I112: MW10018682 | K112: B07HNN2Y9B | L112: 30 | M112: 74.99 | N112: 10018682
A113: 62d82b9e0facf10d3fc88b2b | B113: Country Apple Plant Stand Shelf Holds 3-Flower Pot | I113: MW39857 | L113: 30 | M113: 124.99 | N113: 39857
A114: 617043bdaf65c08051366802 | B114: CUTE KITTY CAT DOOR STOPPER | I114: MW10015992 | J114: 849000000000 | K114: B00LNY1SN0 | L114: 30 | M114: 44.99 | N114: 10015992
A115: 627aad1a765d637dab71b8b9 | B115: INTERMIX LONG DISH | I115: MW10017345 | J115: 849000000000 | L115: 30 | M115: 79.99 | N115: 10017345
A116: 62d82b880facf10d3fc87eb0 | B116: Lion Guardian Crested Shield Home Garden Outdoor Decor Statue | I116: MW38624 | L116: 30 | M116: 229.99 | N116: 38624
A117: 610e8556e0c65e7e84c07aa4 | B117: ARCHED-TOP WALL MIRROR | I117: MW31586 | L117: 30 | M117: 94.99 | N117: 31586
A118: 62d82b910facf10d3fc8812e | B118: Celestial Glow Dark Step Stone | I118: MW39697 | L118: 30 | M118: 64.99 | N118: 39697
A119: 62d82b750facf10d3fc87815 | B119: Set of 2 Antique Style Scrollwork Candle Sconces Wall Decor | I119: MW32402 | L119: 30 | M119: 69.99 | N119: 32402
A120: 6233ac7ba5f7dadc1739f8a1 | B120: RAINBOW BUTTERFLY WIND CHIMES | I120: MW12507 | J120: 849000000000 | K120: B009LHIUU0 | L120: 30 | M120: 44.99 | N120: 12507
A121: 62d82b750facf10d3fc8782e | B121: Hanging Moroccan Candle Lantern and Stand Set | I121: MW12575 | L121: 30 | M121: 124.99 | N121: 12575
...

Sheet Sheet1
A1: 633b3a852c02acfc9b308668 | B1: Peaceful Buddha Oil Warmer | I1: MW10015345 | L1: 30 | M1: 44.99 | N1: 10015345
A2: 633b3a7c2c02ac3e73308634 | B2: Colonial Carved Side Table | I2: MW15081 | L2: 30 | M2: 199.99 | N2: 15081
A3: 633b3a7b2c02ace892308628 | B3: VICTORIAN HURRICANE LANTERN | I3: MW14633S | L3: 30 | M3: 64.99 | N3: 14633S
A4: 62e0b035244bcb1b45cf8f0d | B4: FLEUR-DE-LIS BOOKENDS | I4: MW10018862 | J4: 849000000000 | L4: 30 | M4: 124.99 | N4: 10018862
A5: 62e0b02f244bcb8101cf8e8f | B5: Sleek Wooden Wine Wall Rack | I5: MW10018167 | J5: 849000000000 | L5: 30 | M5: 169.99 | N5: 10018167
A6: 62e0b034244bcb376ecf8eed | B6: Playful Bunnies Bird Feeder | I6: MW10018695 | J6: 849000000000 | L6: 30 | M6: 109.99 | N6: 10018695
A7: 62e0b031244bcb9eeacf8eb6 | B7: Hanging Mirror With Faux Leather Strap | I7: MW10018489 | J7: 849000000000 | L7: 30 | M7: 104.99 | N7: 10018489
A8: 62e0b03e244bcb258fcf8f91 | B8: CHEF W/WIFI SIGN AND CLOCK | I8: MW10019052 | J8: 849000000000 | L8: 30 | M8: 109.99 | N8: 10019052
A9: 62e0b03b244bcb4b96cf8f6e | B9: FLEUR-DE-LIS WALL SCONCE | I9: MW10018992 | J9: 849000000000 | L9: 30 | M9: 109.99 | N9: 10018992
A10: 62e0b031244bcbaee9cf8ebb | B10: Golden Petals Wall Mirror | I10: MW10018490 | J10: 849000000000 | L10: 30 | M10: 99.99 | N10: 10018490
A11: 62e0b02e244bcb4d29cf8e80 | B11: Gold Royal Crown Wall Mirror | I11: MW10018072 | J11: 849000000000 | L11: 0 | M11: 104.99 | N11: 10018072
A12: 6233ac89a5f7dacf6439f921 | B12: NEUTRAL GARDEN DANGLING MINI POTS | I12: MW4506333 | J12: 849000000000 | K12: B099V4HTVM | L12: 30 | M12: 69.99 | N12: 4506333
A13: 62e0b039244bcb6cd6cf8f57 | B13: STACKED SOLAR GNOME FIGURINE | I13: MW10018960 | J13: 849000000000 | L13: 30 | M13: 124.99 | N13: 10018960
A14: 6262e56c7348ae1f9ff19d97 | B14: 26 BRONZE DOGS WIND CHIMES | I14: MW10018631 | J14: B07H663ZHC | L14: 30 | M14: 69.99 | N14: 10018631
A15: 62d82b880facf10d3fc87ec3 | B15: Passat Ship Model | I15: MW14751 | L15: 30 | M15: 94.99 | N15: 14751
A16: 627aabba765d63852c71b134 | B16: EVA ROUND WOOD MIRROR WITH HOOK | I16: MW5001002 | J16: 849000000000 | K16: B07VB5QCQQ | L16: 30 | M16: 204.99 | N16: 5001002
A17: 62d82b980facf10d3fc884d4 | B17: White Wood Wall Mirror | I17: MW33666 | L17: 30 | M17: 94.99 | N17: 33666
A18: 62d82b9a0facf10d3fc88736 | B18: Tulip Oil Warmers Blue Red and Green (Set of 3) - Cute Home Candle Decoration. Essential oil warmer | I18: MW33646 | L18: 30 | M18: 49.99 | N18: 33646
A19: 62d82b900facf10d3fc880e8 | B19: SET of 2! Coconut Tree Candle Holders | I19: MW36006 | L19: 30 | M19: 69.99 | N19: 36006
A20: 62d82b980facf10d3fc88510 | B20: Cotton Padded Swing Chair Hammock | I20: MW34302 | L20: 30 | M20: 114.99 | N20: 34302
A21: 62d82b9a0facf10d3fc88687 | B21: Palm Tree Rattan Table Lamp | I21: MW37989 | L21: 30 | M21: 174.99 | N21: 37989
A22: 62d82b9b0facf10d3fc8879a | B22: Set of 2 White indoor/outdoor Railroad Candle Lanterns | I22: MW39572 | L22: 30 | M22: 54.99 | N22: 39572
A23: 62d82b6e0facf10d3fc8750f | B23: Set of 2 Rustic Antler Candle Holder | I23: MW38444 | L23: 30 | M23: 54.99 | N23: 38444
A24: 6164d2efc8c9f047953987f9 | B24: IBERIA BLACK AND GOLD VASE | I24: MW5001058 | J24: 849000000000 | L24: 30 | M24: 99.99 | N24: 5001058
A25: 6342557fc29bdb04c95372c4 | B25: Rose Metal Frame Caring Lantern | I25: MW10018524 | L25: 30 | M25: 69.99 | N25: 10018524
A26: 634255a2c29bdb165c537382 | B26: SET OF 3 TROPICAL MINI LANTERNS | I26: MW10019090 | L26: 30 | M26: 59.99 | N26: 10019090
A27: 633cfc585f9ec8eae468fa9f | B27: Baby Blue Hanging Railroad Lanterns | I27: MW10017408 | L27: 30 | M27: 59.99 | N27: 10017408
A28: 633cfc515f9ec80c8768fa6e | B28: Climbing Squirrel Decor | I28: MW10017279 | L28: 30 | M28: 89.99 | N28: 10017279
A29: 633cfc4c5f9ec808f268fa45 | B29: Rooster Wall Hook | I29: MW10017091 | L29: 30 | M29: 49.99 | N29: 10017091
A30: 633cfc445f9ec870ce68fa0f | B30: Garden Gate Solar Lantern | I30: MW10016222 | L30: 30 | M30: 99.99 | N30: 10016222
A31: 633cfc5c5f9ec8aa3168fab6 | B31: Photo Frame Tray | I31: MW10017442 | L31: 30 | M31: 89.99 | N31: 10017442
A32: 633cfc535f9ec8305968fa7c | B32: See Hear Speak Skulls Trio | I32: MW10017293 | L32: 30 | M32: 39.99 | N32: 10017293
A33: 63425598c29bdb1e8453735d | B33: ANTIQUE-STYLE FLORAL LANTERN | I33: MW10018607 | L33: 30 | M33: 69.99 | N33: 10018607
A34: 633cfc5b5f9ec8113f68fab1 | B34: Butterfly Garden Ceramic Stool | I34: MW10017413 | L34: 30 | M34: 244.99 | N34: 10017413
A35: 63425581c29bdb15a25372d2 | B35: Rose Metal Frame Family Lantern | I35: MW10018526 | L35: 30 | M35: 69.99 | N35: 10018526
A36: 63425591c29bdb262153732f | B36: Moroccan Birdcage Lantern | I36: MWD1082 | L36: 30 | M36: 69.99 | N36: D1082
A37: 63425582c29bdb08d85372e0 | B37: White Lace Victorian Style Lantern | I37: MW10018612 | L37: 30 | M37: 74.99 | N37: 10018612
A38: 62d82b7f0facf10d3fc87c64 | B38: Wild Western Water Fountain garden decor cowboy boots style pump included | I38: MW13056 | L38: 30 | M38: 269.99 | N38: 13056
A39: 633b3b482c02ac71cc308f6a | B39: On Strike Garden Gnome | I39: MW37095 | L39: 30 | M39: 74.99 | N39: 37095
A40: 633b3a9a2c02acbbf6308728 | B40: Fleur-De-Lis Mirrored Wall Sconce | I40: MW10016157 | L40: 30 | M40: 124.99 | N40: 10016157
A41: 633b3a8e2c02ace55f3086e5 | B41: Red Rooster Single Wall Rack | I41: MW10015877 | L41: 30 | M41: 69.99 | N41: 10015877
A42: 633b3a892c02ac42413086c2 | B42: Eiffel Tower Candle Holder | I42: MW10015674 | L42: 30 | M42: 99.99 | N42: 10015674
A43: 6272bc6542fb9a81a1437124 | B43: TEXAS STAR WALL DECOR | I43: MW10017000 | J43: 849000000000 | K43: B00XE4I4JI | L43: 30 | M43: 109.99 | N43: 10017000
A44: 62e0b031244bcbe863cf8eb1 | B44: White Wire Wall Shelf | I44: MW10018382 | J44: 849000000000 | L44: 30 | M44: 119.99 | N44: 10018382
A45: 61c47467f28eb70ec0f97a42 | B45: BUTTERFLY AND HEART WIND CHIMES | I45: MW10017701 | K45: B07FW42KHG | L45: 30 | M45: 54.99 | N45: 10017701
A46: 6233ac7aa5f7da0d1339f897 | B46: GREEN HUMMINGBIRD CHIMES | I46: MW12506 | J46: 849000000000 | K46: B00E8TXBDW | L46: 30 | M46: 39.99 | N46: 12506
A47: 62e0b035244bcb25b6cf8f20 | B47: PEACOCK THREE CANDLE WALL SCONCE | I47: MW10018915 | J47: 849000000000 | L47: 30 | M47: 119.99 | N47: 10018915
A48: 6302f284afa1422b0761eb10 | B48: Beach Hangout Birdhouse | I48: MW34715 | L48: 30 | M48: 69.99 | N48: 34715
A49: 62d82b6e0facf10d3fc87504 | B49: Green Glass Moroccan Candle Holder Hanging Lantern | I49: MW13244 | L49: 30 | M49: 54.99 | N49: 13244
A50: 61c4746ff28eb717a4f97ab3 | B50: LARGE AQUA FISH BOWL VASE | I50: MW10019133 | K50: B08D87BBJP | L50: 30 | M50: 119.99 | N50: 10019133
A51: 62ab963611e07354e801340c | B51: VINTAGE CAMPING LANTERN TABLE LAMP | I51: MW10017904 | J51: 849000000000 | L51: 30 | M51: 134.99 | N51: 10017904
A52: 6233ac84a5f7da403439f901 | B52: BUTTERFLY GLOWING STEPPING STONE | I52: MW4506303 | J52: 849000000000 | K52: B091MW187L | L52: 30 | M52: 59.99 | N52: 4506303
A53: 61e19ed4cd72a4a8f83d79d4 | B53: BINOCULARS SOLAR GNOME FIGURINE | I53: MW4506197 | K53: B0954RMF95 | L53: 30 | M53: 74.99 | N53: 4506197
A54: 6233ac7da5f7da1b2639f8c0 | B54: FOUR-TIER PLANT STAND SCREEN | I54: MW31339 | J54: 849000000000 | K54: B000VUZV4E | L54: 30 | M54: 114.99 | N54: 31339
A55: 6233ac7da5f7da63f239f8b9 | B55: CORNER PLANT STAND | I55: MW27128 | J55: 849000000000 | K55: B008YQ4PT4 | L55: 30 | M55: 104.99 | N55: 27128
A56: 6262e5897348aebceef19e80 | B56: RUSTIC WISHING WELL PLANTER | I56: MW14652S | J56: B0128EXQRE | L56: 30 | M56: 439.99 | N56: 14652S
A57: 627aabb3765d630e1071b0e8 | B57: MY WISH FOR YOU TREASURE BOXES | I57: MW14568 | J57: 849000000000 | K57: B00723M8D0 | L57: 30 | M57: 119.99 | N57: 14568
A58: 62ab961f11e073f75d01330c | B58: CLEAR GLASS MOROCCAN LANTERN | I58: MW14118 | J58: 849000000000 | L58: 30 | M58: 54.99 | N58: 14118
A59: 61c47471f28eb77b7bf97aba | B59: WHITE ABSTRACT VASE | I59: MW10019129 | K59: B08CVS9YQW | L59: 30 | M59: 54.99 | N59: 10019129
A60: 6262e5767348ae46e7f19dfb | B60: MOM AND BABY RABBIT FIGURINE | I60: MW10018807 | J60: B07PH62H8M | L60: 30 | M60: 94.99 | N60: 10018807
A61: 627aabc3765d63fc8871b1c5 | B61: OBLONG GALVANIZED METAL TRAY DUO | I61: MW10018833 | J61: 849000000000 | K61: B07NVKDBQZ | L61: 30 | M61: 99.99 | N61: 10018833
A62: 6262e56f7348ae4c98f19da5 | B62: GARDEN GNOME ON STRIKE | I62: MW10018696 | J62: B07JV7BQ9V | L62: 30 | M62: 69.99 | N62: 10018696
A63: 627aad23765d63f8b071b931 | B63: STATE-OF-THE-ART RECTANGLE SERVING TRAY | I63: MW10018679 | J63: 849000000000 | L63: 47 | M63: 119.99 | N63: 10018679
A64: 61c47469f28eb705e7f97a60 | B64: LOVE BLOOM HERE STEPPING STONE | I64: MW10018544 | K64: B07F2DBHK1 | L64: 30 | M64: 59.99 | N64: 10018544
A65: 627aabb5765d63e19371b107 | B65: ROOSTER DECORATIVE PLATE | I65: MW10018587 | J65: 849000000000 | K65: B07G9RPZBQ | L65: 30 | M65: 104.99 | N65: 10018587
A66: 613fd71affa731108edfc60b | B66: ROUND WOODEN MIRROR WITH SHELF | I66: MW10018522 | L66: 30 | M66: 134.99 | N66: 10018522
A67: 6290f7d38ea6ae617cac0e57 | B67: BUTTERFLY LILY CANDLEHOLDER | I67: MW10016360 | K67: B00PGE2OL8 | L67: 30 | M67: 54.99 | N67: 10016360
A68: 6272bc6142fb9affbb437108 | B68: ELEPHANT FAMILY CARVED DECOR | I68: MW10016143 | J68: 849000000000 | K68: B00NN2AGLU | L68: 30 | M68: 104.99 | N68: 10016143
A69: 62ab963011e073b6e90133d7 | B69: SCROLLWORK CANDLE STAND WITH VASE | I69: MW10015370 | J69: 849000000000 | L69: 30 | M69: 104.99 | N69: 10015370
A70: 62e0b03a244bcb9d65cf8f64 | B70: LOUNGING BEAR SOLAR LIGHT | I70: MW10018986 | J70: 849000000000 | L70: 30 | M70: 119.99 | N70: 10018986
A71: 62e0b02c244bcbb5d4cf8e6c | B71: Rooster 3-Tier Kitchen Basket | I71: MW10017861 | J71: 849000000000 | L71: 30 | M71: 119.99 | N71: 10017861
A72: 6233ac85a5f7da46f739f908 | B72: DRAGONFLY GLOWING STEPPING STONE | I72: MW4506305 | J72: 849000000000 | K72: B091M6CD8V | L72: 30 | M72: 59.99 | N72: 4506305
A73: 613fd727ffa7313984dfc668 | B73: MIDNIGHT ELEGANCE CHANDELIER | I73: MW10015103 | L73: 30 | M73: 104.99 | N73: 10015103
A74: 6161bab2d2573c4d98b65323 | B74: BLACK MOROCCAN LACE STOOL | I74: MW10018467 | J74: 849000000000 | K74: B078FWFPQL | L74: 30 | M74: 114.99 | N74: 10018467
A75: 613fd726ffa731c001dfc661 | B75: CHEFS CIRCLE WINE BOTTLE HOLDER | I75: MW10019050 | L75: 30 | M75: 124.99 | N75: 10019050
A76: 61c47467f28eb7539af97a47 | B76: HUMMINGBIRD WIND CHIMES | I76: MW10017702 | K76: B07GD7SBQG | L76: 30 | M76: 54.99 | N76: 10017702
A77: 6262e5677348ae812ef19d73 | B77: SPINNING SOLAR POWERED LIGHTHOUSE | I77: MW10018310 | J77: B0781FWH97 | L77: 30 | M77: 109.99 | N77: 10018310
A78: 61c4746af28eb77148f97a74 | B78: CUPCAKE BAKERY BIRDHOUSE | I78: MW10018682 | K78: B07HNN2Y9B | L78: 30 | M78: 74.99 | N78: 10018682
A79: 62d82b9e0facf10d3fc88b2b | B79: Country Apple Plant Stand Shelf Holds 3-Flower Pot | I79: MW39857 | L79: 30 | M79: 124.99 | N79: 39857
A80: 617043bdaf65c08051366802 | B80: CUTE KITTY CAT DOOR STOPPER | I80: MW10015992 | J80: 849000000000 | K80: B00LNY1SN0 | L80: 30 | M80: 44.99 | N80: 10015992
A81: 627aad1a765d637dab71b8b9 | B81: INTERMIX LONG DISH | I81: MW10017345 | J81: 849000000000 | L81: 30 | M81: 79.99 | N81: 10017345
A82: 62d82b880facf10d3fc87eb0 | B82: Lion Guardian Crested Shield Home Garden Outdoor Decor Statue | I82: MW38624 | L82: 30 | M82: 229.99 | N82: 38624
A83: 610e8556e0c65e7e84c07aa4 | B83: ARCHED-TOP WALL MIRROR | I83: MW31586 | L83: 30 | M83: 94.99 | N83: 31586
A84: 62d82b910facf10d3fc8812e | B84: Celestial Glow Dark Step Stone | I84: MW39697 | L84: 30 | M84: 64.99 | N84: 39697
A85: 62d82b750facf10d3fc87815 | B85: Set of 2 Antique Style Scrollwork Candle Sconces Wall Decor | I85: MW32402 | L85: 30 | M85: 69.99 | N85: 32402
A86: 6233ac7ba5f7dadc1739f8a1 | B86: RAINBOW BUTTERFLY WIND CHIMES | I86: MW12507 | J86: 849000000000 | K86: B009LHIUU0 | L86: 30 | M86: 44.99 | N86: 12507
A87: 62d82b750facf10d3fc8782e | B87: Hanging Moroccan Candle Lantern and Stand Set | I87: MW12575 | L87: 30 | M87: 124.99 | N87: 12575
A88: 62d82b710facf10d3fc87641 | B88: Blue Lighthouse Lantern | I88: MW10019087 | L88: 30 | M88: 74.99 | N88: 10019087
A89: 62d82b8a0facf10d3fc87f3e | B89: Ornate White Filigree Scrollwork Candle Lantern | I89: MW38332 | L89: 30 | M89: 54.99 | N89: 38332
A90: 613fd71fffa731dd13dfc627 | B90: BLACK LANTERN TABLETOP FOUNTAIN (INCL. PUMP) | I90: MW10019067 | L90: 30 | M90: 89.99 | N90: 10019067
A91: 6302f280afa1428d7861eabc | B91: Stainless Steel Dragon Mug | I91: MW15132 | L91: 30 | M91: 74.99 | N91: 15132
A92: 6164d2d9c8c9f0aea039860f | B92: LUCKY ELEPHANTS TUSK SCULPTURE | I92: MW39349 | J92: 849000000000 | L92: 30 | M92: 104.99 | N92: 39349
A93: 611abc11ae1aae4d74aea4ca | B93: OCEAN BLUE LIGHTHOUSE CANDLE LAMP | I93: MW15217 | L93: 30 | M93: 74.99 | N93: 15217
A94: 62d82b7f0facf10d3fc87c34 | B94: Rustic Garden Wooden Lantern Indoor/outdoor | I94: MW10015437 | L94: 30 | M94: 74.99 | N94: 10015437
A95: 6302f27eafa142458761ea7d | B95: Rustic Silver Contemporary Candle Lantern | I95: MW14125 | L95: 30 | M95: 64.99 | N95: 14125
A96: 62d82b8a0facf10d3fc87f48 | B96: Flock O‚Äô Flamingos Flamingo Decor | I96: MW13771 | L96: 30 | M96: 99.99 | N96: 13771
A97: 60f5bbe385b713defe56d85b | B97: Shabby Chic Tray Table | I97: MW33139 | L97: 30 | M97: 144.99 | N97: 33139
A98: 62d82b8f0facf10d3fc880b3 | B98: SET: Regal Lion Statue Duo Garden Decor | I98: MW15158 | L98: 30 | M98: 339.99 | N98: 15158
A99: 617043cbaf65c0d81a366880 | B99: SMALL SILVER GLITTER TREE | I99: MW10018480 | J99: 849000000000 | K99: B07FDY77PX | L99: 0 | M99: 39.99 | N99: 10018480
A100: 62d82b8f0facf10d3fc88088 | B100: Patriotic Eagle Statue Sculpture | I100: MW32419 | L100: 30 | M100: 119.99 | N100: 32419
...

Sheet MR DATA
A1: Item. | B1: sku | C1: title | D1: quantity | E1: ETA1 | F1: PricePerUnit | G1: PriceFreeFreight | H1: SuggestedRetail
A2: 13066DS | B2: 13066 | C2: Baskets (Set of 2) 12"H, 18"H Rattan | D2: 61 | F2: 52.5 | G2: 66.5 | H2: 118.99
A3: 28024DS | B3: 28024 | C3: Mixed Pine Tree 650 Lights, 1672 Tips 7.5' PVC/Plastic/Metal Stand | D3: 0 | E3: Discontinued | F3: 290 | G3: 0 | H3: 0
A4: 28025DS | B4: 28025 | C4: Mixed Pine w/800 Lights, 2064 Tips, 9' PVC/Plastic/Metal Stand | D4: 0 | E4: Discontinued | F4: 345 | G4: 0 | H4: 0
A5: 28076DS | B5: 28076 | C5: Lantern (Set of 3) 14"H, 17"H, 20"H Metal/Glass | D5: 686 | F5: 47 | G5: 61 | H5: 108
A6: 28081DS | B6: 28081 | C6: Lantern (Set of 3) 14"H, 17"H, 20"H Metal/Glass | D6: 641 | F6: 47 | G6: 61 | H6: 108
A7: 32506DS | B7: 32506 | C7: Sequin/Beaded Butterfly Spray (Set of 12) 28"L Plastic | D7: 0 | E7: Discontinued | F7: 37.25 | G7: 51.25 | H7: 88.99
A8: 32514DS | B8: 32514 | C8: Sequin/Beaded Phoenix Spray (Set of 12) 24"L Polyester | D8: 0 | E8: Discontinued | F8: 33 | G8: 47 | H8: 79.99
A9: 34596DS | B9: 34596 | C9: Butterfly Pattern Tablecloth w/4 Candle Holders (6 Sets) 54"SQ, 3.5"H Satin/Glass | D9: 0 | E9: Discontinued | F9: 40 | G9: 54 | H9: 93.99
A10: 37200DS | B10: 37200 | C10: Styrofoam Balls in PVC Tube (6 Tubes) 3.5"Dx11"H Styrofoam/Plastic | D10: 0 | E10: Discontinued | F10: 19.58 | G10: 33.58 | H10: 53.99
A11: 37202DS | B11: 37202 | C11: Dcor Spheres (12 PVC Tubes) 3.5"Dx11"H Styrofoam/Plastic | D11: 11 | F11: 33.75 | G11: 47.75 | H11: 81.99
A12: 37203DS | B12: 37203 | C12: Styrofoam Balls in PVC Tube (6 Tubes) 3.5"Dx11"H Styrofoam/Plastic | D12: 0 | E12: Discontinued | F12: 19.58 | G12: 33.58 | H12: 53.99
A13: 38158DS | B13: 38158 | C13: Praying Angel (Set of 2) 16.5"H Polyresin | D13: 0 | E13: Discontinued | F13: 47.75 | G13: 66.75 | H13: 114.99
A14: 38400DS | B14: 38400 | C14: Daisy Wreath 23"D Polyester | D14: 102 | F14: 45.75 | G14: 59.75 | H14: 105.99
A15: 38401DS | B15: 38401 | C15: Daisy Wreath 23"D Polyester | D15: 165 | F15: 45.75 | G15: 59.75 | H15: 105.99
A16: 38452DS | B16: 38452 | C16: Angel Birdfeeder 23"H Dolomite | D16: 34 | F16: 56.5 | G16: 80.5 | H16: 136.99
A17: 38465DS | B17: 38465 | C17: Potted Fern (Set of 3) 14"H Plastic | D17: 30 | F17: 60.75 | G17: 74.75 | H17: 135.99
A18: 38485DS | B18: 38485 | C18: Lantern (Set of 3) 16.5"H, 22"H, 29"H Metal/Glass | D18: 0 | E18: Discontinued | F18: 88.5 | G18: 112.5 | H18: 200.99
A19: 38489DS | B19: 38489 | C19: Lantern (Set of 3) 12"H, 19"H, 27.5"H Metal/Glass | D19: 91 | F19: 80.25 | G19: 104.25 | H19: 184.99
A20: 38524DS | B20: 38524 | C20: Candle Holder w/Lid (Set of 2) 16.5"H, 18"H Glass/Metal | D20: 0 | E20: Discontinued | F20: 51.5 | G20: 65.5 | H20: 116.99
A21: 38593DS | B21: 38593 | C21: LED Wax Pillar Candle (Set of 6) 3"Dx4"H Wax/Plastic - 2 C Batteries Not Incld. | D21: 39 | F21: 46.25 | G21: 60.25 | H21: 106.5
A22: 38594DS | B22: 38594 | C22: LED Wax Pillar Candle (Set of 6 ) 3"Dx6"H Wax/Plastic - 2 C Batteries Not Incld. | D22: 6 | F22: 62.75 | G22: 76.75 | H22: 139.99
A23: 38595DS | B23: 38595 | C23: LED Wax Pillar Candle (Set of 4) 3"Dx8"H Wax/Plastic - 2 C Batteries Not Incld. | D23: 0 | E23: Discontinued | F23: 47.5 | G23: 61.5 | H23: 108.99
A24: 38596DS | B24: 38596 | C24: LED Wax Pillar Candle (Set of 4) 4"Dx5"H Wax/Plastic - 2 D Batteries Not Incld. | D24: 13 | F24: 58.75 | G24: 72.75 | H24: 131.99
A25: 38600DS | B25: 38600 | C25: LED Wax Dripping Pillar Candle (Set of 4) 3"Dx4"H Wax/Plastic - 2 C Batteries Not Incld. | D25: 274 | F25: 31 | G25: 45 | H25: 76
A26: 38601DS | B26: 38601 | C26: LED Wax Dripping Pillar Candle (Set of 4) 3"Dx6"H Wax/Plastic - 2 C Batteries Not Incld. | D26: 229 | F26: 36 | G26: 50 | H26: 86
A27: 38602DS | B27: 38602 | C27: LED Wax Dripping Pillar Candle (Set of 3) 3"Dx8"H Wax/Plastic - 2 C Batteries Not Incld. | D27: 99 | F27: 34 | G27: 48 | H27: 82
A28: 38603DS | B28: 38603 | C28: LED Wax Dripping Pillar Candle (Set of 3) 4"Dx5"H Wax/Plastic - 2 D Batteries Not Incld. | D28: 211 | F28: 41 | G28: 55 | H28: 96
A29: 40369DS | B29: 40369 | C29: Glitter Ball Stem (Set of 6) 42"L PET/Wire | D29: 0 | E29: Discontinued | F29: 19.75 | G29: 33.75 | H29: 53.99
A30: 41222DS | B30: 41222 | C30: 2.5" x 10 Yds. (12 Rolls) Wired Polyester | D30: 0 | E30: Discontinued | F30: 29.75 | G30: 43.75 | H30: 73.99
A31: 41312DS | B31: 41312 | C31: 2.5" x 10 Yds. (12 Rolls) Wired Polyester | D31: 0 | E31: Discontinued | F31: 27.6 | G31: 40.6 | H31: 67.99
A32: 42021DS | B32: 42021 | C32: Summer Garden Trumpet Wreath 20''D Fabric | D32: 0 | E32: 1/5/2023 | F32: 27 | G32: 41 | H32: 68
A33: 42097DS | B33: 42097 | C33: LED Flickering Tea Light w/6 Hr Timer (Set of 12) 1"H Plastic (2 CR2450 Lithium Batt Incld.) | D33: 95 | F33: 39 | G33: 53 | H33: 92
A34: 42650DS | B34: 42650 | C34: Lantern (Set of 3) 11.5"H,16"H,24"H Metal/Glass | D34: 127 | F34: 65.5 | G34: 79.5 | H34: 145
A35: 42752DS | B35: 42752 | C35: 1.5" x 10 Yds. (18 Rolls) Wired Nylon/Polyester | D35: 0 | E35: Discontinued | F35: 30.75 | G35: 44.75 | H35: 75.99
A36: 42754DS | B36: 42754 | C36: 1.5" x 10 Yds. (18 Rolls) Wired Nylon | D36: 0 | E36: Discontinued | F36: 29.25 | G36: 43.25 | H36: 72.99
A37: 42804DS | B37: 42804 | C37: LED Mini Pillar Candle w/Timer (Set of 12) 1.4"Dx3"H Wax/Plastic - 2 AA Batt Not Inlcd | D37: 13 | F37: 61.25 | G37: 75.25 | H37: 136.5
A38: 42805DS | B38: 42805 | C38: LED Mini Pillar Candle w/Timer (Set of 12) 1.4"Dx3"H Wax/Plastic - 2 AA Batt Not Inlcd | D38: 34 | F38: 61.25 | G38: 75.25 | H38: 136.5
A39: 44343DS | B39: 44343 | C39: Cape Gooseberry Wreath 20"D Twig/Fabric | D39: 893 | F39: 46 | G39: 60 | H39: 105.99
A40: 44358DS | B40: 44358 | C40: Lg Glitter Bow (Set of 18) 16"L Paper/Plastic | D40: 0 | E40: Discontinued | F40: 25.2 | G40: 38.2 | H40: 62.99
A41: 44363DS | B41: 44363 | C41: Sm Glitter Bow (Set of 24) 12"L Paper/Plastic | D41: 0 | E41: Discontinued | F41: 22.75 | G41: 36.75 | H41: 59.99
A42: 45062DS | B42: 45062 | C42: 4.25" x 5 Yds. (4 Rolls)) Wired Polyester | D42: 0 | E42: Discontinued | F42: 24.5 | G42: 38.5 | H42: 62.99
A43: 45274DS | B43: 45274 | C43: Lantern (Set of 3) 11.5", 17", 24"H Metal/Glass | D43: 268 | F43: 66.5 | G43: 85.5 | H43: 151.99
A44: 45374DS | B44: 45374 | C44: LED Wax Dripping Pillar Candle (Set of 4) 3"Dx4"H Wax/Plastic - 2 C Batteries Not Incld. | D44: 46 | F44: 31 | G44: 45 | H44: 76
A45: 45375DS | B45: 45375 | C45: LED Wax Dripping Pillar Candle (Set of 4) 3"Dx6"H Wax/Plastic - 2 C Batteries Not Incld. | D45: 88 | F45: 36 | G45: 50 | H45: 86
A46: 45376DS | B46: 45376 | C46: LED Wax Dripping Pillar Candle (Set of 3) 3"Dx8"H Wax/Plastic - 2 C Batteries Not Incld. | D46: 26 | F46: 38.5 | G46: 52.5 | H46: 90.99
A47: 45396DS | B47: 45396 | C47: Ribbon 15'L (12 Rolls) Paper/Plastic | D47: 0 | E47: Discontinued | F47: 45 | G47: 59 | H47: 103.99
A48: 45400DS | B48: 45400 | C48: LED Taper Candle (Set of 6) 9"H Wax/Plastic - 2 AA Batteries Not Incld. | D48: 0 | E48: Discontinued | F48: 43 | G48: 57 | H48: 99.99
A49: 45401DS | B49: 45401 | C49: LED Taper Candle (Set of 6) 9"H Wax/Plastic - 2 AA Batteries Not Incld. | D49: 0 | E49: Discontinued | F49: 43 | G49: 57 | H49: 99.99
A50: 46175DS | B50: 46175 | C50: Love/Laugh/Hope/Dream Butterfly Plaque (Set of 4) 24"L Tin | D50: 0 | E50: Discontinued | F50: 43.75 | G50: 57.75 | H50: 101.99
A51: 46234DS | B51: 46234 | C51: Lantern (Set of 3)11", 16", 21"H Metal/Glass | D51: 41 | F51: 60.5 | G51: 74.5 | H51: 134.99
A52: 46278DS | B52: 46278 | C52: Standing Flowers (Set of 3) 16", 18", 22"H Resin | D52: 0 | E52: 12/9/2022 | F52: 58.75 | G52: 77.75 | H52: 136.99
A53: 46492DS | B53: 46492 | C53: Angel (Set of 3) 13"H Polyresin | D53: 0 | E53: 1/20/2023 | F53: 58.25 | G53: 72.25 | H53: 130.99
A54: 46505DS | B54: 46505 | C54: Spool Of Yarn Vase (Set of 6) 7", 9", 10.5"H Dolomite | D54: 9 | F54: 24.5 | G54: 38.5 | H54: 62.99
A55: 46615DS | B55: 46615 | C55: Bird Decoration (Set of 12) 4"L Polyresin | D55: 0 | E55: 12/31/2022 | F55: 47 | G55: 61 | H55: 107.99
A56: 46660DS | B56: 46660 | C56: Geranium Bush (Set of 6) 13"H Polyester | D56: 0 | E56: Discontinued | F56: 28.38 | G56: 41.38 | H56: 69.99
A57: 46790DS | B57: 46790 | C57: 1.5" x 10 Yds. (12 Rolls) Wired Woven Polyester | D57: 0 | E57: Discontinued | F57: 28.8 | G57: 41.8 | H57: 69.99
A58: 46796DS | B58: 46796 | C58: 1.5" x 10 Yds. (12 Rolls) Wired Woven Polyester | D58: 0 | E58: Discontinued | F58: 27 | G58: 41 | H58: 67.99
A59: 46858DS | B59: 46858 | C59: LED Wax Dripping Pillar Candle (Set of 6) 1.75"Dx4"H Wax/Plastic - 2 AA Batteries Not Incld. | D59: 27 | F59: 30.75 | G59: 44.75 | H59: 75.5
A60: 46859DS | B60: 46859 | C60: LED Wax Dripping Pillar Candle (Set of 6) 1.75"Dx6"H Wax/Plastic - 2 AA Batteries Not Incld. | D60: 0 | E60: Discontinued | F60: 44.5 | G60: 58.5 | H60: 102.99
A61: 46860DS | B61: 46860 | C61: LED Wax Dripping Pillar Candle (Set of 4 ) 1.75"Dx8"H Wax/Plastic - 2 AA Batteries Not Incld. | D61: 0 | E61: Discontinued | F61: 36.75 | G61: 50.75 | H61: 87.99
A62: 46864DS | B62: 46864 | C62: LED Wax Pillar Candle (Set of 6 ) 1.75"Dx6"H Wax/Plastic - 2 AA Batteries Not Incld. | D62: 0 | E62: Discontinued | F62: 39.1 | G62: 53.1 | H62: 92.99
A63: 46865DS | B63: 46865 | C63: LED Wax Pillar Candle (Set of 6) 1.75"Dx8"H Wax/Plastic - 2 AA Batteries Not Incld. | D63: 0 | E63: Discontinued | F63: 49.5 | G63: 63.5 | H63: 112.99
A64: 46882DS | B64: 46882 | C64: Dream/Relax/Bloom Wall Hook (Set of 12) 8.5"L MDF | D64: 0 | E64: Discontinued | F64: 32 | G64: 46 | H64: 77.99
A65: 48001DS | B65: 48001 | C65: Ornament Display Pick (Set of 12) - 23"H Wire | D65: 0 | E65: Discontinued | F65: 20.16 | G65: 34.16 | H65: 54.99
A66: 48002DS | B66: 48002 | C66: Ornament Display Pick (Set of 12) - 26"H Wire | D66: 0 | E66: Discontinued | F66: 27 | G66: 41 | H66: 67.99
A67: 48153DS | B67: 48153 | C67: Glitter Spiral Spray (Set of 12) 32"L Polyester | D67: 0 | E67: Discontinued | F67: 27.6 | G67: 41.6 | H67: 69.99
A68: 48586DS | B68: 48586 | C68: Martini Glass Headband (Set of 4) 11", 13"H Polyester | D68: 0 | E68: Discontinued | F68: 27.75 | G68: 41.75 | H68: 69.99
A69: 48698DS | B69: 48698 | C69: LED Melted Glitter Candle (Set of 2) 3"Dx6"H Wax/Plastic - 2C Batteries not Incld | D69: 0 | E69: Discontinued | F69: 18.72 | G69: 32.72 | H69: 51.99
A70: 48964DS | B70: 48964 | C70: Flocked Tree w/Burlap Base 35 Clear Bright Lights 36"H PVC/Metal/Burlap | D70: 0 | F70: 45.75 | G70: 59.75 | H70: 105.99
A71: 48965DS | B71: 48965 | C71: Flocked Tree w/Burlap Base 100 Clear Bright Lights 48"H PVC/Metal/Burlap | D71: 38 | F71: 73.5 | G71: 92.5 | H71: 165.99
A72: 49006DS | B72: 49006 | C72: 4" x 10 Yds. (3 Rolls) Wired Polyester/Acrylic | D72: 0 | E72: Discontinued | F72: 23.48 | G72: 36.48 | H72: 59.99
A73: 49097DS | B73: 49097 | C73: 2.5" x 10 Yds. Wired Polyester/Metallic | D73: 0 | E73: Discontinued | F73: 36 | G73: 50 | H73: 85.99
A74: 49111DS | B74: 49111 | C74: Lantern (Set of 3) 15"H, 20.5"H, 27.5"H Metal/Glass | D74: 0 | E74: 1/24/2023 | F74: 70.25 | G74: 89.25 | H74: 159.99
A75: 49112DS | B75: 49112 | C75: Lantern (Set of 3) 19.75"H, 28"H, 37"H Metal/Glass | D75: 234 | F75: 100.25 | G75: 119.25 | H75: 219.99
A76: 49117DS | B76: 49117 | C76: Lantern Wreath Holder 43.5"H Metal/Glass | D76: 157 | F76: 25.5 | G76: 39.5 | H76: 65
A77: 49231DS | B77: 49231 | C77: Zipper Snowflake Orn (Set of 6) 7.5"D Polyester | D77: 0 | E77: Discontinued | F77: 21.5 | G77: 35.5 | H77: 56.99
A78: 49250DS | B78: 49250 | C78: Tree Display Arm - Adjustable (Set of 6) 13"-18",16"-23",20"-31" Metal | D78: 0 | E78: Discontinued | F78: 24 | G78: 38 | H78: 73.99
A79: 49751DS | B79: 49751 | C79: Deer/Bird Orn (Set of 12) 5"L Plastic | D79: 0 | E79: Discontinued | F79: 32.25 | G79: 46.25 | H79: 78.99
A80: 49807DS | B80: 49807 | C80: Zipper Flower w/Bead Orn (Set of 6) 5.5"D Polyester | D80: 0 | E80: Discontinued | F80: 20.75 | G80: 34.75 | H80: 55.99
A81: 50036DS | B81: 50036 | C81: Butterfly Spray (Set of 12) 28"L Polyester/Wire | D81: 0 | E81: Discontinued | F81: 20.16 | G81: 34.16 | H81: 54.99
A82: 50169DS | B82: 50169 | C82: Paper Ribbon (8 Rolls) 2.5" x 10 Yds Paper | D82: 0 | E82: Discontinued | F82: 21.6 | G82: 35.6 | H82: 57.99
A83: 50170DS | B83: 50170 | C83: Paper Ribbon (8 Rolls) 2.5" x 10 Yds Paper | D83: 0 | E83: Discontinued | F83: 21.6 | G83: 35.6 | H83: 57.99
A84: 50182DS | B84: 50182 | C84: Butterfly Table Cloth 96"D Polyester | D84: 0 | E84: Discontinued | F84: 18 | G84: 31 | H84: 48.99
A85: 50202DS | B85: 50202 | C85: Lanterns w/LED Candle (Set of 3) w/6 Hour Timer 13"H Plastic/Glass | D85: 153 | F85: 64 | G85: 78 | H85: 142
A86: 50206DS | B86: 50206 | C86: Lantern w/3"x6" LED Candle (Set of 2) 14.75"H | D86: 159 | F86: 46 | G86: 60 | H86: 106
A87: 50209DS | B87: 50209 | C87: Lantern w/3"x3" LED Candle (Set of 2) 12.25"H Iron/Glass/Plastic - 2 AA Batteries Not Incld. | D87: 301 | F87: 30.75 | G87: 44.75 | H87: 75.5
A88: 50219DS | B88: 50219 | C88: Lantern w/3"x3" LED Candle (Set of 2) 12.25"H Iron/Glass/Plastic - 2 AA Batteries Not Incld. | D88: 265 | F88: 29 | G88: 43 | H88: 72
A89: 50220DS | B89: 50220 | C89: Lantern (Set of 3) 11.75"H-22"H Iron/Glass | D89: 226 | F89: 58 | G89: 72 | H89: 130
A90: 50230DS | B90: 50230 | C90: Lantern (Set of 2) 14.25"H, 23.5"H Wood/Iron/Glass | D90: 254 | F90: 62.75 | G90: 81.75 | H90: 144.99
A91: 50511DS | B91: 50511 | C91: Potted Succulent (Set of 5) 4"H-7.5"H Plastic/Terracotta | D91: 145 | F91: 21 | G91: 35 | H91: 56
A92: 50603DS | B92: 50603 | C92: Floppy Eared Rabbits (Set of 2) 16.75"H Polystone | D92: 33 | F92: 52.5 | G92: 66.5 | H92: 118.99
A93: 50909DS | B93: 50909 | C93: 1.5" x 10 Yds. (12 Rolls)Wired Polyester | D93: 0 | E93: Discontinued | F93: 28.8 | G93: 41.8 | H93: 69.99
A94: 50923DS | B94: 50923 | C94: 2.5" x 10 Yds. ( 12 Rolls) Wired Nylon | D94: 0 | E94: Discontinued | F94: 27 | G94: 40 | H94: 66.99
A95: 50924DS | B95: 50924 | C95: 2.5" x 10 Yds. (6 Rolls) Wired Nylon | D95: 0 | E95: Discontinued | F95: 20.94 | G95: 34.94 | H95: 55.99
A96: 50937DS | B96: 50937 | C96: 1.5" x 10 Yds. (8 Rolls) Wired Polyester | D96: 0 | E96: Discontinued | F96: 21.6 | G96: 35.6 | H96: 57.99
A97: 50941DS | B97: 50941 | C97: 2.5" x 10 Yds. (6 Rolls) Wired Polyester | D97: 0 | E97: Discontinued | F97: 47.28 | G97: 61.28 | H97: 108.99
A98: 50942DS | B98: 50942 | C98: 2.5" x 10 Yds. (12 Rolls) Wired Polyester | D98: 0 | E98: Discontinued | F98: 47.28 | G98: 61.28 | H98: 108.99
A99: 50943DS | B99: 50943 | C99: 1.5" x 10 Yds. (12 Rolls) Wired Nylon | D99: 0 | E99: Discontinued | F99: 21 | G99: 34 | H99: 54.99
A100: 52161DS | B100: 52161 | C100: Scroll Pick w/Jewels and Spider (Set of 12) 32"L Wire | D100: 0 | E100: Discontinued | F100: 40.56 | G100: 54.56 | H100: 95.99
...

Sheet MWG DATA
A1: Item # | B1: Product Name | C1: Weight | D1: Description | E1: Wholesale Price | F1: MSRP | G1: Quantity Available | H1: UPC Code
A2: 10018083 | B2: Black Mini Contemporary Lantern | C2: 0.8 | D2: <p>Place a candle or LED of your choice inside the lantern to illuminate your space in a soft and serene glow. Use to create a centerpiece for parties or special events, display on a countertop or coffee table, or light up your outdoor space with flickering light. This lantern is the perfect way to enhance your home's decor!</p> <ul> <li>The lantern weighs 0.8 lbs and measures 3.62 x 4 x 8.75" high.</li> <li>This beautifully crafted lantern made of iron and glass is both durable and stunning</li> <li>Either hanging or stationary, this lantern will cast beautiful light wherever you display it! Removable glass and wood panel allows the easy replacement of your choice of candle or LED to light up the space and create a memorable home decor piece.</li> <li>To clean your lighting decor dust lightly or wipe with damp cloth as needed.</li> <li>This little lantern is the perfect lighting accent for even the smallest space. The sleek black framework is contemporary and cool, while the clear glass panels let the light from your favorite candle shine through. It's great indoors or outside!</li> </ul> | E2: 17.1 | F2: 27.95 | G2: 0 | H2: 849179032623
A3: 12047 | B3: Artisan Deco Bowl & Balls | C3: 2 | D3: Instantly create a striking centerpiece anywhere and add a dash of tribal flair! Striking tribal carvings add textural interest to a trio of decorative balls and matching wooden bowl. For decorative purposes only. MDF wood. Bowl: 11 1/2" diameter x 3 1/2" high; each ball is approx. 3 1/2" diameter. Set. UPC: 849179000561 | E3: 19.44 | F3: 39.95 | G3: 240 | H3: 849179000561
A4: 12053 | B4: Artisan Leaf Vase | C4: 2.7 | D4: Simple and striking, this circular wooden vase serves beautifully as a handsome backdrop for a grouping smaller objects, or on its own as a dramatic focal point. Graceful carved leaf adds natural appeal. Decorative purposes only. MDF wood. 13" x 4" x 11 1/2" high. UPC: 849179000578 | E4: 0 | F4: 30.95 | G4: 0 | H4: 0
A5: 12109 | B5: Fairy & Unicorn Figurine | C5: 1.6 | D5: A raven-haired fairy maiden and her unicorn companion share a moment of friendship; a storybook fantasy brought beautifully to life! Weight 1.6 lbs. Polyresin/powderstone blend. 5 1/4" x 4" x 8 1/4" high. UPC: 849179000165 | E5: 24.34 | F5: 58.95 | G5: 0 | H5: 0
A6: 12117 | B6: Sunfire Glass Vase | C6: 3.5 | D6: Brilliant reds and golds glow in any light, bringing a burst of color to any room. Add your favorite blooms to this striking glass vase for a breathtakingly beautiful focus piece! Decorative purposes only. Weight 3.5 lbs. Glass. 5 1/2" x 3" x 9" high. UPC: 849179010188 | E6: 45.9 | F6: 72.95 | G6: 240 | H6: 849179010188
A7: 12266 | B7: Guarding Dragon Accent Table | C7: 16.5 | D7: <p>Remarkably durable and stylish, this table will be the ideal addition for your living room, bathroom or bedroom for years to come. This table is made of high quality materials that are not only sturdy, but tasteful as well and can serve as a side table, end table, coffee table, etc. Versatile and classy, this table will look amazing anywhere you put it and will accent your home decor perfectly!</p> <ul> <li>The table weighs 16.5 lbs and measures 19 x 19 x 23.25" high.</li> <li>Made of polyresin and tempered glass to create functional and durable home d&eacute;cor</li> <li>This versatile table provides both storage and function, allowing you to store books, enjoy food &amp; coffee, or display flowers and treasures. Works great as an end table, laptop table, snack table or coffee table while simultaneously being a stylish home decor piece.</li> <li>To clean your table dust lightly or wipe with damp cloth as needed.</li> <li>Stunning stone-look statue table features a hissing dragon standing guard over his lord&rsquo;s treasure trove. Styled to resemble centuries-old castle gargoyles, this is a worthy decoration for the chamber of any king!</li> </ul> | E7: 108.73 | F7: 263.95 | G7: 0 | H7: 0
A8: 12287 | B8: Clear Glass Star Lantern | C8: 0.8 | D8: <p>Place a candle or LED of your choice inside the lantern to illuminate your space in a soft and serene glow. Use to create a centerpiece for parties or special events, display on a countertop or coffee table, or light up your outdoor space with flickering light. This lantern is the perfect way to enhance your home's decor!</p> <ul> <li>The lantern weighs 0.8 lbs. and measures 10.25 inches by 3.5 inches by 9.5 inches.</li> <li>This beautifully crafted lantern made of iron and glass is both durable and stunning.</li> <li>Either hanging or stationary, this lantern will cast beautiful light wherever you display it! Removable glass and wood panel allows the easy replacement of your choice of candle or LED to light up the space and create a memorable home d&eacute;cor piece.</li> <li>To clean your lighting d&eacute;cor dust lightly or wipe with a damp cloth as needed.</li> <li>Add a candle to this five-pointed star to fill the night with celestial light! Artistic hanging lantern features ornate panels of clearest glass set into a wrought-iron frame.</li> </ul> | E8: 12.24 | F8: 22.95 | G8: 0 | H8: 849179000493
A9: 12288 | B9: Red Glass Star Lantern | C9: 0.8 | D9: <p>Place a candle or LED of your choice inside the lantern to illuminate your space in a soft and serene glow. Use to create a centerpiece for parties or special events, display on a countertop or coffee table, or light up your outdoor space with flickering light. This lantern is the perfect way to enhance your home's decor!</p> <ul> <li>The lantern weighs 0.8 lbs. and measures 10.25 inches by 3 inches by 9.5 inches.</li> <li><span>Chain included.</span></li> <li>This beautifully crafted lantern made of iron and glass is both durable and stunning.</li> <li>Either hanging or stationary, this lantern will cast beautiful light wherever you display it! Removable glass and wood panel allows the easy replacement of your choice of candle or LED to light up the space and create a memorable home d&eacute;cor piece.</li> <li>To clean your lighting d&eacute;cor dust lightly or wipe with a damp cloth as needed.</li> <li>Star light, star bright; this lantern is an artistic way to beautify candlelight! Patterned glass panels glow richly when lit from within, creating a captivating crimson glow.</li> </ul> | E9: 14.4 | F9: 22.95 | G9: 0 | H9: 849179010218
A10: 12295 | B10: Rustic Forest Fireplace Screen | C10: 10 | D10: Magnificent metalwork fire screen features cutout silhouettes of deer and mountains; absolutely magical when backlit by firelight!Weathered bronze finish gives this the instant appeal of a well-loved antique. Three-part folding design with mesh screen. Weight 10 lbs. Wrought iron. 54" x 1/2" x 32 1/2" high. UPC: 849179010225 | E10: 0 | F10: 169.95 | G10: 0 | H10: 0
A11: 12302 | B11: Eternal Steps Fountain | C11: 2.8 | D11: Fire and water combine to form one spectacular decoration! Cascades of water trickle down faux-stone steps, while tealights glimmer from atop twin pillars. A tabletop fountain to treasure! Weight 2.8 lbs. Polyresin. Candles not included. 8 5/8" diameter x 11" high. UL Recognized UPC: 849179000233 | E11: 0 | F11: 81.95 | G11: 0 | H11: 0
A12: 12492 | B12: Spiral Oil Warmer | C12: 4.4 | D12: <p>Fill your home with serenity and fragrance with the Spiral Oil Warmer. Perfect as a gift or for personal use this ceramic oil warmer serves as functional home d&eacute;cor that both looks and smells amazing. This oil warmer can be filled with any number of essential oils allowing you to blend and choose the ideal scent for your mood from calm to uplifting. It fits any standard tea-lights making it quick and easy to set up as well as clean up. Available is a variety of different shapes and styles so find the best one to surround yourself with aromatic serenity.</p> <ul> <li>Oil warmer weighs 0.4 lbs. and measures 4.75 inches by 4.75 inches by 4.5 inches. Fits perfectly on a shelf or table as meditative decor.</li> <li>The oil warmer is made from glass with a metal stand that is easy to clean and provides gorgeous sculptural details.</li> <li><span>Tealight candle and oil not included.</span></li> <li>Design a peaceful and aromatic ambience by warming and diffusing the essential oils of your choice. Simply pour your favorite scented oil into the top and light a candle underneath to create a tranquil and perfumed environment.</li> <li>Clean with soap and water to remove remaining fragrance oils and candle residue before next use.</li> <li>Perfect as a gift to use during meditation, yoga, or to simply make your home smell amazing. It works with practically any essential oil so feel free to create your own unique scents.</li> </ul> | E12: 5.04 | F12: 9.95 | G12: 240 | H12: 849179010249
A13: 12503 | B13: Vintage Trailer Birdhouse | C13: 1 | D13: <p>Create a birdwatching sanctuary in your own backyard with this fun and unique birdhouse! This functional d&eacute;cor piece is snug and comfortable for most modest size nesting birds while providing endless entertainment for yourself and your family. Available in a variety of shapes, sizes, and styles, choose your favorite one-of-a kind birdhouse!</p> <ul> <li>The birdhouse weighs 1.0 lbs and measures <span>8 1/4" x 6 1/8" x 6 3/4" high.&nbsp;</span> - Perfect for a pair of nesting birds!</li> <li>Made from Eucalyptus wood to create a sturdy and decorative home for your feathered friends.</li> <li>Create a comfy campground for your fly-in guests with this cozy little trailer! Comical birdhouse comes complete with all the accessories of an old-time outdoor paradise.</li> <li>To clean your garden birdhouse remove out of season nesting materials through the hole in the back and wipe with damp cloth as needed.</li> <li>Either hung from it's loop or rested on an elevated surface outside, this birdhouse provide a quirky and cozy home for local birds as well as amusing and enjoyable home d&eacute;cor for yourself.</li> </ul> | E13: 21.06 | F13: 40.95 | G13: 240 | H13: 849179013257
... A83: 13842 | B83: Wagon Wheel Double-Tier Planter | C83: 11 | D83: Add a fresh touch of the country, complete with greenery, and enjoy your garden in a whole new way! Double-level planter features a quaint wagon wheel theme and rustic finish, with plenty of room to proudly show off your favorite blooms. Weight 11 lbs. Fir wood. Plants not included. Some Assembly Required. 21 1/8" x 13" x 22" high; each planter: 19" x 8" x 8" high. UPC: 849179010638 | E83: 0 | F83: 164.95 | G83: 0 | H83: 0
A84: 13843S | B84: COUNTRY FLOWER CART PLANTER | C84: 4.3 | D84: <p>Show off your green thumb with this gorgeous planter! Perfect for both indoors and outdoors, this planter will look good anywhere in your home from a statement porch piece, sunroom storage, garden enhancement or patio accent. Customize with the greenery of your choice and watch your home bloom!</p> <ul> <li>The planter weighs 4.3 lbs and measures <span>33" x 9 3/4" x 11 1/4" high.</span> - the perfect size for sprucing up your garden space!</li> <li>Made of durable firwood that will beautifully and securely display your flora</li> <li>This planter is the perfect way to display your favorite flowers, shrubs or trees. Brighten up your garden, patio, sunroom, or interior space with lush greenery and a touch of style!</li> <li>To clean your set of planters dust lightly or wipe with damp cloth as needed.</li> <li>Capture the charm of a farmer's country market with this winsome miniature flower cart! Just arrange your greenery or colorful decorative accents inside and instantly add a wagon load of blooming color to your yard.</li> </ul> | E84: 36.72 | F84: 67.95 | G84: 240 | H84: 849179010645
A85: 13854 | B85: School Days Photo Frame | C85: 2.4 | D85: <p>Exhibit your favorite school memories with this gorgeous frame! Fill with the K-12 pictures of your choice and place in your hallway, living room, kitchen, or bedroom as reminiscent decoration. Frames are easily opened to allow placement of new pictures and add a touch of nostalgia to any space.</p> <ul> <li>The frame weighs 2.4 lbs and measures <span>15 1/4" x 1/2" x 12 1/2" high.&nbsp;</span></li> <li>Made of glass and wood to protect and display your favorite memories</li> <li>Display your child's growth with this stylish and functional photo frame! Perfect as bedroom, living room, kitchen, or hallway d&eacute;cor, this frame will look amazing while simultaneously capturing your child's school journey.</li> <li>To clean your cherished frame dust lightly or wipe with damp cloth as needed.</li> <li>Fun photo frame traces your child's progress through school from start to finish! A warm-hearted way to display your ongoing pride as your favorite student makes his&nbsp;or her way towards graduation. Fits 1&frac12;" x 2&frac14;" photos. Features a 2 saw-tooth on back for easy hanging.</li> </ul> | E85: 18 | F85: 27.95 | G85: 240 | H85: 849179010652
A86: 13895 | B86: Swirl Oil Warmer | C86: 0.5 | D86: Fascinating swirls of gleaming sculpted silver come together in a masterpiece of modern art, supporting a sleek glass dish above a candles golden flame. More than just a theatrical decoration, this sophisticated sculpture is an elegant fragrance diffuser when your favorite scented oil is warmed by the glowing tealight below. Weight 0.5 pounds. 5" x 5" x 3.75". Iron, Glass. Oil and candle not included. UPC Number: 849179010669. | E86: 6.48 | F86: 11.95 | G86: 240 | H86: 849179010669
A87: 13900 | B87: Hummingbird Haven Fountain | C87: 9.8 | D87: This fountain is absolutely breathtaking! This stunning show of motion and light is sure to be the showpiece of your garden both day and night, with luminescent lights bringing the birds to glowing life as the sun goes down. Submersible pump and electrical adaptor included. Natural river rocks included. AC/AC adaptor model: input 120V AC 60Hz 150mA. Output: 12V AC 500mA. Total Weight: 9.8 lbs. 11" x 10¬¢" x 22?" high. Resin, metal, and plastic. UL Recognized UPC: 849179010676. | E87: 0 | F87: 245.95 | G87: 0 | H87: 0
A88: 13903 | B88: Royal Dragon Goblet | C88: 1.3 | D88: <p>Add a touch of magic to your home with this mystical piece! Wonderful as bookshelf d&eacute;cor or fancy dinners, this goblet is the perfect mystical accent to turn your home from everyday into extraordinary. Great as a gift for fantasy lovers!</p> <ul> <li>This mythical piece weighs 1.3 lbs and measures 4 x 4 x 7.37" high.</li> <li>Made of durable and detailed stainless steel and polyresin that captures each fantastical facet</li> <li>Use for a variety of purposes including room d&eacute;cor, dining table accents, bookshelf additions, or as a fantastic gift. These goblets can be anything you imagine!</li> <li>To clean your goblet hand wash the inner stainless steel cup only.</li> <li>Fit to reign at the head of any grand banquet table, this bejeweled goblet beautifully recalls the tales of mighty kings and queens. Fantasy comes to life in every intricate detail of rich scrollwork, gleaming gems and a dragon's head crest. Crafted of durable resin with removable stainless steel inner drinking cup.</li> </ul> | E88: 30.6 | F88: 49.95 | G88: 240 | H88: 849179003432
A89: 13907 | B89: Crimson Sunset Art Glass Vase | C89: 6 | D89: A sparkling freeform vase celebrates the beauty of an autumn sunset, setting your surroundings alive with vibrant color. This abstract artwork is lovely alone, but especially stunning when filled with a graceful bouquet! Decorative purposes only. Each piece is individually hand-crafted for its unique beauty; therefore, it may have slight differences from the pictured item. Weight 6 lbs. Glass. 7 1/2" x 3 1/2" x 12 1/4" high. UPC: 849179001971 | E89: 61.2 | F89: 106.95 | G89: 151 | H89: 849179001971
A90: 13913 | B90: Making Friends Solar Sculpture | C90: 2 | D90: <p>Decorate your home indoor or out with this solar light statue! Use it to spruce up your garden, light up a pathway, accompany a vegetable patch, brighten up a patio, or even to adorn a sunny shelf. An amazing housewarming gift, this statue will light up any home and garden space with cheer and whimsy!</p> <ul> <li>The solar light weighs 2.0 lbs. and measures 5.75x9x10.5 inches.</li> <li>Made of durable polyresin, solar panel, LED light to create beautifully detailed d&eacute;cor.</li> <li>A sweet addition to your front or backyard garden, this garden d&eacute;cor will make your outdoor space feel instantly more inviting. Place near a pond, fountain, flower or vegetable garden and the solar light will provide a soft glow at night.</li> <li>To clean your garden ornament, dust lightly or wipe with a damp cloth as needed.</li> <li>A bright-eyed boy shares a playful moment with his beloved pet turtle and a visiting butterfly joins in the fun. Makes a playful lighting and d&eacute;cor addition to either your indoor or outdoor space!</li> </ul> | E90: 37.8 | F90: 57.95 | G90: 171 | H90: 849179010706
A91: 13915 | B91: Peony Fairy Solar Statue | C91: 3.5 | D91: <p>Decorate your home indoor or out with this solar light statue! Use it to spruce up your garden, light up a pathway, accompany a vegetable patch, brighten up a patio, or even to adorn a sunny shelf. An amazing housewarming gift, this statue will light up any home and garden space with cheer and whimsy!</p> <ul> <li>This statue weighs 3.5 lbs. and measures 12x11x18 inches.</li> <li>Made of durable polyresin, a solar panel, and LED lights to create a beautifully detailed sculpture.</li> <li>A sweet addition to your front or backyard garden, this statue will make your outdoor space feel instantly more inviting. Place near a pond, fountain, flower or vegetable garden and the solar light will provide a soft glow at night.</li> <li>To clean your statue, dust lightly or wipe with a damp cloth as needed.</li> <li>A sweet young fairy pauses to admire a new-found patch of blushing blooms, blessing your garden with the beauty of spring. Enjoy this statue both day and night, thanks to tiny solar lights nestled inside each lovely flower!</li> </ul> | E91: 72 | F91: 113.95 | G91: 240 | H91: 849179010720
A92: 13917 | B92: Dawn Blossom Tealight Holder | C92: 0.7 | D92: A single graceful bloom glows at the end of a slender stem, its golden glass cup filled with lustrous candlelight. A cherished addition to your romantic decorating theme! Weight 0.7 lb. Iron, glass and acrylic. Candle not included. 4 1/8" diameter x 12 3/4" high. UPC: 849179002008 | E92: 0 | F92: 15.95 | G92: 0 | H92: 0
A93: 13918 | B93: Dawn Flower Candle Holder | C93: 4.7 | D93: A spellbinding arrangement of slender stems and blossoms captures the warm colors of the rising sun√Üs first light. A dramatic decoration, especially when crowned with a captivating aura of golden candlelight! Weight 4.7 lbs. Iron, glass and acrylic. Tealight candles not included. 2 1/2" x 8" x 32" high. UPC: 849179010737 | E93: 0 | F93: 92.95 | G93: 0 | H93: 0
A94: 13919 | B94: Calla Lily Candle Holder | C94: 1.5 | D94: <p>This one of a kind candleholder is the perfect accent for any living room, dining room, or patio. Complete with the candle or LED light of your choice to create a customizable flickering ambience that will enhance any space. An ideal gift or finishing touch to your own personal home d&eacute;cor, this decorative and durable candleholder will be shedding light for years to come.</p> <ul> <li>The candleholder weighs 1.5 lbs. and measures 8 inches by 5 inches by 15 inches.</li> <li>Made from durable iron, glass and acrylic for a long-lasting lighting d&eacute;cor piece.</li> <li>Use for a variety of interior/exterior decoration including, but not limited to: table centerpieces, mantel adornment, outdoor lighting, bookshelf d&eacute;cor, or foyer embellishment. This candleholder will add a distinctive flair and gorgeous glow to any space!</li> <li>To clean your lighting d&eacute;cor dust lightly or wipe with a damp cloth as needed.</li> <li>Slender calla lilies in a sophisticated shade of pewter add Art Deco elegance to any room. A glamorous decoration that's gorgeous by day, and entrancing by night when filled with quiet candlelight! Adds a warm, flickering glow to any room and makes an amazing housewarming gift.</li> </ul> | E94: 23.04 | F94: 45.95 | G94: 240 | H94: 849179010744
A95: 13920 | B95: Romantic Rose Votive Holder | C95: 0.9 | D95: <p>This one of a kind tealight holder is the perfect accent for any living room, dining room, or patio. Complete with the candle or LED light of your choice to create a customizable flickering ambience that will enhance any space. An ideal gift or finishing touch to your own personal home d&eacute;cor, this decorative and durable tealight holder will be shedding light for years to come.</p> <ul> <li>This lighting decor weighs 0.9 lbs. and measures 5 inches by 4.12 inches by 12.5 inches.</li> <li>Made of iron, glass and acrylic for a long-lasting lighting d&eacute;cor piece.</li> <li>Use for a variety of interior/exterior decoration including, but not limited to: table centerpieces, mantel adornment, outdoor lighting, bookshelf d&eacute;cor, or foyer embellishment. This votive holder will add a distinctive flair and gorgeous glow to any space!</li> <li>To clean your lighting d&eacute;cor dust lightly or wipe with a damp cloth as needed.</li> <li>Set the stage for an enchanted evening when you place a candle at the heart of this ruby-red rose. A stunning accent that adds lovely luster to any setting!</li> </ul> | E95: 19.8 | F95: 30.95 | G95: 240 | H95: 849179002015
A96: 13922 | B96: Dawn Lily Wall Sconce | C96: 0.9 | D96: A single lily blossom in a delicate sunrise orange makes a colorful centerpiece among twining vines and crystalline buds. With the addition of your favorite tealight candle, this lovely wall sculpture becomes a stunning combination of graceful form and gorgeous glowing light! Weight 0.9 lb. Iron, glass and acrylic. Candle not included. 6 1/2" x 3" x 12 1/2" high. UPC: 849179000004 | E96: 16.2 | F96: 24.95 | G96: 240 | H96: 849179000004
... A99: 13931 | B99: Enchanted Amethyst Candle Lamp | C99: 1.3 | D99: <p>This candle lamp is a beautiful housewarming gift or personal d&eacute;cor that lights up any space. Panel easily opens to allow for new candles or LED lights to be placed inside and casts a flickering glow on summer and winter events alike. This lantern is a lovely addition to any home and is ideal for festive parties, weddings, outdoor lighting or as interior d&eacute;cor.</p> <ul> <li>The lantern weighs 1.3 lbs. and measures 5.75 inches by 5.75 inches by 11.5 inches.</li> <li>This beautifully crafted lamp made of iron and glass is both durable and stunning.</li> <li>Use as side table lighting, a patio accent, or as bedroom ambience, this lantern will look beautiful in any space. Place the candle or LED of your choice and enjoy the customizable glow!</li> <li>To clean your lighting d&eacute;cor dust lightly or wipe with a damp cloth as needed.</li> <li>This enchanted lantern shows its romantic side as it banishes the darkness with its gorgeous pinkish purple glow. Rich stained glass panels are elegantly offset by ornate cutwork and an antique pewter finish.</li> </ul> | E99: 21.6 | F99: 30.95 | G99: 209 | H99: 849179000356
A100: 14114S | B100: MEDIEVAL TRIPLE CANDLE STAND | C100: 1.5 | D100: <p>This one of a kind candleholder is the perfect accent for any living room, dining room, or patio. Complete with the candle or LED light of your choice to create a customizable flickering ambience that will enhance any space. An ideal gift or finishing touch to your own personal home decor, this decorative and durable candleholder will be shedding light for years to come.</p> <ul> <li>The candle stand weighs 1.5 lbs and measures 11.75 x 4.75 x 15.75" high.</li> <li>Made from durable iron for a long-lasting lighting decor piece</li> <li>Use for a variety of interior/exterior decoration including, but not limited to: table centerpieces, mantle adornment, outdoor lighting, bookshelf d&eacute;cor, or foyer embellishment. This candleholder will add a distinctive flair and gorgeous glow to any space!</li> <li>To clean your lighting d&eacute;cor dust lightly or wipe with damp cloth as needed.</li> <li>As a fascinating focus piece or a dramatic d&eacute;cor accent, this stately stand creates a lasting impression! Deep black finish accentuates every shapely detail and creates stunning contrast to a triple candle display.</li> </ul> | E100: 25.2 | F100: 37.95 | G100: 0 | H100: 849179002183
A101: 14118 | B101: Clear Glass Moroccan Lantern | C101: 0.7 | D101: <p>The combination of intricate metal cutouts and ornate glass designs create a gorgeous effect of flickering light that can either set the tone for outdoor events or cast an exquisite glow on your tabletop. Hinged glass panels make it easy to place the candle or LED light of your choice and is ideal for festive parties, weddings, outdoor lighting or as gifts. Available is a variety of colors including green, red, clear, mulberry, blue, yellow, purple, or amber - find the Moroccan Style Lantern that best fits your home.</p> <ul> <li>The lantern weighs 0.7 lbs. and measures 4.5 inches by 3.75 inches by 10.25 inches. Making it perfect for either hanging outside or as a table centerpiece.</li> <li>Made from durable iron and glass with decorative cutouts to enhance the candle's flickering light.</li> <li>Either hanging or stationary, this Moroccan style candle lantern casts gorgeous light on any table spread and provides a warm glow on brisk nights. Its decorative metal top and etched glass lend an exotic flair to any home.</li> <li>Wipe with a dry/damp cloth or dust lightly to upkeep its splendid fa&ccedil;ade.</li> <li>This lantern is a beautiful housewarming gift or personal d&eacute;cor that lights up any space. Glass panel is easily opened to allow for new candles or LED lights to be placed inside and casts a flickering glow on summer and winter events alike.</li> </ul> | E101: 16.2 | F101: 24.95 | G101: 240 | H101: 849179000646
A102: 14119 | B102: Magic Rainbow Candle Lantern | C102: 0.7 | D102: Candlelight glows through the different colored panels of this multi-colored lantern turning ordinary light into a kaleidoscope display. A blaze of festive color that enlivens any evening! Weight 0.7 lb. Iron and glass. Tealight not included. 4 1/2" x 3 3/4" x 10 1/4" high. UPC: 849179010768 | E102: 0 | F102: 19.95 | G102: 0 | H102: 0
A103: 14121 | B103: Sapphire Nights Hanging Lantern | C103: 2 | D103: Candle light glimmers through lacy designs, turned into sapphire rays of light. This graceful hanging tabletop lantern enchants your home with the magic of a desert night! Weight 2 lbs. Iron and glass. Tealight candle not included. Lantern: 4" x 4" x 8 1/4" high. Stand: 13" high. UPC: 849179002244 | E103: 25.2 | F103: 35.95 | G103: 0 | H103: 849179002244
A104: 14123 | B104: Black Colonial Candle Lamp | C104: 1 | D104: <p>This candle lamp is a beautiful housewarming gift or personal d&eacute;cor that lights up any space. Panel easily opens to allow for new candles or LED lights to be placed inside and casts a flickering glow on summer and winter events alike. This lantern is a lovely addition to any home and is ideal for festive parties, weddings, outdoor lighting or as interior d&eacute;cor.</p> <ul> <li>The lantern weighs 1.0 lbs. and measures 5 inches by 5 inches by 9.5 inches.</li> <li>This beautifully crafted lamp made of iron and glass is both durable and stunning.</li> <li>Use as side table lighting, a patio accent, or as bedroom ambience, this lantern will look beautiful in any space. Place the candle or LED of your choice and enjoy the customizable glow!</li> <li>To clean your lighting d&eacute;cor dust lightly or wipe with a damp cloth as needed.</li> <li>Quaint colonial styling and a sleek, modern matte black finish make this lamp a winning addition to your d&eacute;cor! Your favorite votive candle looks lovely at center stage behind six clear glass panels; just the right accent to make any evening into a special occasion.</li> </ul> | E104: 14.4 | F104: 22.95 | G104: 240 | H104: 849179000677
A105: 14124 | B105: White Colonial Candle Lamp | C105: 1 | D105: A traditional candle lantern gets a fresh contemporary look with matte white finish and charming star cutouts! A simple yet elegant complement sheds festive light on any setting. Weight 1 lb. Iron and glass. Candle not included. 5" diameter x 9 1/2" high. UPC: 849179000707 | E105: 9.95 | F105: 20.95 | G105: 0 | H105: 849179000707
A106: 14125 | B106: Rustic Silver Contemporary Candle Lantern | C106: 1.9 | D106: <p>Place a candle or LED of your choice inside the lantern to illuminate your space in a soft and serene glow. Use to create a centerpiece for parties or special events, display on a countertop or coffee table, or light up your outdoor space with flickering light. This lantern is the perfect way to enhance your home's d&eacute;cor!</p> <ul> <li>The lantern weighs 1.9 lbs. and measures 5.5 inches by 5.75 inches by 12 inches.</li> <li>This beautifully crafted lantern made of iron and glass is both durable and stunning.</li> <li>Either hanging or stationary, this lantern will cast beautiful light wherever you display it! Removable glass and wood panel allows the easy replacement of your choice of candle or LED to light up the space and create a memorable home d&eacute;cor piece.</li> <li>To clean your lighting d&eacute;cor dust lightly or wipe with a damp cloth as needed.</li> <li>A brushed silver finish highlights every sleek detail of this squared contemporary candle lamp, creating a striking counterpart for a stately pillar candle. An effortless way to bring warmth and style into any surrounding! Loop at top for hanging; can also stand freely on table or shelf.</li> </ul> | E106: 20.16 | F106: 42.95 | G106: 240 | H106: 849179010775
A107: 14126 | B107: Bronze Contemporary Candle Lantern | C107: 1.9 | D107: <p>Place a candle or LED of your choice inside the lantern to illuminate your space in a soft and serene glow. Use to create a centerpiece for parties or special events, display on a countertop or coffee table, or light up your outdoor space with flickering light. This lantern is the perfect way to enhance your home's d&eacute;cor!</p> <ul> <li>The lantern weighs 1.9 lbs. and measures 5.5 inches by 5.75 inches by 12 inches.</li> <li>This beautifully crafted lantern made of iron and glass is both durable and stunning.</li> <li>Either hanging or stationary, this lantern will cast beautiful light wherever you display it! Removable panel allows the easy replacement of your choice of candle or LED to light up the space and create a memorable home d&eacute;cor piece.</li> <li>To clean your lighting d&eacute;cor dust lightly or wipe with a damp cloth as needed.</li> <li>A burnished copper glaze brightens the modernized framework of this glass-paneled hurricane lamp, making it the perfect finish for any special setting. A handsomely understated addition to your favorite room! Loop at top for hanging; can also stand freely on table or shelf.</li> </ul> | E107: 25.2 | F107: 42.95 | G107: 240 | H107: 849179010782
A108: 14198 | B108: Tuscan Candle Centerpiece | C108: 2.3 | D108: <p>This one of a kind candleholder is the perfect accent for any living room, dining room, or patio. Complete with the candle or LED light of your choice to create a customizable flickering ambience that will enhance any space. An ideal gift or finishing touch to your own personal home d&eacute;cor, this decorative and durable candleholder will be shedding light for years to come.</p> <ul> <li>The candle stand weighs 2.3 lbs. and measures 17 inches by 4 inches by 7.75 inches.</li> <li><span>Will hold any candle up to 3" in diameter.&nbsp;</span><span>Candles not included.</span></li> <li>Made from durable wrought iron for a long-lasting lighting d&eacute;cor piece.</li> <li>Use for a variety of interior/exterior decoration including, but not limited to: table centerpieces, mantel adornment, outdoor lighting, bookshelf d&eacute;cor, or foyer embellishment. This candleholder will add a distinctive flair and gorgeous glow to any space!</li> <li>To clean your lighting d&eacute;cor dust lightly or wipe with a damp cloth as needed.</li> <li>For instant decorating magic, look no further than this curvy candle stand! Elegantly fashioned from wrought iron scrolls, this triple-candle decoration makes a gracious focal point atop your mantle, table or shelf.</li> </ul> | E108: 24.3 | F108: 35.95 | G108: 240 | H108: 849179002275
A109: 14256 | B109: Solar Garden Wall Lantern | C109: 1.3 | D109: Delicate scrollwork wall plate and classic hurricane lamp make a gracious addition to your outdoor living space; hidden solar collectors store sunlight for plentiful after-dark illumination. The perfect fusion of smart energy savings and old fashioned charm!Four solar panels on top of the lantern. Two holes on back for mounting. Weight 1.3 lbs. One AA 600mAh 1.2 V battery included. Set: 10" x 7" x 16 1/2" high; lantern: 6 1/2" x 5 1/2" x 8 1/2" high; sconce: 10" x 4 1/8" x 16 1/2" high. UPC: 849179003579 | E109: 0 | F109: 62.95 | G109: 0 | H109: 0
A110: 14257S | B110: FARMSTEAD BIRDHOUSE | C110: 1.2 | D110: Country living comes to town with this fabulous farm built for a lucky feathered family! Quaint all-wood birdhouse spares no detail in recreating an honest-to-goodness rustic barnyard scene. Weight 1.2 pounds. 10.2" x 7" x 8.5". Eucalyptus Wood. UPC Number: 849179013998. | E110: 22.68 | F110: 45.95 | G110: 240 | H110: 849179013998
A111: 14258S | B111: COUNTRY STORE BIRDHOUSE | C111: 1.2 | D111: Tired travelers will find welcome shelter at this quaint resting spot! Cleverly detailed right down to the hay bales, this realistic miniature pays tribute to the rustic charm of the old-time country store. Loop on top for hanging. Weight 1.2 lbs. 10 1/4" x 7" x 9" high. UPC: 849179010829 | E111: 22.5 | F111: 38.95 | G111: 240 | H111: 849179010829
A112: 14268 | B112: Dragon Reaper Dagger | C112: 1.2 | D112: Ghoulish decorative dagger is destined to delight any fan of the dark side! Chilling demonic dragon design is featured along the wickedly curved blade, as well as the skeletal handle and frighteningly lifelike faux pewter stand. Weight 1.2 lbs. Polyresin base; stainless steel blade. 12" x 2 3/4" x 8 1/2" high; knife: 12" x 1" x 3" high; stand: 9 1/2" x 2 3/4" x 4 1/4" high. UPC: 849179010843 | E112: 0 | F112: 0.05 | G112: 0 | H112: 0
A113: 14354 | B113: Rustic Wood Spice Flameless Candle | C113: 0.4 | D113: The layered look is hot and trendy, making this candle a stylish decorating choice! LED bulb safely adds the lifelike warmth and motion of candlelight, but without the heat and hazard of open flame. Three separate earthtone gradations and subtle spicy wood fragrance add extra-special touches. On/off switch on the bottom. Weight 0.4 lb. 3" diameter x 4" high. Paraffin wax, plastic and LED light. Three AAA batteries not included. UPC: 817515011786 | E113: 0 | F113: 14.95 | G113: 0 | H113: 0
A114: 14355 | B114: Rustic Cinnamon Flameless Candle | C114: 0.4 | D114: Red-hot cinnamon heats up all sides of this earthy pillar candle without the open flame! This realistic LED candle adds the warmth of flickering light and can be used over and over again for endless enjoyment. A simple, stylish way to spice up your d√öcor with a punch of color and the playfully sweet scent of cinnamon candy. On/off switch on the bottom. Weight 0.4 lb. 3" diameter x 4" high. Paraffin wax, plastic and LED light. Three AAA batteries not included. UPC: 817515011793 | E114: 0 | F114: 14.95 | G114: 0 | H114: 0
A115: 14567 | B115: Monogram Heart Keepsake Boxes 6 Dz | C115: 8.4 | D115: Delight a friend or loved one with a treasure box meant just for them! Tiny silver heart bears their initial, with a velvet lined secret compartment for a love note or miniature memento. Assorted letters as follows: A-3, B-3, C-6, D-3, E-3, F-3, G-3, H-3, I-3, J-6, K-6, L-3, M-6, N-3, P-3, R-3, S-3, T-3, V-3, W-3. Each is 1¬¢" x 1¬¢" x ¬•" thick. Zinc alloy. Weight 8.4 lbs. each, sold in pack of 72. UPC: 849179013547 | E115: 143.93 | F115: 329.95 | G115: 83 | H115: 849179013547
A116: 14568 | B116: My Wish For You Treasure Boxes 18 Pk | C116: 2.8 | D116: You√Üll be surprised how much love fits into these adorable boxes! The perfect place for a tiny treasure or a cherished prayer, these little pewter boxes make a marvelous gift for anyone dear. 3 each of 6 designs. Each is 2" x 1¬•" x ¬¢" thick. Zinc alloy. Weight 2.8 lbs. Each, sold in a pack of 18. UPC: 849179013707 | E116: 50.33 | F116: 114.95 | G116: 126 | H116: 849179013707
A117: 14570 | B117: Midnight Fairy Figurine | C117: 1.2 | D117: Atop her jet-black unicorn, this graceful maiden takes a secret journey through deepest night. A stunning storybook statue that√Üs sure to star in your fantasy collection! Weight 1.2 lbs. 10" x 2 1/2" x 8" high. Polyresin. UPC: 849179002343 | E117: 19.72 | F117: 47.95 | G117: 0 | H117: 0
A118: 14575 | B118: Twilight Bloom Tealight Holder | C118: 0.8 | D118: <p>This one of a kind tealight holder is the perfect accent for any living room, dining room, or patio. Complete with the candle or LED light of your choice to create a customizable flickering ambience that will enhance any space. An ideal gift or finishing touch to your own personal home d&eacute;cor, this decorative and durable tealight holder will be shedding light for years to come.</p> <ul> <li>This lighting decor weighs 0.8 lbs. and measures 8.5 inches by 4.65 inches by 13.5 inches.</li> <li>Made of iron, glass, and acrylic for a long-lasting lighting d&eacute;cor piece.</li> <li>Use for a variety of interior/exterior decoration including, but not limited to: table centerpieces, mantel adornment, outdoor lighting, bookshelf d&eacute;cor, or foyer embellishment. This tealight holder will add a distinctive flair and gorgeous glow to any space!</li> <li>To clean your lighting d&eacute;cor dust lightly or wipe with a damp cloth as needed.</li> <li>A single dusky purple lily holds a tealight candle at its heart, while crystalline flower buds capture the gentle glow. Creates the perfect floral ambiance for your home!</li> </ul> | E118: 19.8 | F118: 30.95 | G118: 240 | H118: 849179002350
A119: 14576 | B119: Lone Star Wall Cross Decor | C119: 1 | D119: <p>Perfect gift for a memorial, first communion, confirmation or any sacred ceremony, this piece serves as both home d&eacute;cor and an expression of faith. Used to adorn a shelf, prayer table, desk, or garden, this graceful cross will bestow a sense of compassion and devotion to your home.</p> <ul> <li>The piece weighs 1.0 lbs. and measures 17.25x0.25x24.5 inches. with a hook on back for hanging.</li> <li>Made of wrought iron to capture the piece's subtle beauty.</li> <li>Unique spiritual home d&eacute;cor or the perfect gift for any sacred ceremony, this piece exudes a sense of faith and devotion that will permeate any space.</li> <li>To clean, dust lightly or wipe with damp cloth as needed.</li> <li>Dress up your d&eacute;cor with this wonderful work of spiritual art. Slender wrought-iron curlicues form the graceful shape of the Divine Cross, beautifully accented by fleur-de-lis ornaments and a single star at the heart.</li> </ul> | E119: 21.6 | F119: 42.95 | G119: 193 | H119: 849179002367
A120: 14579 | B120: Forest Magic Figurine | C120: 0.8 | D120: <p>Add a splash of magic to your home with this mystical figurine! Wonderful as both indoor and outdoor d&eacute;cor, this lightweight and durable statue is the perfect mystical accent to turn your home from everyday into extraordinary. Available in a variety of colors, creatures, and combinations build your own magical world with Dragon Crest figurines!</p> <ul> <li>This mythical figurine weighs 0.8 lbs and measures 5.25x4.25x5"</li> <li>Made of durable and detailed polyresin that captures each fantastical facet</li> <li>Use for a variety of purposes including bookshelf or room d&eacute;cor, outdoor garden accents, D&amp;D accoutrement, or as a fantastic gift. This figurine can be anything you imagine!</li> <li>To clean your mystical figurine dust lightly or wipe with damp cloth as needed.</li> <li>A fair-haired fairy pauses by a clear forest pool, her unicorn companion sharing the&nbsp; morning's magic beauty. This serene scene is sure to bring a little magic into the life of every admirer! This mesmerizing d&eacute;cor piece is an excellent gift and will look stunning perched on a shelf, desk, or table.</li> </ul> | E120: 18.9 | F120: 29.95 | G120: 31 | H120: 849179000202
A121: 14581 | B121: Happy Sitting Buddha Statue | C121: 1.8 | D121: <p>Decorate your home with this joyous statue! Use as a table centerpiece, shelf ornament, or as a meditation table accent this statue will add luck and prosperity to any space. An amazing housewarming gift, this statue will inspire your home!</p> <ul> <li>This statue weighs 1.8 lbs. and measures 5.5 inches by 5 inches by 5.75 inches.</li> <li>Made of durable polyresin and felt pads to create a beautifully detailed sculpture.</li> <li>Bring joy and prosperity into your home with this lovely statue! Perfect for a meditation room or as shelf d&eacute;cor, this statue exudes happiness and luck into any space you decide to display it.</li> <li>To clean your statue, dust lightly or wipe with a damp cloth as needed.</li> <li>The Happy Buddha's sitting pose enhances his big belly which represents wealth and prosperity. With such an infectious smile, this silver and black statue is sure to inspire happiness around it in your home.</li> </ul> | E121: 21.6 | F121: 34.95 | G121: 240 | H121: 849179002374
A122: 14583 | B122: Wild Stallion Statue | C122: 2.2 | D122: <p>Decorate your home indoor or out with this sophisticated statue! Use as a table centerpiece, shelf ornament, or to class up your living room, this statue will add an air of elegance to any space. An amazing housewarming gift, this statue will fill any home with style and regality!</p> <ul> <li>This statue weighs 2.2 lbs. and measures 11 inches by 4.25 inches by 9.5 inches.</li> <li>Made of durable polystone to create a beautifully detailed sculpture.</li> <li>Class up your home with this exquisite statue! Place on your fireplace mantel, a shelf, or a tabletop surface to as a stylish and sophisticated display piece.</li> <li>To clean your statue, dust lightly or wipe with a damp cloth as needed.</li> <li>There is nothing like the grace and strength of a running stallion. Captured in mid stride in a meadow, this bronze colored beauty will be perfect rustic addition in any room.</li> </ul> | E122: 34.2 | F122: 52.95 | G122: 0 | H122: 849179002381
A123: 14587 | B123: Elephant Candleholder Set | C123: 2.5 | D123: This darling elephant with an inlaid silver pattern is using similarly adorned √¥torches√∂ to light her way across the rocky tundra. This chocolate colored tealight holder set is sure to enhance your contemporary lighting d√öcor. Weight 2.5 lbs. Candles not included. MDF wood, metal and pebble rocks. Set: 10 7/8" square x 4 3/8" high; elephant: 5 1/4" x 2" x 4" high; each candleholder: 2 1/8" diameter x 2 3/8" high; plate: 10 7/8" square x 3/4" high. UPC: 849179002404 | E123: 0 | F123: 0.05 | G123: 0 | H123: 0
... A126: 14617 | B126: Gazebo Daisy Candle Lantern | C126: 1.2 | D126: This lovely candle lantern lamp adds a genteel Victorian feel to your home or garden. When filled with candle light, delicate cutouts and lacy pressed glass panels set the scene for an evening of nostalgic romance. Weight 1.2 Lbs. 4 1/4 Square X 9 1/2"" High. Iron and glass. Candle not included. UPC: 849179004248 | E126: 0 | F126: 30.95 | G126: 0 | H126: 0
A127: 14633S | B127: VICTORIAN HURRICANE LANTERN | C127: 0.6 | D127: <p>Place a candle or LED of your choice inside the lantern to illuminate your space in a soft and serene glow. Use to create a centerpiece for parties or special events, display on a countertop or coffee table, or light up your outdoor space with flickering light. This lantern is the perfect way to enhance your home's decor!</p> <ul> <li>The lantern weighs 0.6 lbs and measures 4" x 4" x 10.25" high.</li> <li>This beautifully crafted lantern made of iron and glass is both durable and stunning</li> <li>Either hanging or stationary, this lantern will cast beautiful light wherever you display it! Removable glass and wood panel allows the easy replacement of your choice of candle or LED to light up the space and create a memorable home d&eacute;cor piece.</li> <li>To clean your lighting d&eacute;cor dust lightly or wipe with damp cloth as needed.</li> <li>A lacy base and dazzling crystals add old-world charm to this elegant centerpiece. A romantic reminder of gentle bygone days, filling your home with nostalgic candlelight!</li> </ul> | E127: 18.9 | F127: 27.95 | G127: 240 | H127: 849179005580
A128: 14634 | B128: Lighthouse Candle Lantern | C128: 1.4 | D128: <p>Decorate your home like a sleepy seaside village with this charming lighthouse lantern. With glass window panes, a contemporary galvanized metal top, and metal handle for easy hanging this lantern is both sturdy and chic. Place a candle or LED of your choice inside the lantern to illuminate your space in a soft and serene glow. Use it to create a centerpiece for parties or special events, display on a countertop or coffee table, or to accent beach themed d&eacute;cor - available in a variety of styles and colors!</p> <ul> <li>This Lighthouse inspired lantern weighs 1.4 lbs. and measures 4.75 inches by 4.75 inches by 11.75 inches.</li> <li>This beautifully crafted lantern made from iron and glass creates a nostalgic seaside ambience.</li> <li>Used as either a nautical tabletop centerpiece or outdoor lighting, this lighthouse candle lantern will turn any house into a beach house.</li> <li>To clean your lighting d&eacute;cor dust lightly or wipe with a damp cloth as needed.</li> <li>Hinged glass panel makes replacing a new candle or LED a sea-breeze!</li> </ul> | E128: 21.6 | F128: 40.95 | G128: 240 | H128: 849179011024
A129: 14638 | B129: Rainbow's Delight Lantern | C129: 0.6 | D129: Small in size but big on style, this Moroccan marketplace lantern sparkles your surroundings with a blaze of color! Six separate color glass panels create a dazzling candlelit display. Weight 0.6 lb. 4¬¢" x 3¬•" x 7¬¢" high. Iron and glass. Candle not included. UPC: 849179004262 | E129: 0 | F129: 17.95 | G129: 0 | H129: 0
A130: 14642 | B130: Divine Sentinel Solar Light | C130: 2 | D130: <p>Perfect gift for a memorial, first communion, confirmation or any sacred ceremony, this piece serves as both home d&eacute;cor and an expression of faith. Used to adorn a shelf, prayer table, desk, or garden, this graceful solar light will bestow a sense of compassion and devotion to your home.</p> <ul> <li>The solar light weighs 2.0 lbs. and measures 8.5x3.25x11 inches.</li> <li>Made of polyresin, solar panel, LED light to capture the piece's subtle beauty.</li> <li>Unique spiritual home d&eacute;cor or the perfect gift for any sacred ceremony, this piece exudes a sense of faith and devotion that will permeate any space.</li> <li>To clean, dust lightly or wipe with damp cloth as needed.</li> <li>An angel stands guard beside a holy cross, inspiring reflections of heartfelt faith. Stone-look statue beautifies your outdoor space both day and night with a hidden solar light setting the cross gently aglow at evening time.</li> </ul> | E130: 31.37 | F130: 67.95 | G130: 0 | H130: 849179011031
A131: 14643 | B131: Blessed Cross Solar Light | C131: 1.7 | D131: <p>Perfect gift for a memorial, first communion, confirmation or any sacred ceremony, this piece serves as both home d&eacute;cor and an expression of faith. Used to adorn a shelf, prayer table, desk, or garden, this graceful cross will bestow a sense of compassion and devotion to your home.</p> <ul> <li>The solar light weighs 1.7 lbs. and measures 4.25x4.75x10.75 inches.</li> <li>Made of polyresin, solar panel, and LED light to capture the piece's subtle beauty.</li> <li>Unique spiritual home d&eacute;cor or the perfect gift for any sacred ceremony, this piece exudes a sense of faith and devotion that will permeate any space.</li> <li>To clean, dust lightly or wipe with damp cloth as needed.</li> <li>Bless your garden with the light of God's love! Faux stone angel and cross statue is beautiful to behold by day; at night, a hidden solar light bestows a comforting glow upon your special space.</li> </ul> | E131: 30.31 | F131: 57.95 | G131: 123 | H131: 849179011048
A132: 14652S | B132: RUSTIC WISHING WELL PLANTER | C132: 16 | D132: Your decorating wish just came true! Natural wood wishing well adds quaint nostalgic appeal to your outdoor living space; so pretty when its bucket and base are filled with your favorite flowering plants! Weight 16 lbs. 25 5/8" diameter x 44 1/8" high. Fir wood. Plants not included. Some Assembly Required. UPC: 849179011062 | E132: 234 | F132: 382.95 | G132: 240 | H132: 849179011062
A133: 14654 | B133: Elephant Trio Candle Holders | C133: 1.2 | D133: The light from three tealights will dance off the 3D carvings of these candleholders to make the elephant family come to life as they perch atop their wooden platform. Weight 1.2 lbs. Candles not included. MDF wood and metal top. Set: 11 3/4" x 3 7/8" x 4 5/8" high; tall candleholder: 2 1/4" diameter x 3 1/2" high; short candleholder: 2 1/4" diameter x 2 3/8" high; tray: 11 3/4" x 3 7/8" x 1" high. UPC: 849179002534 | E133: 0 | F133: 27.95 | G133: 0 | H133: 0
A134: 14691 | B134: Ocean Blue Serenity Hanging Lamp | C134: 1 | D134: <p>The perfect way to enhance and light up your home d&eacute;cor, this lamp will look amazing wherever you display it! This lamp will cast a warm glow in your living room, create light to read by, or can simply be used as a display piece to add the finishing touch to your interior style.</p> <ul> <li>The lamp weighs 1.0 lbs. and measures 3.5 inches by 3.12 inches by 11 inches. <span>20" high with chain.</span></li> <li>This beautifully crafted lamp made of iron and glass is both durable and stunning.</li> <li>This lamp can be used as side table lighting, office d&eacute;cor, or as bedroom ambience. Both functional and stylish, this lamp will cast a beautiful glow wherever you display it.</li> <li>To clean your lighting d&eacute;cor dust lightly or wipe with a damp cloth as needed.</li> <li>Deepest ocean blue adds exotic enchantment to a captivating dance of color and light! Ornately fashioned in the Moroccan tradition, this hanging lantern fills your surroundings with worldly intrigue.</li> </ul> | E134: 14.4 | F134: 21.95 | G134: 0 | H134: 849179011086
A135: 14692 | B135: Emerald Serenity Hanging Lamp | C135: 1 | D135: Tranquil shades of green add a feeling of serenity, as countless intricate cutouts cast an enchanting candlelit glow. With a uniquely slender shape, this lamp bestows an exotic flair most anywhere! Weight 1 lb. Metal ring at top for hanging. Candle not included. Iron and glass. 3 1/2" x 3 1/8" x 17" high. UPC: 849179011093. | E135: 23.4 | F135: 37.95 | G135: 32 | H135: 849179011093
A136: 14695 | B136: Two In Love Cherub Figurine | C136: 0.1 | D136: <p>Decorate your home indoor or out with this figurine! Use it to spruce up your garden, mark a pathway, accompany a vegetable patch, brighten up a patio, or even to adorn a sunny shelf. An amazing housewarming gift, this statue will light up any home and garden space with cheer and whimsy!</p> <ul> <li>The figurine weighs 0.1 lbs. and measures 2.75x1.5x2 inches.</li> <li>Made of polyresin to create a detailed and durable sculpture.</li> <li>A sweet addition to your front or backyard garden, this statue will make your outdoor space feel instantly more inviting. Place near a pond, fountain, flower or vegetable patch to add a charming accent.</li> <li>To clean your figurine, dust lightly or wipe with a damp cloth as needed.</li> <li>What better image of innocent love than an angel's shy first kiss? A fitting tribute to&nbsp; sweet romance, beautifully sculpted in pure white faux stone with a red crystal heart adding a dash of dazzle.</li> </ul> | E136: 7.95 | F136: 7.95 | G136: 240 | H136: 849179005597
A137: 14696 | B137: Twin Fairies Oil Warmer | C137: 0.8 | D137: Choose your fragrance and let this pair of fairies add their sweetness to your warming oil. Each fairy holds a dove, bringing a sense of peace to the warmth of the candle between them. Weight 0.8 lb. 7" x 4" x 4" high. Resin and glass. Tealight candle and oil not included. UPC: 849179000219 | E137: 26.53 | F137: 39.95 | G137: 0 | H137: 849179000219
A138: 14698 | B138: Pink Dragon Head Box | C138: 1.4 | D138: <p>Add a touch of magic to your home with this mystical piece! Wonderful as desk, bookshelf, or table d&eacute;cor, this lightweight and durable statue is the perfect mystical accent to turn your home from everyday into extraordinary. Great as a gift for fantasy lovers!</p> <ul> <li>This mythical piece weighs 1.4 lbs. and measures 4 inches by 7.5 inches by 4 inches.</li> <li>Made of durable and detailed polyresin that captures each fantastical facet.</li> <li>Use for a variety of purposes including bookshelf or room d&eacute;cor, outdoor garden accents, D&amp;D accoutrement, or as a fantastic gift. This box can be anything you imagine!</li> <li>To clean your mystical d&eacute;cor dust lightly or wipe with a damp cloth as needed.</li> <li>Snoopers, sneaks and would-be spies won't dare to disturb your secret treasures! Ferocious dragon's head figurine is a clever stash spot for jewelry, coins, and other&nbsp;precious items.</li> </ul> | E138: 20.84 | F138: 39.95 | G138: 57 | H138: 849179002565
A139: 14704 | B139: Nantucket Bathroom Space Saver | C139: 30 | D139: Make elegant use of wasted space with this decorative bathroom storage cabinet! Instantly adds ample room above your commode for towels, toiletries and other essentials while enhancing your powder room decor. Weight 30 pounds. 23.6" x 9.25" x 62. MDF Wood, Melamine, Lacquer coating. UPC Number:849179003395. Some assembly. | E139: 0 | F139: 220.95 | G139: 0 | H139: 0
A140: 14705 | B140: Nantucket Tall Storage Cabinet | C140: 26 | D140: <p>You'll find a thousand uses for this fashionable organizer, from the bathroom to the living room and beyond! Sleek louvered styling and bright white finish let this handsome shelf brighten most any decor. Weight 26 lbs. <font color="#000000"><span style="color: #444444; font-family: proximanova-sbold; font-size: 13.3px;">13.5" x 8" x 65"</span>&nbsp;</font>high. MDF wood. Contents not included. Some Assembly Required UPC: 849179005603</p> | E140: 88.33 | F140: 213.95 | G140: 0 | H140: 0
A141: 14706S | B141: NANTUCKET BATHROOM WALL SHELF | C141: 12 | D141: Bright white louvered shelf contains clutter and adds style appeal to your powder room! Two roomy shelves hold plenty of collectibles or bath essentials, while a built-in bar holds a towel right at ready reach. Weight 12 lbs. 23¬æ" x 8" x 20" high. MDF wood. Contents not included. Some Assembly Required. UPC: 849179002589 | E141: 61.56 | F141: 129.95 | G141: 240 | H141: 849179002589
A142: 14707 | B142: Nantucket Storage Cabinet | C142: 18.9 | D142: <p>Who couldn't use more storage? This cabinet provides both organizational space as well as stylish home d&eacute;cor that looks good in any space and can be used for anything including toiletries, make-up, linens, as a medicine cabinet, or to display figurines or small trinkets. Create a more orderly and tasteful home with this stunning cabinet!</p> <ul> <li>The cabinet weighs 18.9 lbs. and measures 13.5 inches by 12 inches by 27.5 inches.</li> <li>Made of MDF wood and particle board to create durable and detailed storage.</li> <li>Useful for a variety of storage need, this cabinet can also make an appealing end table next to sofa, beside the bed as a handy nightstand, or an attractive catch-all for a home office or bath!</li> <li>To clean your cabinet dust lightly or wipe with damp cloth as needed.</li> <li>Big on storage yet surprisingly sleek, this shelf and cabinet combination tucks anywhere for instant organization. A winning style addition for any room in your home!</li> </ul> | E142: 81.81 | F142: 172.95 | G142: 240 | H142: 849179006587
A143: 14708 | B143: Workstation Desk | C143: 41.8 | D143: Whether you√Üre working or studying at home, check off your to-do list at this classic white workstation desk. Simplicity in style with all the space you need for the task at hand. Weight 41.8 lbs. 47?" x 23¬¢" x 29¬¢" high. MDF wood with lacquer. Contents not included. UPS Ground Only. Some Assembly Required. UPC: 849179011109 | E143: 0 | F143: 329.95 | G143: 0 | H143: 0
A144: 14709 | B144: Osaka Curio Shelf | C144: 11.5 | D144: A sleek, squared curio shelf becomes a functional work of art, thanks to gleaming chrome framework and five natural bamboo slat shelves. A striking showplace for your favorite items! Weight 11.5 lbs. Some assembly required. Bamboo and chrome plated metal. 13" x 10 1/2" x 50 1/2" high UPC: 849179011116 | E144: 0 | F144: 0.05 | G144: 0 | H144: 0
A145: 14710 | B145: Osaka Kitchen Cart | C145: 10 | D145: Attractive rolling cart complements any gourmet kitchen! The perfect fusion of fashion and function, with a sleek tower silhouette containing a solid bamboo top, utensil drawer, two baskets and a bamboo shelf. Weight 10 lbs. Bamboo and chrome plated metal. Some assembly required. 14 1/8" square x 30" high. UPC: 849179011123 | E145: 0 | F145: 158.95 | G145: 0 | H145: 0
A146: 14749 | B146: Tall Bermuda Ship Model | C146: 1 | D146: Sail away on dreams of adventure; let this magical ship be your guide! Stunning wood and canvas model is so amazingly lifelike, you√Üll practically hear the waves breaking over the bow. The perfect gift for any true sailor at heart! Weight 1 lb. Wood and cotton. Some assembly required. 16 1/2" x 3 1/2" x 24 1/4" high. UPC: 849179003128 | E146: 0 | F146: 72.95 | G146: 0 | H146: 0
A147: 14750 | B147: Mini Mayflower Ship Model | C147: 0.1 | D147: <p>Decorate your home indoor or out with this sophisticated statue! Use as a table centerpiece, shelf ornament, or to class up your living room, this piece will add an air of elegance to any space. An amazing housewarming gift, this model will fill any home with style and regality!</p> <ul> <li>This home decor weighs 0.1 lbs. and measures 7 inches by 1.75 inches by 6.25 inches.</li> <li>Made of cotton and paulownia wood to create a beautifully detailed sculpture.</li> <li>Class up your home with this exquisite piece! Place on your fireplace mantel, a shelf, or a tabletop surface to as a stylish and sophisticated display model.</li> <li>To clean your d&eacute;cor, dust lightly or wipe with a damp cloth as needed.</li> <li>Pay tribute to our nation's birth with this handsome historical figurine! The mighty Mayflower adds its classic image to complete your nautical or historical theme; marvelously crafted with attention to every detail.</li> </ul> | E147: 14.4 | F147: 22.95 | G147: 0 | H147: 849179002664
A148: 14751 | B148: Passat Ship Model | C148: 0.4 | D148: <p>Decorate your home indoor or out with this sophisticated statue! Use as a table centerpiece, shelf ornament, or to class up your living room, this piece will add an air of elegance to any space. An amazing housewarming gift, this model will fill any home with style and regality!</p> <ul> <li>This home decor weighs 0.4 lbs. and measures 13 inches by 2.75 inches by 12 inches.</li> <li>Made of paulownia wood, cotton.</li> <li>Class up your home with this exquisite piece! Place on your fireplace mantel, a shelf, or a tabletop surface to as a stylish and sophisticated display model.</li> <li>To clean your d&eacute;cor, dust lightly or wipe with a damp cloth as needed.</li> <li>Let your imagination set sail as this handsome tall ship proudly crests your mantel or table! Exquisitely detailed model is stunningly authentic, from its billowing sails to its gleaming brass rails.</li> </ul> | E148: 34.2 | F148: 67.95 | G148: 240 | H148: 849179002671
A149: 14769 | B149: Thirsty Dog Solar Fountain | C149: 22 | D149: Whimsical faux-bronze fountain depicts a parched pooch lapping up a refreshing cool drink of water. Solar power lets you place this adorable accent anywhere√πno plugs required! Weight 22 lbs. Solar panel, pump and electrical adapter included. Resin. 21 7/8" x 13 3/4" x 27 1/8" high. UPC: 849179011130. Due to size and weight, item ships UPS Ground only. | E149: 279 | F149: 511.95 | G149: 0 | H149: 849179011130
A150: 14773 | B150: Golden Buddha Temple Fountain | C150: 4.2 | D150: Buddha reclines within the shelter of his temple as cascading blessings flow from his glowing basket. Faux-stone tabletop fountain is the perfect centerpiece for your own shrine of serenity! Weight 4.2 lbs. Electric pump included. Resin. 7" x 6¬¢" x 12" high. UPC: 849179011154 | E150: 0 | F150: 96.95 | G150: 0 | H150: 0
A151: 14778 | B151: Little White Chapel Birdhouse | C151: 2 | D151: <p>Create a birdwatching sanctuary in your own backyard with this fun and unique birdhouse! This functional d&eacute;cor piece is snug and comfortable for most modest size nesting birds while providing endless entertainment for yourself and your family. Available in a variety of shapes, sizes, and styles, choose your favorite one-of-a-kind birdhouse!</p> <ul> <li>The birdhouse weighs 2.0 lbs. and measures 7.87x6.25x12.75 inches - perfect for a pair of nesting birds!</li> <li>Made from Eucalyptus wood to create a sturdy and decorative home for your feathered friends.</li> <li>This country chapel is a wonder of white woodwork and a heavenly haven for some blessed birdies. Three separate openings create a welcome for a whole flying congregation!</li> <li>To clean your garden birdhouse, remove out of season nesting materials through the hole in the back and wipe with a damp cloth as needed.</li> <li>When rested on an elevated surface outside, this birdhouse provide a quirky and cozy home for local birds as well as amusing and enjoyable home d&eacute;cor for yourself.</li> </ul> | E151: 28.8 | F151: 50.95 | G151: 106 | H151: 849179003760
A152: 14801 | B152: Sturdy Laptop Sleeve | C152: 0.6 | D152: Protect your precious portable computer with this sturdy carry sleeve! Ideal for everyday use, this attractive case holds up to a 15" laptop; zippered outer pocket keeps accessories right at hand. Rubber and polyester. Spot clean only. 16 1/2" x 3/4" x 12 1/4" high. UPC: 849179005788 | E152: 0 | F152: 25.95 | G152: 0 | H152: 0
A153: 14845 | B153: Grand Vista Wind Chimes | C153: 3.4 | D153: <p><a href="https://www.mywholesalegifts.com/content/windchime.wav">Download Sound File</a></p> <p>Make your home a symphony of the wind with these sculpturally stylish wind chimes! Serves as patio ambience, front porch d&eacute;cor, garden accompaniment, or a window orchestra. Just hang and allow your space to be filled with a gentle and graceful tune!</p> <ul> <li>The wind chimes weighs 3.4 lbs and measures <span>7" diameter x 57" high. The logest pole is aprox. 33" Each pole is 1" in diameter. These need a minimum 5 feet space to hang them in for the clapper to swing freely.&nbsp;</span></li> <li>Made of aluminum and pinewood to create durable and detailed garden d&eacute;cor</li> <li>Hang anywhere including a patio, garden, front porch, or kitchen window to fill your home with natural music and gorgeous sculptural design. This wind chime will enhance any space with ambient noise and beautiful art!</li> <li>To clean your wind instrument dust lightly or wipe with a damp cloth</li> <li>Long shining pipes produce the serene sound of church bells from even the merest breeze, filling the air with ever-changing song. Wind chimes are symbolic of serenity and tranquility and are also thought to bring luck to whoever listens to them.</li> </ul> | E153: 57.6 | F153: 108.95 | G153: 240 | H153: 849179000158
... A229: 29171 | B229: 15" Pizza Stone | C229: 4.96 | D229: For the pizza-loving household, a 15" diameter pizza stone for easy pizza cooking, slicing and serving! Comes complete with stainless steel rack and pizza wheel. Weight 4.96 pounds. 15" x 15" x 0.4". Stainless Steel, High Temperature Ceramic. UPC Number:849179011802. | E229: 0 | F229: 32.95 | G229: 0 | H229: 0
A230: 29312S | B230: STORYBOOK COTTAGE BIRDHOUSE | C230: 2.4 | D230: Clever beam-style trim, welcome sign, and thatched roof bless this birdhouse with fairy-tale charm! Weight 2.4 pounds. 9.75" x 9" x 12.5". Eucalyptus Plywood. UPC Number: 849179014575. | E230: 25.65 | F230: 47.95 | G230: 240 | H230: 849179014575
A231: 29634 | B231: Wooden Love Shack Bird House | C231: 1 | D231: The heart-shaped door gives it away: this is a little "Love Shack!" Amusing asymmetrical architecture is trimmed with forest treasures. Weight 1 pound. 8" x 6 3/8" x 8" high. Plywood, Eucalyptus Wood, Metal. UPC: 849179014544. | E231: 0 | F231: 22.95 | G231: 0 | H231: 0
A232: 30206 | B232: Rustic Gingerbread Style Bird House | C232: 2 | D232: Rustic wood bird house featuring multi level bird houses, thatched roofs and colorful trim. 10 1/2" x 5 1/2" x 12 1/2" high. UPC: 849179011826. | E232: 27 | F232: 44.95 | G232: 240 | H232: 849179011826
A233: 30208 | B233: Nautical Nest Lighthouse Bird House | C233: 1.2 | D233: Wooden light house bird house featuring a two-tiered walk and authentic nautical accents. Birds love this Pennsylvania Dutch-style haven! Weight 1.2 pounds. 7.25" x 5.25" x 12.2". Wood, Eucalyptus Wood, Metal. UPC: 849179014629. | E233: 17.1 | F233: 34.95 | G233: 240 | H233: 849179014629
A234: 30209 | B234: Gazebo Bird Feeder | C234: 1.4 | D234: <p>Create a birdwatching sanctuary in your own backyard with this fun and unique bird feeder! This functional d&eacute;cor piece is a great snack spot for most modest size birds while providing endless entertainment for yourself and your family. Available in a variety of shapes, sizes, and styles, choose your favorite one-of-a-kind bird feeder!</p> <ul> <li>The bird feeder weighs 1.32 lbs. and measures 8.12x8.12x10.5 inches.</li> <li>Made of eucalyptus wood, plastic, and plywood to create a safe place for birds to snack.</li> <li>Front or back yard, this birdhouse provide a delicious snack for local birds as well as amusing and enjoyable home d&eacute;cor for yourself.</li> <li>To clean your bird feeder, dust lightly or wipe with a damp cloth as needed.</li> <li>Gazebo birdfeeder is tastefully trimmed with gingerbread moldings and greenery. A lovely spot for birds to dine!</li> </ul> | E234: 23.4 | F234: 44.95 | G234: 240 | H234: 849179011833
A235: 31044 | B235: The End of the Trail Statue | C235: 3 | D235: <p>Decorate your home indoor or out with this sophisticated statue! Use as a table centerpiece, shelf ornament, or to class up your living room, this statue will add an air of elegance to any space. An amazing housewarming gift, this statue will fill any home with style and regality!</p> <ul> <li>This statue weighs 3.0 lbs. and measures 8.5 inches by 4.5 inches by 11 inches.</li> <li>Made of durable polyresin to create a beautifully detailed sculpture.</li> <li>Class up your home with this exquisite statue! Place on your fireplace mantel, a shelf, or a tabletop surface to as a stylish and sophisticated display piece.</li> <li>To clean your statue, dust lightly or wipe with a damp cloth as needed.</li> <li>An iconic statue that has become a widely recognized piece of Americana, this beautiful recreation of &ldquo;The End of the Trail&rdquo; spares no detail. Its lustrous bronze finish shows all the fine nuances and will enhance any decor.</li> </ul> | E235: 47.7 | F235: 75.95 | G235: 0 | H235: 849179000097
A236: 31132 | B236: Colonial Candle Lantern | C236: 1 | D236: Cutouts and glass windows gleam with reflected candlelight in this colonial-style metal candle lamp. Bright burnished finish and a wire hanging loop. Candle not included. Weight 1 pound. 5" x 5" x 9.5". Iron, Glass. UPC Number: 849179011840. | E236: 0 | F236: 19.95 | G236: 0 | H236: 0
A237: 31140 | B237: Desk Top Water Fountain | C237: 6 | D237: <p>Enhance your home with this beautiful water feature that will add an element of serenity and style to any space! From a patio accent to garden art to statement living room d&eacute;cor, this fountain is a stunning piece that provides abundant aquatic ambience.</p> <ul> <li>The fountain weighs 6.0 lbs. and measures 9.5 inches by 9.5 inches by 10 inches.</li> <li>Made of polyresin to create a stunning water feature for your home.</li> <li>Decorate your space with this tranquil fountain! Place in your garden, patio, living room, or bathroom as stylish home d&eacute;cor and auditory ambience that will put your guests at ease.</li> <li>To clean your fountain, dust lightly or wipe with damp cloth as needed.</li> <li>Four granite-finished tiers cycle sparkling water from bowl to bowl, creating an enthralling meditation piece. The calming water sounds and compelling design will turn your space into a place of Zen.</li> </ul> | E237: 46.8 | F237: 70.95 | G237: 240 | H237: 849179003838
A238: 31170 | B238: Metal Chicken Sculptures | C238: 3 | D238: <p>Decorate your home indoor or out with this sculpture! Use it to spruce up your garden, mark a pathway, accompany a vegetable patch, brighten up a patio, or even to adorn a sunny porch. An amazing housewarming gift, this statue will light up any home and garden space with cheer and whimsy!</p> <ul> <li>The garden decor weighs 3.0 lbs. and measures 11.25x3.75x14.5 inches.</li> <li>Made of metal.</li> <li>A sweet addition to your front or backyard garden, this sculpture will make your outdoor space feel instantly more inviting. Place near a pond, fountain, flower or vegetable patch to add a charming accent.</li> <li>To clean your figurine, dust lightly or wipe with a damp cloth as needed.</li> <li>Mother Hen and her young charges scratch up some lunch in this charming country garden sculpture.</li> </ul> | E238: 28.08 | F238: 60.95 | G238: 240 | H238: 849179011857
A239: 31245 | B239: Bass Lake Lodge Wood Bird House | C239: 1.6 | D239: Multi-level Bass Lake Lodge sports fishing-themed accents reminiscent of a lakeside retreat. Weight 1.6 pounds. 8" x 6" x 10.2". Eucalyptus Wood. UPC Number:849179013578. | E239: 21.6 | F239: 39.95 | G239: 240 | H239: 849179013578
A240: 31248 | B240: Noah's Ark Bird House | C240: 2 | D240: Noah's Ark wood bird house. Two by two the animals go, in this unique birdhouse overflowing with fanciful fun! 12 1/2" x 6 1/2" x 12 1/2" high. UPC: 849179014636. | E240: 25.2 | F240: 45.95 | G240: 240 | H240: 849179014636
A241: 31339 | B241: 4-Tier Metal Plant Stand | C241: 6.25 | D241: <p>Show off your green thumb with this gorgeous plant stand! Perfect for both indoors and outdoors, this stand will look good anywhere in your home from a statement porch piece, sunroom storage, garden enhancement or patio accent. Customize with the greenery of your choice and watch your home bloom!</p> <ul> <li>The plant stand weighs 6.25 lbs. and measures 9x6.5x24.75 inches.</li> <li>Made of durable metal that will beautifully and securely display your flora.</li> <li>This plant stand is perfect for holding your favorite potted plants or trinkets of any kind, both indoors and outdoors. Place in a sunroom, patio, deck, or porch to add stylish home d&eacute;cor and greenery to your space.</li> <li>To clean your plant d&eacute;cor, wipe with a damp cloth as needed.</li> <li>Form meets function in this versatile design! This unique screen has four graduated-height panels, each topped with a secure plant shelf; foldable to fit any area. Maximum weight: 80 lbs, 20 lbs per basket.</li> </ul> | E241: 39.02 | F241: 77.95 | G241: 240 | H241: 849179011864
A242: 31574 | B242: Moroccan Style Candle Lantern | C242: 0.6 | D242: <p>The detailed metalwork and Moroccan inspired designs create a gorgeous effect of flickering light that can either set the tone for outdoor events or cast an exquisite glow on your tabletop. Hinged metal panels make it easy to place the candle or LED light of your choice and is ideal for festive parties, weddings, outdoor lighting or as gifts. Available in a variety of other shapes and styles, find the Moroccan Style Lantern that best fits your home.</p> <ul> <li>The lantern measures 3.75 inches by 3.75 inches by 11.5 inches. Making it perfect for either hanging outside or as a table centerpiece.</li> <li>Made from durable iron with decorative cutouts to enhance the candle's flickering light.</li> <li>Either hanging or stationary, this Moroccan style candle lantern casts gorgeous light on any table spread and provides a warm glow on brisk nights. Its decorative cascading top and metal detailing lend an exotic flair to any home.</li> <li>Wipe with a dry/damp cloth or dust lightly to upkeep its splendid fa&ccedil;ade.</li> <li>This lantern is a beautiful housewarming gift or personal d&eacute;cor that lights up any space. Metal panel is easily opened to allow for new candles or LED lights to be placed inside and casts a flickering glow on summer and winter events alike.</li> </ul> | E242: 14.4 | F242: 22.95 | G242: 240 | H242: 849179000387
... A2033: 12011042 | B2033: Electric Can Opener | C2033: 0 | D2033: Safely open cans with this electric can opener. Press to open cans automatically and magnetic lid lifter will hold the cut lid in place. Opens most cans up to 28 ounces. Convenient cord storage at the back. 4.3" x 3.5" x 8.7". Plastic. UPC Number: 841437117646. | E2033: 25.42 | F2033: 48.95 | G2033: 0 | H2033: 0
A2034: D1044 | B2034: Manhattan Candle Lantern | C2034: 3 | D2034: <p>This rectangular candle lantern is an elegant and sophisticated design that is both stylish and functional. Either hung or placed on the table, it's easy to open clear glass panel makes setting up this lantern a breeze and it's sturdy iron and glass materials will weather many summer nights to come. Available in both black and white, this pretty and practical piece is a warm weather essential!</p> <ul> <li>The lantern weighs 3.1 lbs and measures 5.5" x <span>5" x 15" high; 20" high with hanging loop on top. </span>The perfect size for indoor decor or lighting an outdoor garden party.</li> <li>Made of sturdy and lightweight stainless with glass panels making it look both rustic and chic.</li> <li>This rectangular candle lantern is an elegant and sophisticated design that is both stylish and functional. Either hung or placed on the table, it's easy to open clear glass panel makes setting up this lantern a breeze and it's sturdy iron and glass materials will weather many summer nights to come. Available in both black and white, this pretty and practical piece is a warm weather essential!</li> <li>Wipe with a dry/damp cloth or dust lightly to keep it clean and bright.</li> <li>This Lantern is a beautiful housewarming gift or personal decor that lights up any space. Glass panel is easily opened to allow for new candles or LED lights to be placed inside and casts a flickering glow on summer and winter events alike.</li> </ul> | E2034: 36 | F2034: 65.95 | G2034: 240 | H2034: 849179004118
A2035: D1045 | B2035: Soho Candle Lantern | C2035: 3.2 | D2035: <p>Place a candle or LED of your choice inside the lantern to illuminate your space in a soft and serene glow. Use to create a centerpiece for parties or special events, display on a countertop or coffee table, or light up your outdoor space with flickering light. This lantern is the perfect way to enhance your home's d&eacute;cor!</p> <ul> <li>The lantern weighs 3.2 lbs. and measures 5.75 inches by 5.37 inches by 15 inches.</li> <li>This beautifully crafted lantern made of stainless steel and glass is both durable and stunning.</li> <li>Either hanging or stationary, this lantern will cast beautiful light wherever you display it! Removable glass and wood panel allows the easy replacement of your choice of candle or LED to light up the space and create a memorable home d&eacute;cor piece.</li> <li>To clean your lighting d&eacute;cor dust lightly or wipe with a damp cloth as needed.</li> <li>Uptown glamour abounds in this shining silver hurricane lantern. Add a colorful pillar candle inside to turn this dramatic accent into a decoration that glows with distinction!</li> </ul> | E2035: 36 | F2035: 65.95 | G2035: 149 | H2035: 849179004125
A2036: D1047 | B2036: Distressed Ivory Candle Lantern | C2036: 2.3 | D2036: <p>Place a candle or LED of your choice inside the lantern to illuminate your space in a soft and serene glow. Use to create a centerpiece for parties or special events, display on a countertop or coffee table, or light up your outdoor space with flickering light. This lantern is the perfect way to enhance your home's decor!</p> <ul> <li>The lantern weighs 2.3 lbs and measures 5.5 x 5.5 x 12.5" high.</li> <li>This beautifully crafted lantern made of glass and iron is both durable and stunning</li> <li>Either hanging or stationary, this lantern will cast beautiful light wherever you display it! Removable glass and wood panel allows the easy replacement of your choice of candle or LED to light up the space and create a memorable home d&eacute;cor piece.</li> <li>To clean your lighting decor dust lightly or wipe with damp cloth as needed.</li> <li>Clean, classic lines and a brushed weathered finish allow this lantern to fit into virtually any d&eacute;cor. Add your favorite candle for an accent that glows with style!</li> </ul> | E2036: 24.3 | F2036: 35.95 | G2036: 240 | H2036: 849179000295
A2037: D1058 | B2037: Amber Moroccan Candle Lantern | C2037: 0.8 | D2037: <p>The combination of intricate metal cutouts and ornate glass designs create a gorgeous effect of flickering sunset orange light that can either set the tone for outdoor events or cast an exquisite glow on your tabletop. Hinged glass panels make it easy to place the candle or LED light of your choice and is ideal for festive parties, weddings, outdoor lighting or as gifts. Available is a variety of colors including green, red, clear, mulberry, blue, yellow, purple or amber find the Moroccan Style Lantern that best fits your home.</p> <ul> <li>The Lantern weighs 0.8 lbs and measures 4.5" x 3.75" x 10.25" high making it perfect for either hanging outside or as a table centerpiece.</li> <li>Made from durable iron and glass with decorative cutouts to enhance the candle's flickering light</li> <li>Either hanging or stationary, this Moroccan style candle lantern casts gorgeous light on any table spread and provides a warm glow on brisk nights. Its decorative metal top and etched glass lend an exotic flair to any home.</li> <li>Wipe with a dry/damp cloth or dust lightly to upkeep its splendid facade.</li> <li>The combination of intricate metal cutouts and ornate glass designs create a gorgeous effect of flickering sunset orange light that can either set the tone for outdoor events or cast an exquisite glow on your tabletop. Hinged glass panels make it easy to place the candle or LED light of your choice and is ideal for festive parties, weddings, outdoor lighting or as gifts. Available is a variety of colors including green, red, clear, mulberry, blue, yellow, purple or amber find the Moroccan Style Lantern that best fits your home.</li> <li>Iron, Glass. Candle not included. UPC: 849179000868.</li> </ul> | E2037: 16.2 | F2037: 24.95 | G2037: 0 | H2037: 849179000868
A2038: D1060 | B2038: Enchanted Rainbow Candle Lantern | C2038: 0.7 | D2038: Tuck a candle inside this artistic lamp, and enjoy a dazzling spectrum of blazing colors! Ornate metalwork and a variety of stained glass panels combine for a truly theatrical effect. Weight 0.7 lb. 4.12" x 4.12" x 10.5. Iron, Glass. UPC: 849179000912. | E2038: 12.6 | F2038: 17.95 | G2038: 0 | H2038: 849179000912
...
